Workbook

Sheet Портфель
A1: Тикер | B1: Тип | C1: Название | D1: Валюта | E1: В портфелях | F1: Количество | G1: Цена | H1: Номинал | I1: НКД | J1: Погашение | K1: Сумма | L1: Доходность | M1: Средняя цена | N1: Доля | O1: Комментарии | P1: Имя | Q1: Курс к рублю | R1: Курс к RUR
A2: ROSN | B2: share | C2: Роснефть | D2: RUR | E2: 48S8D: 1041 шт. 403UHP4: 3389 шт. | F2: 4430 | G2: 361.25 | H2: 0 | I2: 0 | K2: ==F2*G2*Портфель!$R$13 | L2: -0.0719 | M2: 402.34 | N2: 13.04 | P2: AMD | Q2: 0.2415 | R2: ==Q2/$Q$13
A3: SIBN | B3: share | C3: Газпрнефть | D3: RUR | E3: 48S8D: 934 шт. 403UHP4: 1597 шт. | F3: 2531 | G3: 557.8 | H3: 0 | I3: 0 | K3: ==F3*G3*Портфель!$R$13 | L3: 0.0873 | M3: 550.3 | N3: 11.5 | P3: BYN | Q3: 27.9275 | R3: ==Q3/$Q$13
A4: SBER | B4: share | C4: Сбербанк | D4: RUR | E4: 48S8D: 2002 шт. 403UHP4: 2917 шт. | F4: 4919 | G4: 276.71 | H4: 0 | I4: 0 | K4: ==F4*G4*Портфель!$R$13 | L4: 0.0954 | M4: 290.22 | N4: 11.09 | P4: CAD | Q4: 59.609442 | R4: ==Q4/$Q$13
A5: PHOR | B5: share | C5: ФосАгро ао | D5: RUR | E5: 48S8D: 10 шт. 403UHP4: 197 шт. | F5: 207 | G5: 5064 | H5: 0 | I5: 0 | K5: ==F5*G5*Портфель!$R$13 | L5: -0.1033 | M5: 6354.01 | N5: 8.54 | P5: CHF | Q5: 101.7756 | R5: ==Q5/$Q$13
A6: MDMG | B6: share | C6: MDMG-ао | D6: RUR | E6: 48S8D: 220 шт. 403UHP4: 378 шт. | F6: 598 | G6: 1292.6 | H6: 0 | I6: 0 | K6: ==F6*G6*Портфель!$R$13 | L6: 0.2048 | M6: 1122.37 | N6: 6.3 | P6: CNY | Q6: 12.5355 | R6: ==Q6/$Q$13
A7: DOMRF | B7: share | C7: ДОМ.РФ | D7: RUR | E7: 48S8D: 11 шт. 403UHP4: 338 шт. | F7: 349 | G7: 2072.5 | H7: 0 | I7: 0 | K7: ==F7*G7*Портфель!$R$13 | L7: 0.2847 | M7: 1854.67 | N7: 5.89 | P7: EUR | Q7: 95.8709 | R7: ==Q7/$Q$13
A8: PLZL | B8: share | C8: Полюс | D8: RUR | E8: 48S8D: 327 шт. 403UHP4: 129 шт. S20ZXY9: 244 шт. | F8: 700 | G8: 1009.4 | H8: 0 | I8: 0 | K8: ==F8*G8*Портфель!$R$13 | L8: -0.3582 | M8: 1789.02 | N8: 5.76 | P8: GBP | Q8: 111.4993 | R8: ==Q8/$Q$13
A9: TATNP | B9: share | C9: Татнфт 3ап | D9: RUR | E9: 48S8D: 653 шт. 403UHP4: 464 шт. | F9: 1117 | G9: 602.9 | H9: 0 | I9: 0 | K9: ==F9*G9*Портфель!$R$13 | L9: 0.0582 | M9: 600.7 | N9: 5.49 | P9: GLD | Q9: 11560 | R9: ==Q9/$Q$13
A10: BELU | B10: share | C10: НоваБев ао | D10: RUR | E10: 48S8D: 1627 шт. 403UHP4: 937 шт. | F10: 2564 | G10: 249.2 | H10: 0 | I10: 0 | K10: ==F10*G10*Портфель!$R$13 | L10: -0.3534 | M10: 389.15 | N10: 5.2 | O10: Белуга | P10: HKD | Q10: 10.751 | R10: ==Q10/$Q$13
A11: MRKP | B11: share | C11: РСетиЦП ао | D11: RUR | E11: 48S8D: 450000 шт. 403UHP4: 600000 шт. | F11: 1050000 | G11: 0.521 | H11: 0 | I11: 0 | K11: ==F11*G11*Портфель!$R$13 | L11: 0.3364 | M11: 0.43 | N11: 4.46 | P11: JPY | Q11: 0.44 | R11: ==Q11/$Q$13
A12: RTKMP | B12: share | C12: Ростел -ап | D12: RUR | E12: 48S8D: 8340 шт. 403UHP4: 3620 шт. | F12: 11960 | G12: 40.4 | H12: 0 | I12: 0 | K12: ==F12*G12*Портфель!$R$13 | L12: -0.1613 | M12: 53.09 | N12: 3.94 | P12: KZT | Q12: 0.1927 | R12: ==Q12/$Q$13
A13: TRNFP | B13: share | C13: Транснф ап | D13: RUR | E13: 48S8D: 67 шт. 403UHP4: 174 шт. S20ZXY9: 166 шт. | F13: 407 | G13: 1023.8 | H13: 0 | I13: 0 | K13: ==F13*G13*Портфель!$R$13 | L13: -0.0153 | M13: 1270.82 | N13: 3.39 | P13: RUR | Q13: 1 | R13: ==Q13/$Q$13
A14: NMTP | B14: share | C14: НМТП ао | D14: RUR | E14: 48S8D: 34500 шт. 403UHP4: 19000 шт. | F14: 53500 | G14: 6.655 | H14: 0 | I14: 0 | K14: ==F14*G14*Портфель!$R$13 | L14: -0.033 | M14: 8.71 | N14: 2.9 | P14: SLV | Q14: 171.25 | R14: ==Q14/$Q$13
A15: X5 | B15: share | C15: КЦ ИКС 5 | D15: RUR | E15: 48S8D: 116 шт. 403UHP4: 73 шт. | F15: 189 | G15: 1820.5 | H15: 0 | I15: 0 | K15: ==F15*G15*Портфель!$R$13 | L15: -0.2039 | M15: 2371.78 | N15: 2.8 | P15: TRY | Q15: 1.75 | R15: ==Q15/$Q$13
A16: ZAYM | B16: share | C16: Займер ао | D16: RUR | E16: 48S8D: 2450 шт. | F16: 2450 | G16: 128.5 | H16: 0 | I16: 0 | K16: ==F16*G16*Портфель!$R$13 | L16: -0.0358 | M16: 133.27 | N16: 2.56 | P16: UAH | Q16: 2.11125 | R16: ==Q16/$Q$13
A17: MOEX | B17: share | C17: МосБиржа | D17: RUR | E17: 48S8D: 840 шт. 403UHP4: 430 шт. | F17: 1270 | G17: 148.71 | H17: 0 | I17: 0 | K17: ==F17*G17*Портфель!$R$13 | L17: 0.0486 | M17: 178.09 | N17: 1.54 | P17: USD | Q17: 84.3414 | R17: ==Q17/$Q$13
A18: MTSS | B18: share | C18: МТС-ао | D18: RUR | E18: 48S8D: 810 шт. 403UHP4: 240 шт. | F18: 1050 | G18: 176.1 | H18: 0 | I18: 0 | K18: ==F18*G18*Портфель!$R$13 | L18: 0.041 | M18: 266.93 | N18: 1.51
A19: GAZP | B19: share | C19: ГАЗПРОМ ао | D19: RUR | E19: 48S8D: 1440 шт. 403UHP4: 310 шт. | F19: 1750 | G19: 99.54 | H19: 0 | I19: 0 | K19: ==F19*G19*Портфель!$R$13 | L19: 0 | M19: 194.01 | N19: 1.42
A20: CHMF | B20: share | C20: СевСт-ао | D20: RUR | E20: 48S8D: 178 шт. 403UHP4: 20 шт. S20ZXY9: 46 шт. | F20: 244 | G20: 643 | H20: 0 | I20: 0 | K20: ==F20*G20*Портфель!$R$13 | L20: 0 | M20: 1116.43 | N20: 1.28
A21: NLMK | B21: share | C21: НЛМК ао | D21: RUR | E21: 48S8D: 1670 шт. 403UHP4: 170 шт. S20ZXY9: 410 шт. | F21: 2250 | G21: 69.54 | H21: 0 | I21: 0 | K21: ==F21*G21*Портфель!$R$13 | L21: -0.2056 | M21: 142.16 | N21: 1.27
A22: VTBR | B22: share | C22: ВТБ ао | D22: RUR | E22: 48S8D: 120 шт. 403UHP4: 180 шт. | F22: 300 | G22: 51.285 | H22: 0 | I22: 0 | K22: ==F22*G22*Портфель!$R$13 | L22: -0.117 | M22: 79.51 | N22: 0.13
I23: Сумма по акциям: | K23: ==SUM(K2:K22) | N23: ==K23/K26
A24: RUR | B24: Валюта | C24: Рубль | D24: RUR | F24: 745.02 | G24: 1 | H24: 0 | I24: 0 | K24: ==F24*G24
I25: Сумма по валютам: | K25: ==SUM(K24:K24) | N25: ==K25/K26
I26: Сумма: | K26: ==K23+K25

Sheet XIRR
A1: Дата | B1: Сумма | C1: Без other | D1: Примечание | E1: . | F1: .. | G1: d | H1: s | I1: ds
A2: 43326 | B2: 100000 | C2: 100000 | D2: Зачисление денежных средств | G2: 0 | H2: ==B2 | I2: 0
A3: 43363 | B3: 1000 | C3: 1000 | D3: Зачисление денежных средств | G3: ==A3-A2 | H3: ==B3+H2 | I3: ==G3*H2
A4: 43384 | B4: 50000 | C4: 50000 | D4: Зачисление денежных средств | G4: ==A4-A3 | H4: ==B4+H3 | I4: ==G4*H3
A5: 43438 | B5: -772.8 | C5: -772.8 | D5: Дивиденд по CHMF - СевСт-ао 20шт. по 44.39 RUR - налог 115 RUR (данные из БД) | G5: ==A5-A4 | H5: ==B5+H4 | I5: ==G5*H4
A6: 43439 | B6: 50000 | C6: 50000 | D6: Зачисление денежных средств | G6: ==A6-A5 | H6: ==B6+H5 | I6: ==G6*H5
A7: 43446 | B7: 29000 | C7: 29000 | D7: Зачисление денежных средств | G7: ==A7-A6 | H7: ==B7+H6 | I7: ==G7*H6
A8: 43448 | B8: 772.8 | C8: 772.8 | D8: Зачисление дивидендов по бумаге СевСт-ао 20 шт. (данные из сделок) | G8: ==A8-A7 | H8: ==B8+H7 | I8: ==G8*H7
A9: 43455 | B9: -358.14 | C9: -358.14 | D9: Дивиденд по MGNT - Магнит ао 3шт. по 137.38 RUR - налог 54 RUR (данные из БД) | G9: ==A9-A8 | H9: ==B9+H8 | I9: ==G9*H8
A10: 43455 | B10: -1090.75 | C10: -1090.75 | D10: Купон по RU000A0JXU71 - ВЭБ ПБО1Р9 25шт. по 43.63 RUR - налог 0 RUR (данные из БД) | G10: ==A10-A9 | H10: ==B10+H9 | I10: ==G10*H9
A11: 43458 | B11: 1090.75 | C11: 1090.75 | D11: Зачисление купона №3 по бумаге ВЭБ ПБО1Р9 (данные из сделок) | G11: ==A11-A10 | H11: ==B11+H10 | I11: ==G11*H10
A12: 43462 | B12: 20000 | C12: 20000 | D12: Зачисление денежных средств | G12: ==A12-A11 | H12: ==B12+H11 | I12: ==G12*H11
A13: 43474 | B13: -387.2 | C13: -387.2 | D13: Дивиденд по TATNP - Татнфт 3ап 20шт. по 22.26 RUR - налог 58 RUR (данные из БД) | G13: ==A13-A12 | H13: ==B13+H12 | I13: ==G13*H12
A14: 43474 | B14: -263 | C14: -263 | D14: Дивиденд по NLMK - НЛМК ао 50шт. по 6.04 RUR - налог 39 RUR (данные из БД) | G14: ==A14-A13 | H14: ==B14+H13 | I14: ==G14*H13
... A450: 46293 | B450: -12276071 | C450: -12276071 | D450: Баланс сейчас | G450: ==A450-A449 | H450: ==B450+H449 | I450: ==G450*H449
B451: ==XIRR(B2:B450,A2:A450) | C451: ==XIRR(C2:C450,A2:A450) | D451: XIRR | H451: Сред.взвеш.сумм. | I451: ==SUM(I2:I450)/365
B452: ==-SUM(B2:B450) | C452: ==-SUM(C2:C450) | D452: Полный доход, RUR | H452: Сред.год.дох. | I452: ==B452/I451

Sheet Доходность откр.
B1: ROSN | E1: SIBN | H1: SBER | K1: PHOR | N1: MDMG | Q1: DOMRF | T1: PLZL | W1: TATNP | Z1: BELU | AC1: MRKP | AF1: RTKMP | AI1: TRNFP | AL1: NMTP | AO1: X5 | AR1: ZAYM | AU1: MOEX | AX1: MTSS | BA1: GAZP | BD1: CHMF | BG1: NLMK | BJ1: VTBR
A2: 43327 | B2: 8595.51 | C2: buy | D2: 45352 | E2: 53953.37 | F2: buy | G2: 43327 | H2: 28741.62 | I2: buy | J2: 45082 | K2: 95342.73 | L2: buy | M2: 45681 | N2: 197622.2 | O2: buy | P2: 45982 | Q2: 447276.69 | R2: buy | S2: 45281 | T2: 94496.84 | U2: buy | V2: 43439 | W2: 11164.43 | X2: buy | Y2: 45352 | Z2: 45312.74 | AA2: buy | AB2: 45026 | AC2: 51127.97 | AD2: buy | AE2: 43649 | AF2: 19033.69 | AG2: buy (Ввод бумаги) | AH2: 45750 | AI2: 150239.3 | AJ2: buy | AK2: 44459 | AL2: 89708.14 | AM2: buy | AN2: 43641 | AO2: 21566.5 | AP2: buy | AQ2: 46233 | AR2: 297002.08 | AS2: buy | AT2: 43733 | AU2: 16077.17 | AV2: buy (Ввод бумаги) | AW2: 43606 | AX2: 38240.42 | AY2: buy (Ввод бумаги) | AZ2: 43327 | BA2: 18377.56 | BB2: buy | BC2: 43384 | BD2: 21416.03 | BE2: buy | BF2: 43439 | BG2: 4733.6 | BH2: buy (Ввод бумаги) | BI2: 43902 | BJ2: 997.87 | BK2: buy (Ввод бумаги)
A3: 43376 | B3: -10099.67 | C3: sell | D3: 45370 | E3: 219075.27 | F3: buy | G3: 43481 | H3: -30147.2 | I3: sell | J3: 45118 | K3: -2986 | L3: Дивиденд по PHOR - ФосАгро ао 13шт. по 264 RUR - налог 446 RUR (данные из БД) | M3: 45750 | N3: 137611.38 | O3: buy | P3: 46147 | Q3: 175558.62 | R3: buy | S3: 45286 | T3: 10609.04 | U3: buy | V3: 43474 | W3: -387.2 | X3: Дивиденд по TATNP - Татнфт 3ап 20шт. по 22.26 RUR - налог 58 RUR (данные из БД) | Y3: 45363 | Z3: 64784.24 | AA3: buy | AB3: 45100 | AC3: -390.8 | AD3: Дивиденд по MRKP - РСетиЦП ао 220000шт. по 0 RUR - налог 58 RUR (данные из БД) | AE3: 43649 | AF3: 19033.69 | AG3: buy | AH3: 45806 | AI3: 98494.57 | AJ3: buy | AK3: 44754 | AL3: -5262 | AM3: Дивиденд по NMTP - НМТП ао 11200шт. по 0.54 RUR - налог 786 RUR (данные из БД) | AN3: 43969 | AO3: 2203.03 | AP3: buy | AQ3: 46238 | AR3: 29506.03 | AS3: buy | AT3: 43733 | AU3: 2837.15 | AV3: buy (Ввод бумаги) | AW3: 43606 | AX3: 38240.42 | AY3: buy | AZ3: 43367 | BA3: -20545.16 | BB3: sell | BC3: 43438 | BD3: -772.8 | BE3: Дивиденд по CHMF - СевСт-ао 20шт. по 44.39 RUR - налог 115 RUR (данные из БД) | BF3: 43439 | BG3: 3155.73 | BH3: buy (Ввод бумаги) | BI3: 43902 | BJ3: 18968.24 | BK3: buy (Ввод бумаги)
A4: 44445 | B4: 38170.8 | C4: buy | D4: 45443 | E4: 14169.55 | F4: buy | G4: 45750 | H4: 219346.87 | I4: buy | J4: 45163 | K4: 98108.22 | L4: buy | M4: 45796 | N4: -3847 | O4: Дивиденд по MDMG - MDMG-ао 201шт. по 22 RUR - налог 575 RUR (данные из БД) | P4: 46223 | Q4: -72597.44 | R4: Дивиденд по DOMRF - ДОМ.РФ 338шт. по 246.88 RUR - налог 10848 RUR (данные из БД) | S4: 45370 | T4: 161433.87 | U4: buy | V4: 43651 | W4: -563.6 | X4: Дивиденд по TATNP - Татнфт 3ап 20шт. по 32.38 RUR - налог 84 RUR (данные из БД) | Y4: 45370 | Z4: 165223.32 | AA4: buy | AB4: 45406 | AC4: 46917.19 | AD4: buy | AE4: 43649 | AF4: -19033.69 | AG4: Вывод бумаги | AH4: 45855 | AI4: -13281.25 | AJ4: Дивиденд по TRNFP - Транснф ап 77шт. по 198.25 RUR - налог 1984 RUR (данные из БД) | AK4: 45119 | AL4: -7775.6 | AM4: Дивиденд по NMTP - НМТП ао 11200шт. по 0.8 RUR - налог 1162 RUR (данные из БД) | AN4: 43980 | AO4: -1057.17 | AP4: Дивиденд по X5 - КЦ ИКС 5 11шт. по 110.47 RUR - налог 158 RUR (данные из БД) | AQ4: 46598 | AR4: ==-Портфель!K16 | AS4: Стоимость сейчас | AT4: 43733 | AU4: 18914.32 | AV4: buy | AW4: 43606 | AX4: -38240.42 | AY4: Вывод бумаги | AZ4: 43524 | BA4: 31536.94 | BB4: buy | BC4: 43592 | BD4: -558.6 | BE4: Дивиденд по CHMF - СевСт-ао 20шт. по 32.08 RUR - налог 83 RUR (данные из БД) | BF4: 43439 | BG4: 7889.33 | BH4: buy | BI4: 43902 | BJ4: 19966.11 | BK4: buy
A5: 44480 | B5: -1082.07 | C5: Дивиденд по ROSN - Роснефть 69шт. по 18.03 RUR - налог 162 RUR (данные из БД) | D5: 45481 | E5: -5069.51 | F5: Дивиденд по SIBN - Газпрнефть 299шт. по 19.49 RUR - налог 758 RUR (данные из БД) | G5: 45817 | H5: 146156.32 | I5: buy | J5: 45285 | K5: -6582 | L5: Дивиденд по PHOR - ФосАгро ао 26шт. по 291 RUR - налог 984 RUR (данные из БД) | M5: 45796 | N5: -2641 | O5: Дивиденд по MDMG - MDMG-ао 138шт. по 22 RUR - налог 395 RUR (данные из БД) | P5: 46238 | Q5: 24445.28 | R5: buy | S5: 45639 | T5: -27181 | U5: Дивиденд по PLZL - Полюс 24шт. по 1301.75 RUR - налог 4061 RUR (данные из БД) | V5: 43735 | W5: -698.2 | X5: Дивиденд по TATNP - Татнфт 3ап 20шт. по 40.11 RUR - налог 104 RUR (данные из БД) | Y5: 45425 | Z5: -7634 | AA5: Дивиденд по BELU - НоваБев ао 39шт. по 225 RUR - налог 1141 RUR (данные из БД) | AB5: 45471 | AC5: -4391.9 | AD5: Дивиденд по MRKP - РСетиЦП ао 130000шт. по 0.04 RUR - налог 656 RUR (данные из БД) | AE5: 43833 | AF5: 5689.54 | AG5: buy (Ввод бумаги) | AH5: 45855 | AI5: -20697 | AJ5: Дивиденд по TRNFP - Транснф ап 120шт. по 198.25 RUR - налог 3093 RUR (данные из БД) | AK5: 45370 | AL5: 88339.39 | AM5: buy | AN5: 44000 | AO5: 4522.13 | AP5: buy | AR5: ==XIRR(AR2:AR4,AQ2:AQ4) | AT5: 43733 | AU5: -18914.32 | AV5: Вывод бумаги | AW5: 43655 | AX5: -2607 | AY5: Дивиденд по MTSS - МТС-ао 150шт. по 19.98 RUR - налог 390 RUR (данные из БД) | AZ5: 43600 | BA5: -39098.69 | BB5: sell | BC5: 43634 | BD5: -616.6 | BE5: Дивиденд по CHMF - СевСт-ао 20шт. по 35.43 RUR - налог 92 RUR (данные из БД) | BF5: 43439 | BG5: -7889.33 | BH5: Вывод бумаги | BI5: 43902 | BJ5: -19966.11 | BK5: Вывод бумаги
A6: 44613 | B6: 25048.1 | C6: buy | D6: 45481 | E6: -1135.83 | F6: Дивиденд по SIBN - Газпрнефть 67шт. по 19.49 RUR - налог 170 RUR (данные из БД) | G6: 45817 | H6: 282747.78 | I6: buy | J6: 45370 | K6: 159743.64 | L6: buy | M6: 45817 | N6: 2919.82 | O6: buy | P6: 46347 | Q6: ==-Портфель!K7 | R6: Стоимость сейчас | S6: 45750 | T6: 141569.49 | U6: buy | V6: 43829 | W6: -424.2 | X6: Дивиденд по TATNP - Татнфт 3ап 20шт. по 24.36 RUR - налог 63 RUR (данные из БД) | Y6: 45425 | Z6: -1566 | AA6: Дивиденд по BELU - НоваБев ао 8шт. по 225 RUR - налог 234 RUR (данные из БД) | AB6: 45471 | AC6: -7431.6 | AD6: Дивиденд по MRKP - РСетиЦП ао 220000шт. по 0.04 RUR - налог 1111 RUR (данные из БД) | AE6: 43833 | AF6: 5689.54 | AG6: buy | AH6: 45968 | AI6: 26581.9 | AJ6: buy | AK6: 45443 | AL6: 9780 | AM6: buy | AN6: 44144 | AO6: -37069.79 | AP6: sell | AR6: ==-SUM(AR2:AR4) | AS6: Полный доход | AT6: 43966 | AU6: -1380 | AV6: Дивиденд по MOEX - МосБиржа 200шт. по 7.93 RUR - налог 206 RUR (данные из БД) | AW6: 43733 | AX6: 2675.75 | AY6: buy (Ввод бумаги) | AZ6: 43663 | BA6: 20119.43 | BB6: buy (Ввод бумаги) | BC6: 43725 | BD6: -465.4 | BE6: Дивиденд по CHMF - СевСт-ао 20шт. по 26.72 RUR - налог 69 RUR (данные из БД) | BF6: 43474 | BG6: -263 | BH6: Дивиденд по NLMK - НЛМК ао 50шт. по 6.04 RUR - налог 39 RUR (данные из БД) | BI6: 43969 | BJ6: 11188.55 | BK6: buy (Ввод бумаги)
A7: 44753 | B7: -2631.64 | C7: Дивиденд по ROSN - Роснефть 128шт. по 23.63 RUR - налог 393 RUR (данные из БД) | D7: 45579 | E7: -13516.04 | F7: Дивиденд по SIBN - Газпрнефть 299шт. по 51.96 RUR - налог 2020 RUR (данные из БД) | G7: 45856 | H7: -27600.4 | I7: Дивиденд по SBER - Сбербанк 910шт. по 34.84 RUR - налог 4104 RUR (данные из БД) | J7: 45443 | K7: 17957 | L7: buy | M7: 45950 | N7: -7345 | O7: Дивиденд по MDMG - MDMG-ао 201шт. по 42 RUR - налог 1097 RUR (данные из БД) | Q7: ==XIRR(Q2:Q6,P2:P6) | S7: 45772 | T7: -15242 | U7: Дивиденд по PLZL - Полюс 240шт. по 73 RUR - налог 2278 RUR (данные из БД) | V7: 43833 | W7: 14069.18 | X7: buy | Y7: 45443 | Z7: 22488 | AA7: buy | AB7: 45750 | AC7: 44514.92 | AD7: buy | AE7: 43833 | AF7: -5689.54 | AG7: Вывод бумаги | AH7: 46147 | AI7: 63896.26 | AJ7: buy | AK7: 45483 | AL7: -13164.2 | AM7: Дивиденд по NMTP - НМТП ао 19600шт. по 0.77 RUR - налог 1967 RUR (данные из БД) | AN7: 45750 | AO7: 66603.27 | AP7: buy | AT7: 43969 | AU7: 3417.26 | AV7: buy (Ввод бумаги) | AW7: 43733 | AX7: 10703 | AY7: buy (Ввод бумаги) | AZ7: 43663 | BA7: 20119.43 | BB7: buy | BC7: 43752 | BD7: -17808.75 | BE7: sell | BF7: 43591 | BG7: -252 | BH7: Дивиденд по NLMK - НЛМК ао 50шт. по 5.8 RUR - налог 38 RUR (данные из БД) | BI7: 43969 | BJ7: 11188.55 | BK7: buy
A8: 44938 | B8: -2270.92 | C8: Дивиденд по ROSN - Роснефть 128шт. по 20.39 RUR - налог 339 RUR (данные из БД) | D8: 45579 | E8: -3028.32 | F8: Дивиденд по SIBN - Газпрнефть 67шт. по 51.96 RUR - налог 453 RUR (данные из БД) | G8: 45856 | H8: -36397 | I8: Дивиденд по SBER - Сбербанк 1200шт. по 34.84 RUR - налог 5411 RUR (данные из БД) | J8: 45446 | K8: 132158 | L8: buy | M8: 45950 | N8: -5152 | O8: Дивиденд по MDMG - MDMG-ао 141шт. по 42 RUR - налог 770 RUR (данные из БД) | Q8: ==-SUM(Q2:Q6) | R8: Полный доход | S8: 45772 | T8: -5144 | U8: Дивиденд по PLZL - Полюс 81шт. по 73 RUR - налог 769 RUR (данные из БД) | V8: 43902 | W8: 40533.99 | X8: buy | Y8: 45576 | Z8: -3741 | AA8: Дивиденд по BELU - НоваБев ао 344шт. по 12.5 RUR - налог 559 RUR (данные из БД) | AB8: 45839 | AC8: -5678.95 | AD8: Дивиденд по MRKP - РСетиЦП ао 130000шт. по 0.05 RUR - налог 849 RUR (данные из БД) | AE8: 43902 | AF8: 614.89 | AG8: buy (Ввод бумаги) | AH8: 46147 | AI8: 105480.51 | AJ8: buy | AK8: 45750 | AL8: 61320.83 | AM8: buy | AN8: 45847 | AO8: -11275 | AP8: Дивиденд по X5 - КЦ ИКС 5 20шт. по 648 RUR - налог 1685 RUR (данные из БД) | AT8: 43969 | AU8: 3417.26 | AV8: buy | AW8: 43733 | AX8: 13378.75 | AY8: buy | AZ8: 43663 | BA8: -20119.43 | BB8: Вывод бумаги | BC8: 43754 | BD8: 8835.24 | BE8: buy (Ввод бумаги) | BF8: 43635 | BG8: -319 | BH8: Дивиденд по NLMK - НЛМК ао 50шт. по 7.34 RUR - налог 48 RUR (данные из БД) | BI8: 43969 | BJ8: -11188.55 | BK8: Вывод бумаги
A9: 45118 | B9: -2001.16 | C9: Дивиденд по ROSN - Роснефть 128шт. по 17.97 RUR - налог 299 RUR (данные из БД) | D9: 45684 | E9: 2414.05 | F9: buy | G9: 45968 | H9: 44602.11 | I9: buy | J9: 45484 | K9: -39 | L9: Дивиденд по PHOR - ФосАгро ао 3шт. по 15 RUR - налог 6 RUR (данные из БД) | M9: 45968 | N9: 59614.39 | O9: buy | S9: 45817 | T9: 3393.81 | U9: buy | V9: 43969 | W9: 9317.86 | X9: buy | Y9: 45576 | Z9: -696 | AA9: Дивиденд по BELU - НоваБев ао 64шт. по 12.5 RUR - налог 104 RUR (данные из БД) | AB9: 45839 | AC9: -14853.1 | AD9: Дивиденд по MRKP - РСетиЦП ао 340000шт. по 0.05 RUR - налог 2220 RUR (данные из БД) | AE9: 43902 | AF9: 614.89 | AG9: buy (Ввод бумаги) | AH9: 46223 | AI9: -30907.58 | AJ9: Дивиденд по TRNFP - Транснф ап 174шт. по 204.17 RUR - налог 4618 RUR (данные из БД) | AK9: 45852 | AL9: -16324.08 | AM9: Дивиденд по NMTP - НМТП ао 19600шт. по 0.96 RUR - налог 2439 RUR (данные из БД) | AN9: 45968 | AO9: 31816.61 | AP9: buy | AT9: 43969 | AU9: -3417.26 | AV9: Вывод бумаги | AW9: 43733 | AX9: -13378.75 | AY9: Вывод бумаги | AZ9: 43833 | BA9: 7808.18 | BB9: buy (Ввод бумаги) | BC9: 43754 | BD9: 8833.24 | BE9: buy (Ввод бумаги) | BF9: 43641 | BG9: 20451.06 | BH9: buy (Ввод бумаги) | BI9: 44000 | BJ9: 4679.34 | BK9: buy (Ввод бумаги)
A10: 45302 | B10: -3426.56 | C10: Дивиденд по ROSN - Роснефть 128шт. по 30.77 RUR - налог 512 RUR (данные из БД) | D10: 45687 | E10: 96975.75 | F10: buy | G10: 46147 | H10: 51248.77 | I10: buy | J10: 45484 | K10: -953 | L10: Дивиденд по PHOR - ФосАгро ао 73шт. по 15 RUR - налог 142 RUR (данные из БД) | M10: 45995 | N10: 34551.88 | O10: buy | S10: 45943 | T10: -14916.7 | U10: Дивиденд по PLZL - Полюс 242шт. по 70.85 RUR - налог 2229 RUR (данные из БД) | V10: 44000 | W10: 9286.74 | X10: buy | Y10: 45750 | Z10: 84189.7 | AA10: buy | AB10: 45968 | AC10: 40581.48 | AD10: buy | AE10: 43902 | AF10: 17217.09 | AG10: buy (Ввод бумаги) | AH10: 46223 | AI10: -29486.22 | AJ10: Дивиденд по TRNFP - Транснф ап 166шт. по 204.17 RUR - налог 4406 RUR (данные из БД) | AK10: 45852 | AL10: -5497.18 | AM10: Дивиденд по NMTP - НМТП ао 6600шт. по 0.96 RUR - налог 821 RUR (данные из БД) | AN10: 45982 | AO10: 5442.89 | AP10: buy | AT10: 44000 | AU10: 3476.41 | AV10: buy (Ввод бумаги) | AW10: 43752 | AX10: -1510 | AY10: Дивиденд по MTSS - МТС-ао 200шт. по 8.68 RUR - налог 226 RUR (данные из БД) | AZ10: 43833 | BA10: 7808.18 | BB10: buy | BC10: 43754 | BD10: 17668.48 | BE10: buy | BF10: 43641 | BG10: 20451.06 | BH10: buy | BI10: 44000 | BJ10: 4679.34 | BK10: buy
A11: 45370 | B11: 92423.29 | C11: buy | D11: 45750 | E11: 155683.03 | F11: buy | G11: 46163 | H11: 197804.83 | I11: buy | J11: 45484 | K11: -767 | L11: Дивиденд по PHOR - ФосАгро ао 3шт. по 294 RUR - налог 115 RUR (данные из БД) | M11: 46147 | N11: 164940.07 | O11: buy | S11: 45943 | T11: -4992.85 | U11: Дивиденд по PLZL - Полюс 81шт. по 70.85 RUR - налог 746 RUR (данные из БД) | V11: 44012 | W11: -138 | X11: Дивиденд по TATNP - Татнфт 3ап 159шт. по 1 RUR - налог 21 RUR (данные из БД) | Y11: 45817 | Z11: -7482 | AA11: Дивиденд по BELU - НоваБев ао 344шт. по 25 RUR - налог 1118 RUR (данные из БД) | AB11: 46147 | AC11: 104942.16 | AD11: buy | AE11: 43902 | AF11: 18446.87 | AG11: buy | AH11: 46238 | AI11: 72532.42 | AJ11: buy | AK11: 45968 | AL11: 28943.03 | AM11: buy | AN11: 46028 | AO11: -10885 | AP11: Дивиденд по X5 - КЦ ИКС 5 34шт. по 368 RUR - налог 1627 RUR (данные из БД) | AT11: 44000 | AU11: 3476.41 | AV11: buy | AW11: 43840 | AX11: -2305 | AY11: Дивиденд по MTSS - МТС-ао 200шт. по 13.25 RUR - налог 345 RUR (данные из БД) | AZ11: 43833 | BA11: -7808.18 | BB11: Вывод бумаги | BC11: 43754 | BD11: -17668.48 | BE11: Вывод бумаги | BF11: 43641 | BG11: -20451.06 | BH11: Вывод бумаги | BI11: 44000 | BJ11: -4679.34 | BK11: Вывод бумаги
A12: 45443 | B12: 8983.2 | C12: buy | D12: 45817 | E12: 160763.14 | F12: buy | G12: 46223 | H12: -29799.4 | I12: Дивиденд по SBER - Сбербанк 910шт. по 37.64 RUR - налог 4453 RUR (данные из БД) | J12: 45484 | K12: -18672 | L12: Дивиденд по PHOR - ФосАгро ао 73шт. по 294 RUR - налог 2790 RUR (данные из БД) | M12: 46195 | N12: 48591.08 | O12: buy | S12: 45968 | T12: 192277.45 | U12: buy | V12: 44116 | W12: -1375.46 | X12: Дивиденд по TATNP - Татнфт 3ап 159шт. по 9.94 RUR - налог 205 RUR (данные из БД) | Y12: 45817 | Z12: -4828 | AA12: Дивиденд по BELU - НоваБев ао 222шт. по 25 RUR - налог 722 RUR (данные из БД) | AB12: 46203 | AC12: -8200 | AD12: Дивиденд по MRKP - РСетиЦП ао 130000шт. по 0.07 RUR - налог 1225 RUR (данные из БД) | AE12: 43902 | AF12: -18446.87 | AG12: Вывод бумаги | AH12: 46293 | AI12: ==-Портфель!K13 | AJ12: Стоимость сейчас | AK12: 46147 | AL12: 76369.62 | AM12: buy | AN12: 46094 | AO12: 142913.01 | AP12: buy | AT12: 44000 | AU12: -3476.41 | AV12: Вывод бумаги | AW12: 43902 | AX12: 20127.56 | AY12: buy (Ввод бумаги) | AZ12: 43969 | BA12: 3792.22 | BB12: buy (Ввод бумаги) | BC12: 43802 | BD12: -478.4 | BE12: Дивиденд по CHMF - СевСт-ао 20шт. по 27.47 RUR - налог 71 RUR (данные из БД) | BF12: 43748 | BG12: -544.6 | BH12: Дивиденд по NLMK - НЛМК ао 170шт. по 3.68 RUR - налог 81 RUR (данные из БД) | BI12: 44109 | BJ12: -706.12 | BK12: Дивиденд по VTBR - ВТБ ао 1050000шт. по 0 RUR - налог 106 RUR (данные из БД)
A13: 45482 | B13: -7748.07 | C13: Дивиденд по ROSN - Роснефть 307шт. по 29.01 RUR - налог 1158 RUR (данные из БД) | D13: 45846 | E13: -10842.18 | F13: Дивиденд по SIBN - Газпрнефть 458шт. по 27.21 RUR - налог 1620 RUR (данные из БД) | G13: 46223 | H13: -69456.44 | I13: Дивиденд по SBER - Сбербанк 2121шт. по 37.64 RUR - налог 10378 RUR (данные из БД) | J13: 45557 | K13: -305 | L13: Дивиденд по PHOR - ФосАгро ао 3шт. по 117 RUR - налог 46 RUR (данные из БД) | M13: 46217 | N13: -8219 | O13: Дивиденд по MDMG - MDMG-ао 201шт. по 47 RUR - налог 1228 RUR (данные из БД) | S13: 45995 | T13: 78851.3 | U13: buy | V13: 44386 | W13: -1701.7 | X13: Дивиденд по TATNP - Татнфт 3ап 159шт. по 12.3 RUR - налог 254 RUR (данные из БД) | Y13: 45948 | Z13: -5986 | AA13: Дивиденд по BELU - НоваБев ао 344шт. по 20 RUR - налог 894 RUR (данные из БД) | AB13: 46203 | AC13: -37845 | AD13: Дивиденд по MRKP - РСетиЦП ао 600000шт. по 0.07 RUR - налог 5655 RUR (данные из БД) | AE13: 43969 | AF13: 2869.98 | AG13: buy (Ввод бумаги) | AI13: ==XIRR(AI2:AI12,AH2:AH12) | AK13: 46216 | AL13: -19521.08 | AM13: Дивиденд по NMTP - НМТП ао 19600шт. по 1.14 RUR - налог 2917 RUR (данные из БД) | AN13: 46094 | AO13: 14536.07 | AP13: buy | AT13: 44330 | AU13: -2138 | AV13: Дивиденд по MOEX - МосБиржа 260шт. по 9.45 RUR - налог 319 RUR (данные из БД) | AW13: 43902 | AX13: 20127.56 | AY13: buy | AZ13: 43969 | BA13: 3792.22 | BB13: buy | BC13: 43833 | BD13: 9473.21 | BE13: buy (Ввод бумаги) | BF13: 43833 | BG13: 14452.57 | BH13: buy (Ввод бумаги) | BI13: 44392 | BJ13: -1279 | BK13: Дивиденд по VTBR - ВТБ ао 1050000шт. по 0 RUR - налог 191 RUR (данные из БД)
A14: 45667 | B14: -9740.29 | C14: Дивиденд по ROSN - Роснефть 307шт. по 36.47 RUR - налог 1456 RUR (данные из БД) | D14: 45846 | E14: -15340.08 | F14: Дивиденд по SIBN - Газпрнефть 648шт. по 27.21 RUR - налог 2292 RUR (данные из БД) | G14: 46223 | H14: 197824.68 | I14: buy | J14: 45557 | K14: -7431 | L14: Дивиденд по PHOR - ФосАгро ао 73шт. по 117 RUR - налог 1110 RUR (данные из БД) | M14: 46217 | N14: -15456 | O14: Дивиденд по MDMG - MDMG-ао 378шт. по 47 RUR - налог 2310 RUR (данные из БД) | S14: 46013 | T14: -7579 | U14: Дивиденд по PLZL - Полюс 242шт. по 36 RUR - налог 1133 RUR (данные из БД) | V14: 44431 | W14: -73470.66 | X14: sell | Y14: 45948 | Z14: -3863 | AA14: Дивиденд по BELU - НоваБев ао 222шт. по 20 RUR - налог 577 RUR (данные из БД) | AB14: 46233 | AC14: 152133.78 | AD14: buy | AE14: 43969 | AF14: 2152.5 | AG14: buy (Ввод бумаги) | AI14: ==-SUM(AI2:AI12) | AJ14: Полный доход | AK14: 46216 | AL14: -18923.2 | AM14: Дивиденд по NMTP - НМТП ао 19000шт. по 1.14 RUR - налог 2828 RUR (данные из БД) | AN14: 46147 | AO14: 76660.3 | AP14: buy | AT14: 44459 | AU14: 16312.09 | AV14: buy | AW14: 43902 | AX14: -20127.56 | AY14: Вывод бумаги | AZ14: 43969 | BA14: -3792.22 | BB14: Вывод бумаги | BC14: 43833 | BD14: 9473.21 | BE14: buy | BF14: 43833 | BG14: 14452.57 | BH14: buy | BI14: 45352 | BJ14: -24857.36 | BK14: sell
A15: 45687 | B15: 102165.9 | C15: buy | D15: 45943 | E15: -6893.4 | F15: Дивиденд по SIBN - Газпрнефть 458шт. по 17.3 RUR - налог 1030 RUR (данные из БД) | G15: 46226 | H15: 278631.5 | I15: buy | J15: 45648 | K15: -329 | L15: Дивиденд по PHOR - ФосАгро ао 3шт. по 126 RUR - налог 49 RUR (данные из БД) | M15: 46238 | N15: 25325.08 | O15: buy | S15: 46013 | T15: -4040 | U15: Дивиденд по PLZL - Полюс 129шт. по 36 RUR - налог 604 RUR (данные из БД) | V15: 44445 | W15: 38287.2 | X15: buy | Y15: 45968 | Z15: 33892.88 | AA15: buy | AB15: 46238 | AC15: 15698.11 | AD15: buy | AE15: 43969 | AF15: 717.5 | AG15: buy (Ввод бумаги) | AK15: 46237 | AL15: 99221.22 | AM15: buy | AN15: 46210 | AO15: -12576 | AP15: Дивиденд по X5 - КЦ ИКС 5 59шт. по 245 RUR - налог 1879 RUR (данные из БД) | AT15: 45093 | AU15: -1474 | AV15: Дивиденд по MOEX - МосБиржа 350шт. по 4.84 RUR - налог 220 RUR (данные из БД) | AW15: 43969 | AX15: 13015.01 | AY15: buy (Ввод бумаги) | AZ15: 44000 | BA15: 3860.47 | BB15: buy (Ввод бумаги) | BC15: 43833 | BD15: -9473.21 | BE15: Вывод бумаги | BF15: 43833 | BG15: -14452.57 | BH15: Вывод бумаги | BI15: 45788 | BJ15: 1291.14 | BK15: buy
A16: 45750 | B16: 109867.53 | C16: buy | D16: 45943 | E16: -9753.4 | F16: Дивиденд по SIBN - Газпрнефть 648шт. по 17.3 RUR - налог 1457 RUR (данные из БД) | G16: 46227 | H16: 2893.84 | I16: buy | J16: 45648 | K16: -8002 | L16: Дивиденд по PHOR - ФосАгро ао 73шт. по 126 RUR - налог 1196 RUR (данные из БД) | M16: 46293 | N16: ==-Портфель!K6 | O16: Стоимость сейчас | S16: 46013 | T16: -2537 | U16: Дивиденд по PLZL - Полюс 81шт. по 36 RUR - налог 379 RUR (данные из БД) | V16: 44481 | W16: -1207.68 | X16: Дивиденд по TATNP - Татнфт 3ап 84шт. по 16.52 RUR - налог 180 RUR (данные из БД) | Y16: 45982 | Z16: 72760.43 | AA16: buy | AB16: 46293 | AC16: ==-Портфель!K11 | AD16: Стоимость сейчас | AE16: 43969 | AF16: 1436 | AG16: buy (Ввод бумаги) | AK16: 46238 | AL16: 12514.75 | AM16: buy | AN16: 46210 | AO16: -15560 | AP16: Дивиденд по X5 - КЦ ИКС 5 73шт. по 245 RUR - налог 2325 RUR (данные из БД) | AT16: 45370 | AU16: 94084.12 | AV16: buy | AW16: 43969 | AX16: 13015.01 | AY16: buy | AZ16: 44000 | BA16: 3860.47 | BB16: buy | BC16: 43902 | BD16: 15864.93 | BE16: buy (Ввод бумаги) | BF16: 43839 | BG16: -756.4 | BH16: Дивиденд по NLMK - НЛМК ао 270шт. по 3.22 RUR - налог 113 RUR (данные из БД) | BI16: 45817 | BJ16: 2709.89 | BK16: buy
A17: 45817 | B17: 148424.48 | C17: buy | D17: 45968 | E17: 55817.19 | F17: buy | G17: 46233 | H17: 6359.47 | I17: buy | J17: 45750 | K17: 288796.59 | L17: buy | N17: ==XIRR(N2:N16,M2:M16) | S17: 46049 | T17: 232666.02 | U17: buy | V17: 44571 | W17: -729.32 | X17: Дивиденд по TATNP - Татнфт 3ап 84шт. по 9.98 RUR - налог 109 RUR (данные из БД) | Y17: 45995 | Z17: 32992.47 | AA17: buy | AC17: ==XIRR(AC2:AC16,AB2:AB16) | AE17: 43969 | AF17: 7175.98 | AG17: buy | AK17: 46293 | AL17: ==-Портфель!K14 | AM17: Стоимость сейчас | AN17: 46226 | AO17: 97876.01 | AP17: buy | AT17: 45443 | AU17: 9506.3 | AV17: buy | AW17: 43969 | AX17: -13015.01 | AY17: Вывод бумаги | AZ17: 44000 | BA17: -3860.47 | BB17: Вывод бумаги | BC17: 43902 | BD17: 15864.93 | BE17: buy | BF17: 43902 | BG17: 16942.24 | BH17: buy (Ввод бумаги) | BI17: 45849 | BJ17: -944.36 | BK17: Дивиденд по VTBR - ВТБ ао 42шт. по 25.58 RUR - налог 130 RUR (данные из БД)
A18: 45817 | B18: 2117.15 | C18: buy | D18: 45982 | E18: 148573.61 | F18: buy | G18: 46293 | H18: ==-Портфель!K4 | I18: Стоимость сейчас | J18: 45817 | K18: -227 | L18: Дивиденд по PHOR - ФосАгро ао 3шт. по 87 RUR - налог 34 RUR (данные из БД) | N18: ==-SUM(N2:N16) | O18: Полный доход | S18: 46147 | T18: 335780.73 | U18: buy | V18: 44750 | W18: -1179.76 | X18: Дивиденд по TATNP - Татнфт 3ап 84шт. по 16.14 RUR - налог 176 RUR (данные из БД) | Y18: 46147 | Z18: 124804.26 | AA18: buy | AC18: ==-SUM(AC2:AC16) | AD18: Полный доход | AE18: 43969 | AF18: -7175.98 | AG18: Вывод бумаги | AL18: ==XIRR(AL2:AL17,AK2:AK17) | AN18: 46238 | AO18: 12419.17 | AP18: buy | AT18: 45457 | AU18: -12679 | AV18: Дивиденд по MOEX - МосБиржа 840шт. по 17.35 RUR - налог 1895 RUR (данные из БД) | AW18: 44000 | AX18: 16271.27 | AY18: buy (Ввод бумаги) | AZ18: 44028 | BA18: -2121.4 | BB18: Дивиденд по GAZP - ГАЗПРОМ ао 160шт. по 15.24 RUR - налог 317 RUR (данные из БД) | BC18: 43902 | BD18: -15864.93 | BE18: Вывод бумаги | BF18: 43902 | BG18: 16942.24 | BH18: buy | BI18: 45999 | BJ18: 9114.45 | BK18: buy
A19: 45858 | B19: -10830.64 | C19: Дивиденд по ROSN - Роснефть 848шт. по 14.68 RUR - налог 1618 RUR (данные из БД) | D19: 46049 | E19: 42659.47 | F19: buy | H19: ==XIRR(H2:H18,G2:G18) | J19: 45817 | K19: -9158 | L19: Дивиденд по PHOR - ФосАгро ао 121шт. по 87 RUR - налог 1369 RUR (данные из БД) | S19: 46160 | T19: -16158.6 | U19: Дивиденд по PLZL - Полюс 327шт. по 56.8 RUR - налог 2415 RUR (данные из БД) | V19: 44845 | W19: -2390.64 | X19: Дивиденд по TATNP - Татнфт 3ап 84шт. по 32.71 RUR - налог 357 RUR (данные из БД) | Y19: 46195 | Z19: 54479.77 | AA19: buy | AE19: 44000 | AF19: 6799.71 | AG19: buy (Ввод бумаги) | AL19: ==-SUM(AL2:AL17) | AM19: Полный доход | AN19: 46293 | AO19: ==-Портфель!K15 | AP19: Стоимость сейчас | AT19: 45750 | AU19: 61019.73 | AV19: buy | AW19: 44000 | AX19: 16271.27 | AY19: buy | AZ19: 44144 | BA19: 18556.65 | BB19: buy (Ввод бумаги) | BC19: 43969 | BD19: 5986.35 | BE19: buy (Ввод бумаги) | BF19: 43902 | BG19: -16942.24 | BH19: Вывод бумаги | BI19: 46049 | BJ19: 4489.12 | BK19: buy
A20: 45858 | B20: -3115.92 | C20: Дивиденд по ROSN - Роснефть 244шт. по 14.68 RUR - налог 466 RUR (данные из БД) | D20: 46147 | E20: 251090.95 | F20: buy | H20: ==-SUM(H2:H18) | I20: Полный доход | J20: 45931 | K20: -713 | L20: Дивиденд по PHOR - ФосАгро ао 3шт. по 273 RUR - налог 106 RUR (данные из БД) | S20: 46160 | T20: -6374.2 | U20: Дивиденд по PLZL - Полюс 129шт. по 56.8 RUR - налог 953 RUR (данные из БД) | V20: 44936 | W20: -501.24 | X20: Дивиденд по TATNP - Татнфт 3ап 84шт. по 6.86 RUR - налог 75 RUR (данные из БД) | Y20: 46202 | Z20: -4515 | AA20: Дивиденд по BELU - НоваБев ао 519шт. по 10 RUR - налог 675 RUR (данные из БД) | AE20: 44000 | AF20: 6799.71 | AG20: buy | AO20: ==XIRR(AO2:AO19,AN2:AN19) | AT20: 45848 | AU20: -19081.4 | AV20: Дивиденд по MOEX - МосБиржа 840шт. по 26.11 RUR - налог 2851 RUR (данные из БД) | AW20: 44000 | AX20: -16271.27 | AY20: Вывод бумаги | AZ20: 44144 | BA20: 18556.65 | BB20: buy | BC20: 43969 | BD20: 5986.35 | BE20: buy | BF20: 43969 | BG20: 1230.26 | BH20: buy (Ввод бумаги) | BI20: 46094 | BJ20: 2160.57 | BK20: buy
A21: 45898 | B21: 59080.32 | C21: buy | D21: 46198 | E21: 104826.89 | F21: buy | J21: 45931 | K21: -28739 | L21: Дивиденд по PHOR - ФосАгро ао 121шт. по 273 RUR - налог 4294 RUR (данные из БД) | S21: 46160 | T21: -12008.4 | U21: Дивиденд по PLZL - Полюс 243шт. по 56.8 RUR - налог 1794 RUR (данные из БД) | V21: 45118 | W21: -2024.64 | X21: Дивиденд по TATNP - Татнфт 3ап 84шт. по 27.71 RUR - налог 303 RUR (данные из БД) | Y21: 46202 | Z21: -8152 | AA21: Дивиденд по BELU - НоваБев ао 937шт. по 10 RUR - налог 1218 RUR (данные из БД) | AE21: 44000 | AF21: -6799.71 | AG21: Вывод бумаги | AO21: ==-SUM(AO2:AO19) | AP21: Полный доход | AT21: 45848 | AU21: -7042.1 | AV21: Дивиденд по MOEX - МосБиржа 310шт. по 26.11 RUR - налог 1052 RUR (данные из БД) | AW21: 44021 | AX21: -6442.2 | AY21: Дивиденд по MTSS - МТС-ао 360шт. по 20.57 RUR - налог 963 RUR (данные из БД) | AZ21: 44144 | BA21: -18556.65 | BB21: Вывод бумаги | BC21: 43969 | BD21: -5986.35 | BE21: Вывод бумаги | BF21: 43969 | BG21: 6151.26 | BH21: buy (Ввод бумаги) | BI21: 46094 | BJ21: 1382.69 | BK21: buy
A22: 45968 | B22: 65497.4 | C22: buy | D22: 46209 | E22: -18537.38 | F22: Дивиденд по SIBN - Газпрнефть 758шт. по 28.11 RUR - налог 2770 RUR (данные из БД) | J22: 45968 | K22: 81356.16 | L22: buy | S22: 46216 | T22: -8264.35 | U22: Дивиденд по PLZL - Полюс 327шт. по 29.05 RUR - налог 1235 RUR (данные из БД) | V22: 45210 | W22: -2012.36 | X22: Дивиденд по TATNP - Татнфт 3ап 84шт. по 27.54 RUR - налог 301 RUR (данные из БД) | Y22: 46233 | Z22: 296851.93 | AA22: buy | AE22: 44064 | AF22: -3784 | AG22: Дивиденд по RTKMP - Ростел -ап 870шт. по 5 RUR - налог 566 RUR (данные из БД) | AT22: 45968 | AU22: 19450.29 | AV22: buy | AW22: 44116 | AX22: -2796.8 | AY22: Дивиденд по MTSS - МТС-ао 360шт. по 8.93 RUR - налог 418 RUR (данные из БД) | AZ22: 44392 | BA22: -2947.5 | BB22: Дивиденд по GAZP - ГАЗПРОМ ао 270шт. по 12.55 RUR - налог 441 RUR (данные из БД) | BC22: 43998 | BD22: -1301.82 | BE22: Дивиденд по CHMF - СевСт-ао 57шт. по 26.26 RUR - налог 195 RUR (данные из БД) | BF22: 43969 | BG22: 7381.52 | BH22: buy | BI22: 46163 | BJ22: 2704.53 | BK22: buy
A23: 45982 | B23: 79008.04 | C23: buy | D23: 46209 | E23: -38786.46 | F23: Дивиденд по SIBN - Газпрнефть 1586шт. по 28.11 RUR - налог 5796 RUR (данные из БД) | J23: 46132 | K23: 20940.83 | L23: buy | S23: 46216 | T23: -3260.45 | U23: Дивиденд по PLZL - Полюс 129шт. по 29.05 RUR - налог 487 RUR (данные из БД) | V23: 45300 | W23: -2570.28 | X23: Дивиденд по TATNP - Татнфт 3ап 84шт. по 35.17 RUR - налог 384 RUR (данные из БД) | Y23: 46293 | Z23: ==-Портфель!K10 | AA23: Стоимость сейчас | AE23: 44389 | AF23: -3784 | AG23: Дивиденд по RTKMP - Ростел -ап 870шт. по 5 RUR - налог 566 RUR (данные из БД) | AT23: 46212 | AU23: -14301.8 | AV23: Дивиденд по MOEX - МосБиржа 840шт. по 19.57 RUR - налог 2137 RUR (данные из БД) | AW23: 44385 | AX23: -8302.6 | AY23: Дивиденд по MTSS - МТС-ао 360шт. по 26.51 RUR - налог 1241 RUR (данные из БД) | AZ23: 44445 | BA23: 38803.2 | BB23: buy | BC23: 43998 | BD23: -1355.95 | BE23: Дивиденд по CHMF - СевСт-ао 57шт. по 27.35 RUR - налог 203 RUR (данные из БД) | BF23: 43969 | BG23: -7381.52 | BH23: Вывод бумаги | BI23: 46223 | BJ23: -1014.2 | BK23: Дивиденд по VTBR - ВТБ ао 120шт. по 9.71 RUR - налог 151 RUR (данные из БД)
A24: 46034 | B24: -10469.96 | C24: Дивиденд по ROSN - Роснефть 1041шт. по 11.56 RUR - налог 1564 RUR (данные из БД) | D24: 46226 | E24: 4610.95 | F24: buy | J24: 46147 | K24: 283415.08 | L24: buy | S24: 46216 | T24: -6141.15 | U24: Дивиденд по PLZL - Полюс 243шт. по 29.05 RUR - налог 918 RUR (данные из БД) | V24: 45370 | W24: 106569.22 | X24: buy | Z24: ==XIRR(Z2:Z23,Y2:Y23) | AE24: 44762 | AF24: -3451.2 | AG24: Дивиденд по RTKMP - Ростел -ап 870шт. по 4.56 RUR - налог 516 RUR (данные из БД) | AT24: 46212 | AU24: -7321.1 | AV24: Дивиденд по MOEX - МосБиржа 430шт. по 19.57 RUR - налог 1094 RUR (данные из БД) | AW24: 44481 | AX24: -3304 | AY24: Дивиденд по MTSS - МТС-ао 360шт. по 10.55 RUR - налог 494 RUR (данные из БД) | AZ24: 44579 | BA24: 33525.91 | BB24: buy | BC24: 44000 | BD24: 6987.24 | BE24: buy (Ввод бумаги) | BF24: 43991 | BG24: -1302.6 | BH24: Дивиденд по NLMK - НЛМК ао 480шт. по 3.12 RUR - налог 195 RUR (данные из БД) | BI24: 46223 | BJ24: -1520.8 | BK24: Дивиденд по VTBR - ВТБ ао 180шт. по 9.71 RUR - налог 227 RUR (данные из БД)
A25: 46034 | B25: -5410.28 | C25: Дивиденд по ROSN - Роснефть 538шт. по 11.56 RUR - налог 809 RUR (данные из БД) | D25: 46238 | E25: 82191.49 | F25: buy | J25: 46198 | K25: 96987.21 | L25: buy | S25: 46226 | T25: 1234.11 | U25: buy | V25: 45443 | W25: 8932.3 | X25: buy | Z25: ==-SUM(Z2:Z23) | AA25: Полный доход | AE25: 45261 | AF25: -4122.46 | AG25: Дивиденд по RTKMP - Ростел -ап 870шт. по 5.45 RUR - налог 616 RUR (данные из БД) | AT25: 46293 | AU25: ==-Портфель!K17 | AV25: Стоимость сейчас | AW25: 44754 | AX25: -10676 | AY25: Дивиденд по MTSS - МТС-ао 360шт. по 33.85 RUR - налог 1510 RUR (данные из БД) | AZ25: 44742 | BA25: 27562.07 | BB25: buy | BC25: 44000 | BD25: 6987.24 | BE25: buy | BF25: 44000 | BG25: 8248.52 | BH25: buy (Ввод бумаги) | BI25: 46293 | BJ25: ==-Портфель!K22 | BK25: Стоимость сейчас
A26: 46049 | B26: 395818.67 | C26: buy | D26: 46293 | E26: ==-Портфель!K3 | F26: Стоимость сейчас | J26: 46238 | K26: 40475.38 | L26: buy | S26: 46293 | T26: ==-Портфель!K8 | U26: Стоимость сейчас | V26: 45482 | W26: -5408.99 | X26: Дивиденд по TATNP - Татнфт 3ап 247шт. по 25.17 RUR - налог 808 RUR (данные из БД) | AE26: 45370 | AF26: 100509.3 | AG26: buy | AU26: ==XIRR(AU2:AU25,AT2:AT25) | AW26: 45106 | AX26: -10739.4 | AY26: Дивиденд по MTSS - МТС-ао 360шт. по 34.29 RUR - налог 1605 RUR (данные из БД) | AZ26: 44746 | BA26: 42867.18 | BB26: buy | BC26: 44000 | BD26: -6987.24 | BE26: Вывод бумаги | BF26: 44000 | BG26: 8248.52 | BH26: buy | BJ26: ==XIRR(BJ2:BJ25,BI2:BI25)
A27: 46147 | B27: 324188.09 | C27: buy | E27: ==XIRR(E2:E26,D2:D26) | J27: 46293 | K27: ==-Портфель!K5 | L27: Стоимость сейчас | T27: ==XIRR(T2:T26,S2:S26) | V27: 45573 | W27: -8208.4 | X27: Дивиденд по TATNP - Татнфт 3ап 247шт. по 38.2 RUR - налог 1227 RUR (данные из БД) | AE27: 45443 | AF27: 9282 | AG27: buy | AU27: ==-SUM(AU2:AU25) | AV27: Полный доход | AW27: 45370 | AX27: 119305.5 | AY27: buy | AZ27: 44746 | BA27: 1863.79 | BB27: buy | BC27: 44082 | BD27: -873.6 | BE27: Дивиденд по CHMF - СевСт-ао 65шт. по 15.44 RUR - налог 130 RUR (данные из БД) | BF27: 44000 | BG27: -8248.52 | BH27: Вывод бумаги | BJ27: ==-SUM(BJ2:BJ25) | BK27: Полный доход
A28: 46195 | B28: 148452.54 | C28: buy | E28: ==-SUM(E2:E26) | F28: Полный доход | K28: ==XIRR(K2:K27,J2:J27) | T28: ==-SUM(T2:T26) | U28: Полный доход | V28: 45586 | W28: 1785.3 | X28: buy | AE28: 45562 | AF28: -12126 | AG28: Дивиденд по RTKMP - Ростел -ап 2300шт. по 6.06 RUR - налог 1812 RUR (данные из БД) | AW28: 45489 | AX28: -23446 | AY28: Дивиденд по MTSS - МТС-ао 770шт. по 35 RUR - налог 3504 RUR (данные из БД) | AZ28: 44845 | BA28: -27568.6 | BB28: Дивиденд по GAZP - ГАЗПРОМ ао 620шт. по 51.03 RUR - налог 4070 RUR (данные из БД) | BC28: 44173 | BD28: -2111.1 | BE28: Дивиденд по CHMF - СевСт-ао 65шт. по 37.34 RUR - налог 316 RUR (данные из БД) | BF28: 44025 | BG28: -1508.4 | BH28: Дивиденд по NLMK - НЛМК ао 540шт. по 3.21 RUR - налог 225 RUR (данные из БД)
A29: 46212 | B29: -2056.07 | C29: Дивиденд по ROSN - Роснефть 1041шт. по 2.27 RUR - налог 307 RUR (данные из БД) | K29: ==-SUM(K2:K27) | L29: Полный доход | V29: 45665 | W29: -3782.5 | X29: Дивиденд по TATNP - Татнфт 3ап 250шт. по 17.39 RUR - налог 565 RUR (данные из БД) | AE29: 45750 | AF29: 43201.07 | AG29: buy | AW29: 45845 | AX29: -23724 | AY29: Дивиденд по MTSS - МТС-ао 770шт. по 35 RUR - налог 3226 RUR (данные из БД) | AZ29: 44845 | BA29: -11116.5 | BB29: Дивиденд по GAZP - ГАЗПРОМ ао 250шт. по 51.03 RUR - налог 1641 RUR (данные из БД) | BC29: 44348 | BD29: -2051.55 | BE29: Дивиденд по CHMF - СевСт-ао 65шт. по 36.27 RUR - налог 306 RUR (данные из БД) | BF29: 44116 | BG29: -2232 | BH29: Дивиденд по NLMK - НЛМК ао 540шт. по 4.75 RUR - налог 333 RUR (данные из БД)
A30: 46212 | B30: -5508.03 | C30: Дивиденд по ROSN - Роснефть 2789шт. по 2.27 RUR - налог 823 RUR (данные из БД) | V30: 45810 | W30: -9376.5 | X30: Дивиденд по TATNP - Татнфт 3ап 250шт. по 43.11 RUR - налог 1401 RUR (данные из БД) | AE30: 45882 | AF30: -12506 | AG30: Дивиденд по RTKMP - Ростел -ап 2300шт. по 6.25 RUR - налог 1869 RUR (данные из БД) | AW30: 46147 | AX30: 52426.05 | AY30: buy | AZ30: 45082 | BA30: 4882.09 | BB30: buy | BC30: 44348 | BD30: -2645.05 | BE30: Дивиденд по CHMF - СевСт-ао 65шт. по 46.77 RUR - налог 395 RUR (данные из БД) | BF30: 44194 | BG30: -3021.2 | BH30: Дивиденд по NLMK - НЛМК ао 540шт. по 6.43 RUR - налог 451 RUR (данные из БД)
A31: 46223 | B31: 183134.67 | C31: buy | V31: 45817 | W31: 141495.72 | X31: buy | AE31: 45882 | AF31: -4241 | AG31: Дивиденд по RTKMP - Ростел -ап 780шт. по 6.25 RUR - налог 634 RUR (данные из БД) | AW31: 46212 | AX31: -23446 | AY31: Дивиденд по MTSS - МТС-ао 770шт. по 35 RUR - налог 3504 RUR (данные из БД) | AZ31: 45258 | BA31: 19789.63 | BB31: buy | BC31: 44441 | BD31: -4775.25 | BE31: Дивиденд по CHMF - СевСт-ао 65шт. по 84.45 RUR - налог 714 RUR (данные из БД) | BF31: 44327 | BG31: -3406 | BH31: Дивиденд по NLMK - НЛМК ао 540шт. по 7.25 RUR - налог 509 RUR (данные из БД)
A32: 46293 | B32: ==-Портфель!K2 | C32: Стоимость сейчас | V32: 45944 | W32: -5979.65 | X32: Дивиденд по TATNP - Татнфт 3ап 479шт. по 14.35 RUR - налог 894 RUR (данные из БД) | AE32: 45968 | AF32: 20164.64 | AG32: buy | AW32: 46212 | AX32: -7308 | AY32: Дивиденд по MTSS - МТС-ао 240шт. по 35 RUR - налог 1092 RUR (данные из БД) | AZ32: 45281 | BA32: 3233.97 | BB32: buy | BC32: 44544 | BD32: -4859.45 | BE32: Дивиденд по CHMF - СевСт-ао 65шт. по 85.93 RUR - налог 726 RUR (данные из БД) | BF32: 44370 | BG32: -3622.4 | BH32: Дивиденд по NLMK - НЛМК ао 540шт. по 7.71 RUR - налог 541 RUR (данные из БД)
B33: ==XIRR(B2:B32,A2:A32) | V33: 45968 | W33: 26396.84 | X33: buy | AE33: 46147 | AF33: 589845.65 | AG33: buy | AW33: 46238 | AX33: 7512.76 | AY33: buy | AZ33: 45286 | BA33: 1616.46 | BB33: buy | BC33: 45082 | BD33: 4158.94 | BE33: buy | BF33: 44446 | BG33: -6398.8 | BH33: Дивиденд по NLMK - НЛМК ао 540шт. по 13.62 RUR - налог 956 RUR (данные из БД)
B34: ==-SUM(B2:B32) | C34: Полный доход | V34: 45982 | W34: 98603.66 | X34: buy | AE34: 46163 | AF34: -446904.45 | AG34: sell | AW34: 46293 | AX34: ==-Портфель!K18 | AY34: Стоимость сейчас | AZ34: 45370 | BA34: 111232.26 | BB34: buy | BC34: 45370 | BD34: 104752.25 | BE34: buy | BF34: 44537 | BG34: -6262.2 | BH34: Дивиденд по NLMK - НЛМК ао 540шт. по 13.33 RUR - налог 936 RUR (данные из БД)
V35: 46033 | W35: -4591.37 | X35: Дивиденд по TATNP - Татнфт 3ап 649шт. по 8.13 RUR - налог 685 RUR (данные из БД) | AE35: 46223 | AF35: -5423 | AG35: Дивиденд по RTKMP - Ростел -ап 2300шт. по 2.71 RUR - налог 810 RUR (данные из БД) | AX35: ==XIRR(AX2:AX34,AW2:AW34) | AZ35: 46293 | BA35: ==-Портфель!K19 | BB35: Стоимость сейчас | BC35: 45443 | BD35: 12535.6 | BE35: buy | BF35: 45370 | BG35: 109166.11 | BH35: buy
V36: 46033 | W36: -353.5 | X36: Дивиденд по TATNP - Татнфт 3ап 50шт. по 8.13 RUR - налог 53 RUR (данные из БД) | AE36: 46223 | AF36: -8535.2 | AG36: Дивиденд по RTKMP - Ростел -ап 3620шт. по 2.71 RUR - налог 1275 RUR (данные из БД) | AX36: ==-SUM(AX2:AX34) | AY36: Полный доход | BA36: ==XIRR(BA2:BA35,AZ2:AZ35) | BC36: 45461 | BD36: -4565.1 | BE36: Дивиденд по CHMF - СевСт-ао 137шт. по 38.3 RUR - налог 682 RUR (данные из БД) | BF36: 45439 | BG36: -23673.1 | BH36: Дивиденд по NLMK - НЛМК ао 1070шт. по 25.43 RUR - налог 3537 RUR (данные из БД)
V37: 46163 | W37: 246883.19 | X37: buy | AE37: 46233 | AF37: 247541.08 | AG37: buy | BA37: ==-SUM(BA2:BA35) | BB37: Полный доход | BC37: 45461 | BD37: -22825.87 | BE37: Дивиденд по CHMF - СевСт-ао 137шт. по 191.51 RUR - налог 3411 RUR (данные из БД) | BF37: 45443 | BG37: 13630.4 | BH37: buy
V38: 46218 | W38: -6554.89 | X38: Дивиденд по TATNP - Татнфт 3ап 649шт. по 11.61 RUR - налог 980 RUR (данные из БД) | AE38: 46238 | AF38: 17292.54 | AG38: buy | BC38: 45545 | BD38: -3702.22 | BE38: Дивиденд по CHMF - СевСт-ао 137шт. по 31.06 RUR - налог 553 RUR (данные из БД) | BF38: 45446 | BG38: 16660.8 | BH38: buy
V39: 46218 | W39: -4687.04 | X39: Дивиденд по TATNP - Татнфт 3ап 464шт. по 11.61 RUR - налог 700 RUR (данные из БД) | AE39: 46293 | AF39: ==-Портфель!K12 | AG39: Стоимость сейчас | BC39: 45643 | BD39: -5847.22 | BE39: Дивиденд по CHMF - СевСт-ао 137шт. по 49.06 RUR - налог 874 RUR (данные из БД) | BF39: 45750 | BG39: 56154.89 | BH39: buy
V40: 46238 | W40: 2029.42 | X40: buy | AF40: ==XIRR(AF2:AF39,AE2:AE39) | BC40: 45750 | BD40: 51087.13 | BE40: buy | BF40: 45968 | BG40: 17052.73 | BH40: buy
V41: 46293 | W41: ==-Портфель!K9 | X41: Стоимость сейчас | AF41: ==-SUM(AF2:AF39) | AG41: Полный доход | BC41: 45968 | BD41: 17287.55 | BE41: buy | BF41: 46238 | BG41: 31831.81 | BH41: buy
W42: ==XIRR(W2:W41,V2:V41) | BC42: 46238 | BD42: 26608.33 | BE42: buy | BF42: 46293 | BG42: ==-Портфель!K21 | BH42: Стоимость сейчас
W43: ==-SUM(W2:W41) | X43: Полный доход | BC43: 46293 | BD43: ==-Портфель!K20 | BE43: Стоимость сейчас | BG43: ==XIRR(BG2:BG42,BF2:BF42)
BD44: ==XIRR(BD2:BD43,BC2:BC43) | BG44: ==-SUM(BG2:BG42) | BH44: Полный доход
BD45: ==-SUM(BD2:BD43) | BE45: Полный доход

Sheet Доходность закр.
B1: SBERP | E1: MGNT | H1: LSRG | K1: LKOH | N1: FXDE | Q1: MFON | T1: YNDX | W1: RU000A0ZZE20 | Z1: LNTA | AC1: AFKS | AF1: BANEP | AI1: MRKU | AL1: MTLRP | AO1: SU26217RMFS8 | AR1: RU000A0JXU71 | AU1: AFLT | AX1: UPRO | BA1: RU000A1007D9 | BD1: RU000A1012K4 | BG1: RU000A102101 | BJ1: RU000A0ZZNV7 | BM1: RU000A100K64 | BP1: RU000A100AA4 | BS1: RU000A1015S0 | BV1: RU000A101DU4 | BY1: RU000A0JRU20 | CB1: FXCN | CE1: RU000A102LW1 | CH1: RU000A102KR3 | CK1: RU000A102CZ3 | CN1: RU000A1046N6 | CQ1: DIVD | CT1: PMSBP | CW1: GOLD
A2: 43524 | B2: 17855.66 | C2: buy (Ввод бумаги) | D2: 43733 | E2: 10719.05 | F2: buy (Ввод бумаги) | G2: 43733 | H2: 2900.13 | I2: buy (Ввод бумаги) | J2: 44000 | K2: 5342.7 | L2: buy (Ввод бумаги) | M2: 44239 | N2: 51632.82 | O2: buy (Ввод бумаги) | P2: 43327 | Q2: 18898.26 | R2: buy | S2: 43327 | T2: 19301.51 | U2: buy | V2: 43367 | W2: 4902.11 | X2: buy | Y2: 43367 | Z2: 758.34 | AA2: buy | AB2: 43369 | AC2: 8947.58 | AD2: buy | AE2: 43382 | AF2: 9363.87 | AG2: buy | AH2: 43384 | AI2: 14043.32 | AJ2: buy | AK2: 43384 | AL2: 14871.32 | AM2: buy | AN2: 43439 | AO2: 30369.94 | AP2: buy | AQ2: 43446 | AR2: 26114.25 | AS2: buy | AT2: 43650 | AU2: 19594.01 | AV2: buy | AW2: 43833 | AX2: 11274.76 | AY2: buy | AZ2: 43866 | BA2: 1039.18 | BB2: buy | BC2: 44144 | BD2: 11034.36 | BE2: buy | BF2: 44144 | BG2: 10415.73 | BH2: buy | BI2: 44144 | BJ2: 10345.49 | BK2: buy | BL2: 44144 | BM2: 10361.1 | BN2: buy | BO2: 44144 | BP2: 8343.7 | BQ2: buy | BR2: 44144 | BS2: 10520.28 | BT2: buy | BU2: 44144 | BV2: 10209.48 | BW2: buy | BX2: 44144 | BY2: 6876.17 | BZ2: buy | CA2: 44214 | CB2: 46161.97 | CC2: buy | CD2: 44445 | CE2: 30886.2 | CF2: buy | CG2: 44494 | CH2: 19357.95 | CI2: buy | CJ2: 44494 | CK2: 22180.19 | CL2: buy | CM2: 44571 | CN2: 11036.83 | CO2: buy | CP2: 44614 | CQ2: 51444.43 | CR2: buy | CS2: 45026 | CT2: 49720.7 | CU2: buy | CV2: 45999 | CW2: 491514.08 | CX2: buy
A3: 43733 | B3: 14197.78 | C3: buy (Ввод бумаги) | D3: 43754 | E3: 6494.03 | F3: buy (Ввод бумаги) | G3: 43733 | H3: 2175.12 | I3: buy (Ввод бумаги) | J3: 44000 | K3: 26713.51 | L3: buy (Ввод бумаги) | M3: 44214 | N3: 49885.55 | O3: buy | P3: 43461 | Q3: -19095.75 | R3: sell | S3: 43390 | T3: -20725.7 | U3: sell | V3: 43481 | W3: -5041.81 | X3: sell | Y3: 44000 | Z3: -499.75 | AA3: sell | AB3: 43564 | AC3: -9185.91 | AD3: sell | AE3: 43564 | AF3: 18406.76 | AG3: buy | AH3: 43461 | AI3: 10749.14 | AJ3: buy | AK3: 43664 | AL3: -2218.4 | AM3: Дивиденд по MTLRP - Мечел ап 140шт. по 18.21 RUR - налог 331 RUR (данные из БД) | AN3: 43516 | AO3: -1122 | AP3: Купон по SU26217RMFS8 - ОФЗ 26217 30шт. по 37.4 RUR - налог 0 RUR (данные из БД) | AQ3: 43455 | AR3: -1090.75 | AS3: Купон по RU000A0JXU71 - ВЭБ ПБО1Р9 25шт. по 43.63 RUR - налог 0 RUR (данные из БД) | AT3: 43902 | AU3: 35479.4 | AV3: buy | AW3: 43902 | AX3: 33521.34 | AY3: buy | AZ3: 43935 | BA3: -0.1 | BB3: Купон по RU000A1007D9 - СберИОС69 1шт. по 0.1 RUR - налог 0 RUR (данные из БД) | BC3: 44152 | BD3: -571.3 | BE3: Купон по RU000A1012K4 - СЭЗ 1P1 10шт. по 62.33 RUR - налог 52 RUR (данные из БД) | BF3: 44148 | BG3: -291.1 | BH3: Купон по RU000A102101 - ЭБИС Б1P03 10шт. по 32.41 RUR - налог 33 RUR (данные из БД) | BI3: 44175 | BJ3: 21026.16 | BK3: buy | BL3: 44175 | BM3: 10552.56 | BN3: buy | BO3: 44195 | BP3: 17119.44 | BQ3: buy | BR3: 44174 | BS3: -275.2 | BT3: Купон по RU000A1015S0 - ЭТС 1Р01 10шт. по 29.92 RUR - налог 24 RUR (данные из БД) | BU3: 44195 | BV3: 20826.43 | BW3: buy | BX3: 44195 | BY3: 17295.77 | BZ3: buy | CA3: 44239 | CB3: 47813.12 | CC3: buy | CD3: 44466 | CE3: -780.6 | CF3: Купон по RU000A102LW1 - АБЗ-1 1Р01 30шт. по 29.92 RUR - налог 117 RUR (данные из БД) | CG3: 44552 | CH3: -535.79 | CI3: Купон по RU000A102KR3 - АПРИФП БП4 19шт. по 32.41 RUR - налог 80 RUR (данные из БД) | CJ3: 44512 | CK3: -196.94 | CL3: Купон по RU000A102CZ3 - АйДиЭф03 22шт. по 10.27 RUR - налог 29 RUR (данные из БД) | CM3: 44613 | CN3: -10507.49 | CO3: sell | CP3: 44614 | CQ3: 57008.68 | CR3: buy | CS3: 45069 | CT3: -3776 | CU3: Дивиденд по PMSBP - ПермьЭнС-п 280шт. по 15.5 RUR - налог 564 RUR (данные из БД) | CV3: 46049 | CW3: 196578.19 | CX3: buy
A4: 43754 | B4: 34621.85 | C4: buy (Ввод бумаги) | D4: 43754 | E4: 19482.08 | F4: buy (Ввод бумаги) | G4: 43733 | H4: 16675.82 | I4: buy (Ввод бумаги) | J4: 44144 | K4: 18436.77 | L4: buy (Ввод бумаги) | M4: 44239 | N4: 51632.76 | O4: buy | Q4: ==XIRR(Q2:Q3,P2:P3) | S4: 43392 | T4: 20784.09 | U4: buy | W4: ==XIRR(W2:W3,V2:V3) | Z4: ==XIRR(Z2:Z3,Y2:Y3) | AC4: ==XIRR(AC2:AC3,AB2:AB3) | AE4: 43640 | AF4: -2074.25 | AG4: Дивиденд по BANEP - Башнефт ап 15шт. по 158.95 RUR - налог 310 RUR (данные из БД) | AH4: 43481 | AI4: 5692.52 | AJ4: buy | AK4: 43752 | AL4: -12316.78 | AM4: sell | AN4: 43698 | AO4: -1122 | AP4: Купон по SU26217RMFS8 - ОФЗ 26217 30шт. по 37.4 RUR - налог 0 RUR (данные из БД) | AQ4: 43462 | AR4: 22138.27 | AS4: buy | AT4: 44000 | AU4: 4057.81 | AV4: buy | AW4: 43969 | AX4: 5319.68 | AY4: buy | AZ4: 43934 | BA4: -1000 | BB4: Амортизация СберИОС69: 1 шт. по 1000 RUR. (данные из БД) | BC4: 44175 | BD4: 10588.81 | BE4: buy | BF4: 44175 | BG4: 21006.07 | BH4: buy | BI4: 44195 | BJ4: 5287.71 | BK4: buy | BL4: 44195 | BM4: 5178.99 | BN4: buy | BO4: 44217 | BP4: -780.6 | BQ4: Купон по RU000A100AA4 - ТАЛАНФБ1P1 30шт. по 29.92 RUR - налог 117 RUR (данные из БД) | BR4: 44175 | BS4: 10425.15 | BT4: buy | BU4: 44232 | BV4: -715.6 | BW4: Купон по RU000A101DU4 - ВитаЛайнБ1 30шт. по 27.42 RUR - налог 107 RUR (данные из БД) | BX4: 44295 | BY4: -719 | BZ4: Купон по RU000A0JRU20 - СЗКК 03 28шт. по 29.5 RUR - налог 107 RUR (данные из БД) | CA4: 44431 | CB4: -30737.15 | CC4: sell | CD4: 44557 | CE4: -780.6 | CF4: Купон по RU000A102LW1 - АБЗ-1 1Р01 30шт. по 29.92 RUR - налог 117 RUR (данные из БД) | CG4: 44571 | CH4: 10047.43 | CI4: buy | CJ4: 44542 | CK4: -196.94 | CL4: Купон по RU000A102CZ3 - АйДиЭф03 22шт. по 10.27 RUR - налог 29 RUR (данные из БД) | CN4: ==XIRR(CN2:CN3,CM2:CM3) | CP4: 44616 | CQ4: 267790.11 | CR4: buy | CS4: 45370 | CT4: 31948.74 | CU4: buy | CV4: 46147 | CW4: 222596.17 | CX4: buy
A5: 43833 | B5: 18424.01 | C5: buy (Ввод бумаги) | D5: 43969 | E5: 7238.02 | F5: buy (Ввод бумаги) | G5: 43833 | H5: 9292.66 | I5: buy (Ввод бумаги) | J5: 44000 | K5: 32056.21 | L5: buy | M5: 44239 | N5: -51632.76 | O5: Вывод бумаги | Q5: ==-SUM(Q2:Q3) | R5: Полный доход | S5: 43563 | T5: -22950.79 | U5: sell | W5: ==-SUM(W2:W3) | X5: Полный доход | Z5: ==-SUM(Z2:Z3) | AA5: Полный доход | AC5: ==-SUM(AC2:AC3) | AD5: Полный доход | AE5: 43752 | AF5: -24052.88 | AG5: sell | AH5: 43619 | AI5: -444 | AJ5: Дивиденд по MRKU - Россети Ур 170000шт. по 0 RUR - налог 66 RUR (данные из БД) | AL5: ==XIRR(AL2:AL4,AK2:AK4) | AN5: 43880 | AO5: -1122 | AP5: Купон по SU26217RMFS8 - ОФЗ 26217 30шт. по 37.4 RUR - налог 0 RUR (данные из БД) | AQ5: 43524 | AR5: 50857.01 | AS5: buy | AT5: 44431 | AU5: -49401.33 | AV5: sell | AW5: 44000 | AX5: 5585.87 | AY5: buy | BA5: ==XIRR(BA2:BA4,AZ2:AZ4) | BC5: 44195 | BD5: 5363.63 | BE5: buy | BF5: 44195 | BG5: 4268.31 | BH5: buy | BI5: 44291 | BJ5: -2125.35 | BK5: Купон по RU000A0ZZNV7 - ЛегионБО-1 35шт. по 69.81 RUR - налог 318 RUR (данные из БД) | BL5: 44202 | BM5: -813 | BN5: Купон по RU000A100K64 - АПРИФП БП2 25шт. по 37.4 RUR - налог 122 RUR (данные из БД) | BO5: 44308 | BP5: -780.6 | BQ5: Купон по RU000A100AA4 - ТАЛАНФБ1P1 30шт. по 29.92 RUR - налог 117 RUR (данные из БД) | BR5: 44195 | BS5: 5300.56 | BT5: buy | BU5: 44323 | BV5: -715.6 | BW5: Купон по RU000A101DU4 - ВитаЛайнБ1 30шт. по 27.42 RUR - налог 107 RUR (данные из БД) | BX5: 44294 | BY5: -644 | BZ5: Амортизация СЗКК 03: 28 шт. по 23 RUR. (данные из БД) | CA5: 44445 | CB5: 118967.5 | CC5: buy | CD5: 44571 | CE5: 10012.52 | CF5: buy | CG5: 44643 | CH5: -535.79 | CI5: Купон по RU000A102KR3 - АПРИФП БП4 19шт. по 32.41 RUR - налог 80 RUR (данные из БД) | CJ5: 44572 | CK5: -196.94 | CL5: Купон по RU000A102CZ3 - АйДиЭф03 22шт. по 10.27 RUR - налог 29 RUR (данные из БД) | CN5: ==-SUM(CN2:CN3) | CO5: Полный доход | CP5: 44774 | CQ5: 99252.34 | CR5: buy | CS5: 45406 | CT5: 50743.65 | CU5: buy | CV5: 46195 | CW5: -252157.91 | CX5: sell
A6: 43902 | B6: 17543.1 | C6: buy (Ввод бумаги) | D6: 44000 | E6: 3833.15 | F6: buy (Ввод бумаги) | G6: 43969 | H6: 2370.44 | I6: buy (Ввод бумаги) | J6: 44022 | K6: -1827 | L6: Дивиденд по LKOH - ЛУКОЙЛ 6шт. по 350 RUR - налог 273 RUR (данные из БД) | M6: 44445 | N6: 43890 | O6: buy | T6: ==XIRR(T2:T5,S2:S5) | AE6: 43754 | AF6: 24247.27 | AG6: buy | AH6: 43752 | AI6: -28846.49 | AJ6: sell | AL6: ==-SUM(AL2:AL4) | AM6: Полный доход | AN6: 44000 | AO6: -31774.25 | AP6: sell | AQ6: 43637 | AR6: -4232.11 | AS6: Купон по RU000A0JXU71 - ВЭБ ПБО1Р9 97шт. по 43.63 RUR - налог 0 RUR (данные из БД) | AU6: ==XIRR(AU2:AU5,AT2:AT5) | AW6: 44004 | AX6: -2028.53 | AY6: Дивиденд по UPRO - Юнипро ао 21000шт. по 0.11 RUR - налог 303 RUR (данные из БД) | BA6: ==-SUM(BA2:BA4) | BB6: Полный доход | BC6: 44334 | BD6: -1355.25 | BE6: Купон по RU000A1012K4 - СЭЗ 1P1 25шт. по 62.33 RUR - налог 203 RUR (данные из БД) | BF6: 44239 | BG6: -958.94 | BH6: Купон по RU000A102101 - ЭБИС Б1P03 34шт. по 32.41 RUR - налог 143 RUR (данные из БД) | BI6: 44473 | BJ6: -1669.75 | BK6: Купон по RU000A0ZZNV7 - ЛегионБО-1 35шт. по 54.85 RUR - налог 250 RUR (данные из БД) | BL6: 44293 | BM6: -813 | BN6: Купон по RU000A100K64 - АПРИФП БП2 25шт. по 37.4 RUR - налог 122 RUR (данные из БД) | BO6: 44307 | BP6: -9000 | BQ6: Амортизация ТАЛАНФБ1P1: 30 шт. по 300 RUR. (данные из БД) | BR6: 44265 | BS6: -651 | BT6: Купон по RU000A1015S0 - ЭТС 1Р01 25шт. по 29.92 RUR - налог 97 RUR (данные из БД) | BU6: 44414 | BV6: -715.6 | BW6: Купон по RU000A101DU4 - ВитаЛайнБ1 30шт. по 27.42 RUR - налог 107 RUR (данные из БД) | BX6: 44477 | BY6: -922.36 | BZ6: Купон по RU000A0JRU20 - СЗКК 03 28шт. по 37.87 RUR - налог 138 RUR (данные из БД) | CA6: 44572 | CB6: 8962.7 | CC6: buy | CD6: 44613 | CE6: -7737.11 | CF6: sell | CG6: 44643 | CH6: -282.1 | CI6: Купон по RU000A102KR3 - АПРИФП БП4 10шт. по 32.41 RUR - налог 42 RUR (данные из БД) | CJ6: 44571 | CK6: 9995.72 | CL6: buy | CP6: 44897 | CQ6: 99447.82 | CR6: buy | CS6: 45438 | CT6: -7907 | CU6: Дивиденд по PMSBP - ПермьЭнС-п 320шт. по 28.4 RUR - налог 1181 RUR (данные из БД) | CV6: 46198 | CW6: -202191.94 | CX6: sell
A7: 43969 | B7: 12280.21 | C7: buy (Ввод бумаги) | D7: 43370 | E7: 11483.4 | F7: buy | G7: 43969 | H7: 6520.92 | I7: buy (Ввод бумаги) | J7: 44144 | K7: 18436.77 | L7: buy | M7: 44616 | N7: -135238.64 | O7: sell | T7: ==-SUM(T2:T5) | U7: Полный доход | AE7: 43833 | AF7: 8676.75 | AG7: buy | AI7: ==XIRR(AI2:AI6,AH2:AH6) | AO7: ==XIRR(AO2:AO6,AN2:AN6) | AQ7: 43733 | AR7: 18903.32 | AS7: buy | AU7: ==-SUM(AU2:AU5) | AV7: Полный доход | AW7: 44185 | AX7: -2028.53 | AY7: Дивиденд по UPRO - Юнипро ао 21000шт. по 0.11 RUR - налог 303 RUR (данные из БД) | BC7: 44516 | BD7: -1355.25 | BE7: Купон по RU000A1012K4 - СЭЗ 1P1 25шт. по 62.33 RUR - налог 203 RUR (данные из БД) | BF7: 44330 | BG7: -958.94 | BH7: Купон по RU000A102101 - ЭБИС Б1P03 34шт. по 32.41 RUR - налог 143 RUR (данные из БД) | BI7: 44472 | BJ7: -35000 | BK7: Амортизация ЛегионБО-1: 35 шт. по 1000 RUR. (данные из БД) | BL7: 44384 | BM7: -813 | BN7: Купон по RU000A100K64 - АПРИФП БП2 25шт. по 37.4 RUR - налог 122 RUR (данные из БД) | BO7: 44399 | BP7: -488 | BQ7: Купон по RU000A100AA4 - ТАЛАНФБ1P1 30шт. по 18.7 RUR - налог 73 RUR (данные из БД) | BR7: 44264 | BS7: -2500 | BT7: Амортизация ЭТС 1Р01: 25 шт. по 100 RUR. (данные из БД) | BU7: 44505 | BV7: -715.6 | BW7: Купон по RU000A101DU4 - ВитаЛайнБ1 30шт. по 27.42 RUR - налог 107 RUR (данные из БД) | BX7: 44476 | BY7: -700 | BZ7: Амортизация СЗКК 03: 28 шт. по 25 RUR. (данные из БД) | CA7: 44616 | CB7: -132287.72 | CC7: sell | CD7: 44613 | CE7: -9633.54 | CF7: sell | CG7: 44734 | CH7: -535.79 | CI7: Купон по RU000A102KR3 - АПРИФП БП4 19шт. по 32.41 RUR - налог 80 RUR (данные из БД) | CJ7: 44602 | CK7: -196.94 | CL7: Купон по RU000A102CZ3 - АйДиЭф03 22шт. по 10.27 RUR - налог 29 RUR (данные из БД) | CP7: 45817 | CQ7: -60845.98 | CR7: sell | CS7: 45438 | CT7: -6918 | CU7: Дивиденд по PMSBP - ПермьЭнС-п 280шт. по 28.4 RUR - налог 1034 RUR (данные из БД) | CV7: 46223 | CW7: -381930.48 | CX7: sell
A8: 44000 | B8: 13217.45 | C8: buy (Ввод бумаги) | D8: 43455 | E8: -358.14 | F8: Дивиденд по MGNT - Магнит ао 3шт. по 137.38 RUR - налог 54 RUR (данные из БД) | G8: 44000 | H8: 3961.54 | I8: buy (Ввод бумаги) | J8: 44183 | K8: -400 | L8: Дивиденд по LKOH - ЛУКОЙЛ 10шт. по 46 RUR - налог 60 RUR (данные из БД) | N8: ==XIRR(N2:N7,M2:M7) | AE8: 43969 | AF8: 4193.91 | AG8: buy | AI8: ==-SUM(AI2:AI6) | AJ8: Полный доход | AO8: ==-SUM(AO2:AO6) | AP8: Полный доход | AQ8: 43819 | AR8: -5017.45 | AS8: Купон по RU000A0JXU71 - ВЭБ ПБО1Р9 115шт. по 43.63 RUR - налог 0 RUR (данные из БД) | AW8: 44369 | AX8: -2318.61 | AY8: Дивиденд по UPRO - Юнипро ао 21000шт. по 0.13 RUR - налог 346 RUR (данные из БД) | BC8: 44571 | BD8: 10361.97 | BE8: buy | BF8: 44421 | BG8: -958.94 | BH8: Купон по RU000A102101 - ЭБИС Б1P03 34шт. по 32.41 RUR - налог 143 RUR (данные из БД) | BJ8: ==XIRR(BJ2:BJ7,BI2:BI7) | BL8: 44475 | BM8: -813 | BN8: Купон по RU000A100K64 - АПРИФП БП2 25шт. по 37.4 RUR - налог 122 RUR (данные из БД) | BO8: 44490 | BP8: -488 | BQ8: Купон по RU000A100AA4 - ТАЛАНФБ1P1 30шт. по 18.7 RUR - налог 73 RUR (данные из БД) | BR8: 44356 | BS8: -585.25 | BT8: Купон по RU000A1015S0 - ЭТС 1Р01 25шт. по 26.93 RUR - налог 88 RUR (данные из БД) | BU8: 44596 | BV8: -715.6 | BW8: Купон по RU000A101DU4 - ВитаЛайнБ1 30шт. по 27.42 RUR - налог 107 RUR (данные из БД) | BX8: 44613 | BY8: -781.39 | BZ8: sell | CB8: ==XIRR(CB2:CB7,CA2:CA7) | CD8: 44614 | CE8: -5740.32 | CF8: sell | CG8: 44734 | CH8: -282.1 | CI8: Купон по RU000A102KR3 - АПРИФП БП4 10шт. по 32.41 RUR - налог 42 RUR (данные из БД) | CJ8: 44602 | CK8: -89.7 | CL8: Купон по RU000A102CZ3 - АйДиЭф03 10шт. по 10.27 RUR - налог 13 RUR (данные из БД) | CP8: 45817 | CQ8: -429254.99 | CR8: sell | CS8: 45668 | CT8: -5568 | CU8: Дивиденд по PMSBP - ПермьЭнС-п 320шт. по 20 RUR - налог 832 RUR (данные из БД) | CW8: ==XIRR(CW2:CW7,CV2:CV7)
A9: 43481 | B9: 31070.89 | C9: buy | D9: 43461 | E9: 7019.64 | F9: buy | G9: 44000 | H9: 660.07 | I9: buy (Ввод бумаги) | J9: 44382 | K9: -1853 | L9: Дивиденд по LKOH - ЛУКОЙЛ 10шт. по 213 RUR - налог 277 RUR (данные из БД) | N9: ==-SUM(N2:N7) | O9: Полный доход | AE9: 44000 | AF9: 4401.05 | AG9: buy | AQ9: 43902 | AR9: -118103.13 | AS9: sell | AW9: 44431 | AX9: -59053.04 | AY9: sell | BC9: 44613 | BD9: -14126.43 | BE9: sell | BF9: 44512 | BG9: -958.94 | BH9: Купон по RU000A102101 - ЭБИС Б1P03 34шт. по 32.41 RUR - налог 143 RUR (данные из БД) | BJ9: ==-SUM(BJ2:BJ7) | BK9: Полный доход | BL9: 44474 | BM9: -6250 | BN9: Амортизация АПРИФП БП2: 25 шт. по 250 RUR. (данные из БД) | BO9: 44571 | BP9: 10464.09 | BQ9: buy | BR9: 44355 | BS9: -2500 | BT9: Амортизация ЭТС 1Р01: 25 шт. по 100 RUR. (данные из БД) | BU9: 44613 | BV9: -14725.68 | BW9: sell | BX9: 44659 | BY9: -965.16 | BZ9: Купон по RU000A0JRU20 - СЗКК 03 27шт. по 41.08 RUR - налог 144 RUR (данные из БД) | CB9: ==-SUM(CB2:CB7) | CC9: Полный доход | CD9: 44648 | CE9: -416.72 | CF9: Купон по RU000A102LW1 - АБЗ-1 1Р01 16шт. по 29.92 RUR - налог 62 RUR (данные из БД) | CG9: 44742 | CH9: -9119.2 | CI9: sell | CJ9: 44614 | CK9: -20552.74 | CL9: sell | CP9: 45898 | CQ9: -156300.41 | CR9: sell | CS9: 45668 | CT9: -4872 | CU9: Дивиденд по PMSBP - ПермьЭнС-п 280шт. по 20 RUR - налог 728 RUR (данные из БД) | CW9: ==-SUM(CW2:CW7) | CX9: Полный доход
A10: 43524 | B10: 17855.66 | C10: buy | D10: 43564 | E10: 10910.14 | F10: buy | G10: 43733 | H10: 21751.07 | I10: buy | J10: 44000 | K10: -32056.21 | L10: Вывод бумаги | AE10: 44018 | AF10: -2439.06 | AG10: Дивиденд по BANEP - Башнефт ап 26шт. по 107.81 RUR - налог 364 RUR (данные из БД) | AQ10: 44144 | AR10: 25350.24 | AS10: buy | AX10: ==XIRR(AX2:AX9,AW2:AW9) | BC10: 44613 | BD10: -10298.37 | BE10: sell | BF10: 44571 | BG10: 10334.04 | BH10: buy | BL10: 44566 | BM10: -610.25 | BN10: Купон по RU000A100K64 - АПРИФП БП2 25шт. по 28.05 RUR - налог 91 RUR (данные из БД) | BO10: 44581 | BP10: -488 | BQ10: Купон по RU000A100AA4 - ТАЛАНФБ1P1 30шт. по 18.7 RUR - налог 73 RUR (данные из БД) | BR10: 44447 | BS10: -520.25 | BT10: Купон по RU000A1015S0 - ЭТС 1Р01 25шт. по 23.93 RUR - налог 78 RUR (данные из БД) | BU10: 44614 | BV10: -14207.21 | BW10: sell | BX10: 44658 | BY10: -702 | BZ10: Амортизация СЗКК 03: 27 шт. по 26 RUR. (данные из БД) | CD10: 44739 | CE10: -416.72 | CF10: Купон по RU000A102LW1 - АБЗ-1 1Р01 16шт. по 29.92 RUR - налог 62 RUR (данные из БД) | CG10: 44743 | CH10: -17397.25 | CI10: sell | CJ10: 44632 | CK10: -89.7 | CL10: Купон по RU000A102CZ3 - АйДиЭф03 10шт. по 10.27 RUR - налог 13 RUR (данные из БД) | CP10: 45995 | CQ10: -146402.79 | CR10: sell | CS10: 45750 | CT10: 52053.81 | CU10: buy
A11: 43629 | B11: -2506 | C11: Дивиденд по SBERP - Сбербанк-п 180шт. по 16 RUR - налог 374 RUR (данные из БД) | D11: 43630 | E11: -1161.24 | F11: Дивиденд по MGNT - Магнит ао 8шт. по 166.78 RUR - налог 173 RUR (данные из БД) | G11: 43833 | H11: 9292.66 | I11: buy | J11: 44144 | K11: -18436.77 | L11: Вывод бумаги | AE11: 44391 | AF11: -2.6 | AG11: Дивиденд по BANEP - Башнефт ап 26шт. по 0.1 RUR - налог 0 RUR (данные из БД) | AQ11: 44175 | AR11: 25480.53 | AS11: buy | AX11: ==-SUM(AX2:AX9) | AY11: Полный доход | BC11: 44614 | BD11: -2028.98 | BE11: sell | BF11: 44603 | BG11: -958.94 | BH11: Купон по RU000A102101 - ЭБИС Б1P03 34шт. по 32.41 RUR - налог 143 RUR (данные из БД) | BL11: 44565 | BM11: -6250 | BN11: Амортизация АПРИФП БП2: 25 шт. по 250 RUR. (данные из БД) | BO11: 44581 | BP11: -374 | BQ11: Купон по RU000A100AA4 - ТАЛАНФБ1P1 20шт. по 18.7 RUR - налог 0 RUR (данные из БД) | BR11: 44446 | BS11: -2500 | BT11: Амортизация ЭТС 1Р01: 25 шт. по 100 RUR. (данные из БД) | BV11: ==XIRR(BV2:BV10,BU2:BU10) | BX11: 44841 | BY11: -1174.46 | BZ11: Купон по RU000A0JRU20 - СЗКК 03 27шт. по 49.98 RUR - налог 175 RUR (данные из БД) | CD11: 44742 | CE11: -15405.25 | CF11: sell | CH11: ==XIRR(CH2:CH10,CG2:CG10) | CJ11: 44662 | CK11: -89.7 | CL11: Купон по RU000A102CZ3 - АйДиЭф03 10шт. по 10.27 RUR - налог 13 RUR (данные из БД) | CQ11: ==XIRR(CQ2:CQ10,CP2:CP10) | CS11: 45810 | CT11: -10301 | CU11: Дивиденд по PMSBP - ПермьЭнС-п 320шт. по 37 RUR - налог 1539 RUR (данные из БД)
A12: 43629 | B12: -1392 | C12: Дивиденд по SBERP - Сбербанк-п 100шт. по 16 RUR - налог 208 RUR (данные из БД) | D12: 43733 | E12: 10719.05 | F12: buy | G12: 43963 | H12: -1096 | I12: Дивиденд по LSRG - ЛСР ао 42шт. по 30 RUR - налог 164 RUR (данные из БД) | J12: 44445 | K12: 44289 | L12: buy | AE12: 44431 | AF12: -27939.13 | AG12: sell | AQ12: 44183 | AR12: -2094.24 | AS12: Купон по RU000A0JXU71 - ВЭБ ПБО1Р9 48шт. по 43.63 RUR - налог 0 RUR (данные из БД) | BC12: 44698 | BD12: -487.97 | BE12: Купон по RU000A1012K4 - СЭЗ 1P1 9шт. по 62.33 RUR - налог 73 RUR (данные из БД) | BF12: 44603 | BG12: -282.1 | BH12: Купон по RU000A102101 - ЭБИС Б1P03 10шт. по 32.41 RUR - налог 42 RUR (данные из БД) | BL12: 44571 | BM12: 10213.98 | BN12: buy | BO12: 44613 | BP12: -15051.26 | BQ12: sell | BR12: 44538 | BS12: -455.5 | BT12: Купон по RU000A1015S0 - ЭТС 1Р01 25шт. по 20.94 RUR - налог 68 RUR (данные из БД) | BV12: ==-SUM(BV2:BV10) | BW12: Полный доход | BX12: 44840 | BY12: -729 | BZ12: Амортизация СЗКК 03: 27 шт. по 27 RUR. (данные из БД) | CE12: ==XIRR(CE2:CE11,CD2:CD11) | CH12: ==-SUM(CH2:CH10) | CI12: Полный доход | CJ12: 44692 | CK12: -89.7 | CL12: Купон по RU000A102CZ3 - АйДиЭф03 10шт. по 10.27 RUR - налог 13 RUR (данные из БД) | CQ12: ==-SUM(CQ2:CQ10) | CR12: Полный доход | CS12: 45810 | CT12: -15451 | CU12: Дивиденд по PMSBP - ПермьЭнС-п 480шт. по 37 RUR - налог 2309 RUR (данные из БД)
A13: 43733 | B13: 14197.78 | C13: buy | D13: 43752 | E13: -25457.01 | F13: sell | G13: 43969 | H13: 8891.36 | I13: buy | J13: 44551 | K13: -5029 | L13: Дивиденд по LKOH - ЛУКОЙЛ 17шт. по 340 RUR - налог 751 RUR (данные из БД) | AF13: ==XIRR(AF2:AF12,AE2:AE12) | AQ13: 44195 | AR13: 20456.36 | AS13: buy | BC13: 44742 | BD13: -9116.48 | BE13: sell | BF13: 44613 | BG13: -33095.48 | BH13: sell | BL13: 44613 | BM13: -12455.64 | BN13: sell | BO13: 44613 | BP13: -10049.06 | BQ13: sell | BR13: 44537 | BS13: -2500 | BT13: Амортизация ЭТС 1Р01: 25 шт. по 100 RUR. (данные из БД) | BX13: 45023 | BY13: -1616.68 | BZ13: Купон по RU000A0JRU20 - СЗКК 03 27шт. по 68.84 RUR - налог 242 RUR (данные из БД) | CE13: ==-SUM(CE2:CE11) | CF13: Полный доход | CJ13: 44722 | CK13: -89.7 | CL13: Купон по RU000A102CZ3 - АйДиЭф03 10шт. по 10.27 RUR - налог 13 RUR (данные из БД) | CS13: 45903 | CT13: 97053.28 | CU13: buy
A14: 43752 | B14: -36464.66 | C14: sell | D14: 43754 | E14: 25976.11 | F14: buy | G14: 44000 | H14: 4621.61 | I14: buy | J14: 44572 | K14: 13622.93 | L14: buy | AF14: ==-SUM(AF2:AF12) | AG14: Полный доход | AQ14: 44365 | AR14: -2580.84 | AS14: Купон по RU000A0JXU71 - ВЭБ ПБО1Р9 68шт. по 43.63 RUR - налог 386 RUR (данные из БД) | BD14: ==XIRR(BD2:BD13,BC2:BC13) | BF14: 44694 | BG14: -282.1 | BH14: Купон по RU000A102101 - ЭБИС Б1P03 10шт. по 32.41 RUR - налог 42 RUR (данные из БД) | BL14: 44613 | BM14: -10014.09 | BN14: sell | BP14: ==XIRR(BP2:BP13,BO2:BO13) | BR14: 44614 | BS14: -14627.42 | BT14: sell | BX14: 45022 | BY14: -756 | BZ14: Амортизация СЗКК 03: 27 шт. по 28 RUR. (данные из БД) | CJ14: 44742 | CK14: -9299.21 | CL14: sell | CS14: 45968 | CT14: 24970.39 | CU14: buy
A15: 43754 | B15: 34621.85 | C15: buy | D15: 43840 | E15: -1409.09 | F15: Дивиденд по MGNT - Магнит ао 11шт. по 147.19 RUR - налог 210 RUR (данные из БД) | G15: 44116 | H15: -1114 | I15: Дивиденд по LSRG - ЛСР ао 64шт. по 20 RUR - налог 166 RUR (данные из БД) | J15: 44579 | K15: 31459.28 | L15: buy | AQ15: 44364 | AR15: -68000 | AS15: Амортизация ВЭБ ПБО1Р9: 68 шт. по 1000 RUR. (данные из БД) | BD15: ==-SUM(BD2:BD13) | BE15: Полный доход | BF15: 44742 | BG15: -9735.46 | BH15: sell | BM15: ==XIRR(BM2:BM14,BL2:BL14) | BP15: ==-SUM(BP2:BP13) | BQ15: Полный доход | BS15: ==XIRR(BS2:BS14,BR2:BR14) | BX15: 45205 | BY15: -1261.17 | BZ15: Купон по RU000A0JRU20 - СЗКК 03 27шт. по 53.71 RUR - налог 189 RUR (данные из БД) | CK15: ==XIRR(CK2:CK14,CJ2:CJ14) | CS15: 46012 | CT15: -7238 | CU15: Дивиденд по PMSBP - ПермьЭнС-п 320шт. по 26 RUR - налог 1082 RUR (данные из БД)
A16: 43833 | B16: 18424.01 | C16: buy | D16: 43969 | E16: 7238.02 | F16: buy | G16: 44327 | H16: -2172 | I16: Дивиденд по LSRG - ЛСР ао 64шт. по 39 RUR - налог 324 RUR (данные из БД) | J16: 44916 | K16: -3786 | L16: Дивиденд по LKOH - ЛУКОЙЛ 17шт. по 256 RUR - налог 566 RUR (данные из БД) | AR16: ==XIRR(AR2:AR15,AQ2:AQ15) | BG16: ==XIRR(BG2:BG15,BF2:BF15) | BM16: ==-SUM(BM2:BM14) | BN16: Полный доход | BS16: ==-SUM(BS2:BS14) | BT16: Полный доход | BX16: 45204 | BY16: -810 | BZ16: Амортизация СЗКК 03: 27 шт. по 30 RUR. (данные из БД) | CK16: ==-SUM(CK2:CK14) | CL16: Полный доход | CS16: 46012 | CT16: -19453 | CU16: Дивиденд по PMSBP - ПермьЭнС-п 860шт. по 26 RUR - налог 2907 RUR (данные из БД)
A17: 43902 | B17: 17543.1 | C17: buy | D17: 44001 | E17: -1776 | F17: Дивиденд по MGNT - Магнит ао 13шт. по 157 RUR - налог 265 RUR (данные из БД) | G17: 43733 | H17: -21751.07 | I17: Вывод бумаги | J17: 44916 | K17: -1559 | L17: Дивиденд по LKOH - ЛУКОЙЛ 7шт. по 256 RUR - налог 233 RUR (данные из БД) | AR17: ==-SUM(AR2:AR15) | AS17: Полный доход | BG17: ==-SUM(BG2:BG15) | BH17: Полный доход | BX17: 45246 | BY17: -1420.77 | BZ17: sell | CS17: 46049 | CT17: -635642.56 | CU17: sell
A18: 43969 | B18: 12280.21 | C18: buy | D18: 44000 | E18: 3833.15 | F18: buy | G18: 43833 | H18: -9292.66 | I18: Вывод бумаги | J18: 44916 | K18: -7942 | L18: Дивиденд по LKOH - ЛУКОЙЛ 17шт. по 537 RUR - налог 1187 RUR (данные из БД) | BX18: 45247 | BY18: -17650.62 | BZ18: sell | CS18: 46049 | CT18: -236458.99 | CU18: sell
A19: 44000 | B19: 13217.45 | C19: buy | D19: 44204 | E19: -2988.34 | F19: Дивиденд по MGNT - Магнит ао 14шт. по 245.31 RUR - налог 446 RUR (данные из БД) | G19: 43969 | H19: -8891.36 | I19: Вывод бумаги | J19: 44916 | K19: -3270 | L19: Дивиденд по LKOH - ЛУКОЙЛ 7шт. по 537 RUR - налог 489 RUR (данные из БД) | BY19: ==XIRR(BY2:BY18,BX2:BX18) | CT19: ==XIRR(CT2:CT18,CS2:CS18)
A20: 44109 | B20: -10738 | C20: Дивиденд по SBERP - Сбербанк-п 660шт. по 18.7 RUR - налог 1604 RUR (данные из БД) | D20: 44372 | E20: -2988.34 | F20: Дивиденд по MGNT - Магнит ао 14шт. по 245.31 RUR - налог 446 RUR (данные из БД) | G20: 44000 | H20: -4621.61 | I20: Вывод бумаги | J20: 45082 | K20: -6478 | L20: Дивиденд по LKOH - ЛУКОЙЛ 17шт. по 438 RUR - налог 968 RUR (данные из БД) | BY20: ==-SUM(BY2:BY18) | BZ20: Полный доход | CT20: ==-SUM(CT2:CT18) | CU20: Полный доход
A21: 44328 | B21: -10738 | C21: Дивиденд по SBERP - Сбербанк-п 660шт. по 18.7 RUR - налог 1604 RUR (данные из БД) | D21: 43733 | E21: -10719.05 | F21: Вывод бумаги | G21: 45114 | H21: -4343 | I21: Дивиденд по LSRG - ЛСР ао 64шт. по 78 RUR - налог 649 RUR (данные из БД) | J21: 45082 | K21: -2667 | L21: Дивиденд по LKOH - ЛУКОЙЛ 7шт. по 438 RUR - налог 399 RUR (данные из БД)
A22: 43524 | B22: -17855.66 | C22: Вывод бумаги | D22: 43754 | E22: -25976.11 | F22: Вывод бумаги | G22: 45363 | H22: -63007.04 | I22: sell | J22: 45163 | K22: 98353.94 | L22: buy
A23: 43733 | B23: -14197.78 | C23: Вывод бумаги | D23: 43969 | E23: -7238.02 | F23: Вывод бумаги | H23: ==XIRR(H2:H22,G2:G22) | J23: 45277 | K23: -6611 | L23: Дивиденд по LKOH - ЛУКОЙЛ 17шт. по 447 RUR - налог 988 RUR (данные из БД)
A24: 43754 | B24: -34621.85 | C24: Вывод бумаги | D24: 44000 | E24: -3833.15 | F24: Вывод бумаги | H24: ==-SUM(H2:H22) | I24: Полный доход | J24: 45277 | K24: -8556 | L24: Дивиденд по LKOH - ЛУКОЙЛ 22шт. по 447 RUR - налог 1278 RUR (данные из БД)
A25: 43833 | B25: -18424.01 | C25: Вывод бумаги | D25: 44561 | E25: -3585.18 | F25: Дивиденд по MGNT - Магнит ао 14шт. по 294.37 RUR - налог 536 RUR (данные из БД) | J25: 45286 | K25: 6737.06 | L25: buy
A26: 43902 | B26: -17543.1 | C26: Вывод бумаги | D26: 44613 | E26: 18210.61 | F26: buy | J26: 45352 | K26: 22231.48 | L26: buy
A27: 43969 | B27: -12280.21 | C27: Вывод бумаги | D27: 45302 | E27: -6454.34 | F27: Дивиденд по MGNT - Магнит ао 18шт. по 412.13 RUR - налог 964 RUR (данные из БД) | J27: 45370 | K27: 190222.56 | L27: buy
A28: 44000 | B28: -13217.45 | C28: Вывод бумаги | D28: 45370 | E28: 137429.27 | F28: buy | J28: 45419 | K28: -19930 | L28: Дивиденд по LKOH - ЛУКОЙЛ 46шт. по 498 RUR - налог 2978 RUR (данные из БД)
A29: 44572 | B29: 2770.32 | C29: buy | D29: 45443 | E29: 28380.5 | F29: buy | J29: 45419 | K29: -9965 | L29: Дивиденд по LKOH - ЛУКОЙЛ 23шт. по 498 RUR - налог 1489 RUR (данные из БД)
A30: 44579 | B30: 34953.21 | C30: buy | D30: 45446 | E30: 32337.5 | F30: buy | J30: 45443 | K30: 37004 | L30: buy
A31: 44613 | B31: 53767.24 | C31: buy | D31: 45488 | E31: -16134.85 | F31: Дивиденд по MGNT - Магнит ао 45шт. по 412.13 RUR - налог 2411 RUR (данные из БД) | J31: 45643 | K31: -22806 | L31: Дивиденд по LKOH - ЛУКОЙЛ 51шт. по 514 RUR - налог 3408 RUR (данные из БД)
A32: 45057 | B32: -20227 | C32: Дивиденд по SBERP - Сбербанк-п 930шт. по 25 RUR - налог 3023 RUR (данные из БД) | D32: 45968 | E32: 14399.46 | F32: buy | J32: 45643 | K32: -10285 | L32: Дивиденд по LKOH - ЛУКОЙЛ 23шт. по 514 RUR - налог 1537 RUR (данные из БД)
A33: 45057 | B33: -3480 | C33: Дивиденд по SBERP - Сбербанк-п 160шт. по 25 RUR - налог 520 RUR (данные из БД) | D33: 46094 | E33: -144272.55 | F33: sell | J33: 45750 | K33: 175379.92 | L33: buy
A34: 45281 | B34: 5277.78 | C34: buy | D34: 46094 | E34: -16028.05 | F34: sell | J34: 45811 | K34: -24004 | L34: Дивиденд по LKOH - ЛУКОЙЛ 51шт. по 541 RUR - налог 3587 RUR (данные из БД)
A35: 45303 | B35: 2759.58 | C35: buy | E35: ==XIRR(E2:E34,D2:D34) | J35: 45811 | K35: -23063 | L35: Дивиденд по LKOH - ЛУКОЙЛ 49шт. по 541 RUR - налог 3446 RUR (данные из БД)
A36: 45370 | B36: 169000.77 | C36: buy | E36: ==-SUM(E2:E34) | F36: Полный доход | J36: 45817 | K36: 137314.2 | L36: buy
A37: 45443 | B37: 109329.9 | C37: buy | J37: 45898 | K37: 96521.81 | L37: buy
A38: 45446 | B38: 36710.4 | C38: buy | J38: 45982 | K38: -399679.96 | L38: sell
A39: 45484 | B39: -57652 | C39: Дивиденд по SBERP - Сбербанк-п 1990шт. по 33.3 RUR - налог 8615 RUR (данные из БД) | J39: 45982 | K39: -350404.36 | L39: sell
A40: 45484 | B40: -4925 | C40: Дивиденд по SBERP - Сбербанк-п 170шт. по 33.3 RUR - налог 736 RUR (данные из БД) | K40: ==XIRR(K2:K39,J2:J39)
A41: 45817 | B41: -49315.88 | C41: sell | K41: ==-SUM(K2:K39) | L41: Полный доход
A42: 45817 | B42: -286776.67 | C42: sell
A43: 45856 | B43: -32150.4 | C43: Дивиденд по SBERP - Сбербанк-п 1060шт. по 34.84 RUR - налог 4780 RUR (данные из БД)
A44: 45856 | B44: -303.4 | C44: Дивиденд по SBERP - Сбербанк-п 10шт. по 34.84 RUR - налог 45 RUR (данные из БД)
A45: 46223 | B45: -34711.4 | C45: Дивиденд по SBERP - Сбербанк-п 1060шт. по 37.64 RUR - налог 5187 RUR (данные из БД)
A46: 46223 | B46: -327.4 | C46: Дивиденд по SBERP - Сбербанк-п 10шт. по 37.64 RUR - налог 49 RUR (данные из БД)
A47: 46226 | B47: -279492.7 | C47: sell
A48: 46226 | B48: -2636.62 | C48: sell
B49: ==XIRR(B2:B48,A2:A48)
B50: ==-SUM(B2:B48) | C50: Полный доход

Sheet Доход
B1: ROSN Роснефть | E1: SIBN Газпрнефть | H1: SBER Сбербанк | K1: PHOR ФосАгро ао | N1: MDMG MDMG-ао | Q1: DOMRF ДОМ.РФ | T1: PLZL Полюс | W1: TATNP Татнфт 3ап | Z1: BELU НоваБев ао | AC1: MRKP РСетиЦП ао | AF1: RTKMP Ростел -ап | AI1: TRNFP Транснф ап | AL1: NMTP НМТП ао | AO1: X5 КЦ ИКС 5 | AR1: ZAYM Займер ао | AU1: MOEX МосБиржа | AX1: MTSS МТС-ао | BA1: GAZP ГАЗПРОМ ао | BD1: CHMF СевСт-ао | BG1: NLMK НЛМК ао | BJ1: VTBR ВТБ ао
A2: 44445 | B2: 69 | C2: 38170.8 | D2: 45370 | E2: 278 | F2: 219075.27 | G2: 45817 | H2: 910 | I2: 282747.78 | J2: 45443 | K2: 3 | L2: 17957 | M2: 45681 | N2: 201 | O2: 197622.2 | P2: 46238 | Q2: 11 | R2: 24445.28 | S2: 45281 | T2: 90 | U2: 94496.84 | V2: 44445 | W2: 84 | X2: 38287.2 | Y2: 45363 | Z2: 88 | AA2: 64784.24 | AB2: 45406 | AC2: 130000 | AD2: 46917.19 | AE2: 43649 | AF2: 300 | AG2: 19033.69 | AH2: 46238 | AI2: 67 | AJ2: 72532.42 | AK2: 44459 | AL2: 11200 | AM2: 89708.14 | AN2: 46094 | AO2: 59 | AP2: 142913.01 | AQ2: 46233 | AR2: 2230 | AS2: 297002.08 | AT2: 43733 | AU2: 170 | AV2: 16077.17 | AW2: 43606 | AX2: 150 | AY2: 38240.42 | AZ2: 43663 | BA2: 90 | BB2: 20119.43 | BC2: 43754 | BD2: 10 | BE2: 8835.24 | BF2: 43439 | BG2: 30 | BH2: 4733.6 | BI2: 45788 | BJ2: 13 | BK2: 1291.14
A3: 44613 | B3: 59 | C3: 25048.1 | D3: 45443 | E3: 21 | F3: 14169.55 | G3: 46226 | H3: 1058 | I3: 278631.5 | J3: 46238 | K3: 7 | L3: 40475.38 | M3: 46238 | N3: 19 | O3: 25325.08 | P3: 45982 | Q3: 259 | R3: 447276.69 | S3: 45286 | T3: 10 | U3: 10609.04 | V3: 45370 | W3: 150 | X3: 106569.22 | Y3: 45370 | Z3: 224 | AA3: 165223.32 | AB3: 46233 | AC3: 290000 | AD3: 152133.78 | AE3: 43833 | AF3: 80 | AG3: 5689.54 | AH3: 45806 | AI3: 77 | AJ3: 98494.57 | AK3: 45370 | AL3: 7400 | AM3: 88339.39 | AN3: 46226 | AO3: 51 | AP3: 97876.01 | AQ3: 46238 | AR3: 220 | AS3: 29506.03 | AT3: 43733 | AU3: 30 | AV3: 2837.15 | AW3: 43733 | AX3: 10 | AY3: 2675.75 | AZ3: 43833 | BA3: 30 | BB3: 7808.18 | BC3: 43754 | BD3: 10 | BE3: 8833.24 | BF3: 43439 | BG3: 20 | BH3: 3155.73 | BI3: 45817 | BJ3: 29 | BK3: 2709.89
A4: 45370 | B4: 163 | C4: 92423.29 | D4: 45684 | E4: 4 | F4: 2414.05 | G4: 46227 | H4: 11 | I4: 2893.84 | J4: 45082 | K4: 13 | L4: 95342.73 | M4: 45750 | N4: 138 | O4: 137611.38 | P4: 46147 | Q4: 79 | R4: 175558.62 | S4: 45370 | T4: 140 | U4: 161433.87 | V4: 45443 | W4: 13 | X4: 8932.3 | Y4: 45443 | Z4: 32 | AA4: 22488 | AB4: 46238 | AC4: 30000 | AD4: 15698.11 | AE4: 43902 | AF4: 10 | AG4: 614.89 | AH4: 45968 | AI4: 21 | AJ4: 26581.9 | AK4: 45443 | AL4: 1000 | AM4: 9780 | AN4: 46238 | AO4: 6 | AP4: 12419.17 | AR4: ==SUM(AS2:AS3)/SUM(AR2:AR3) | AS4: Средняя цена | AT4: 43969 | AU4: 30 | AV4: 3417.26 | AW4: 43733 | AX4: 40 | AY4: 10703 | AZ4: 43969 | BA4: 20 | BB4: 3792.22 | BC4: 43833 | BD4: 10 | BE4: 9473.21 | BF4: 43641 | BG4: 120 | BH4: 20451.06 | BI4: 46049 | BJ4: 62 | BK4: 4489.12
A5: 45443 | B5: 16 | C5: 8983.2 | D5: 45687 | E5: 155 | F5: 96975.75 | G5: 46233 | H5: 23 | I5: 6359.47 | J5: 45163 | K5: 13 | L5: 98108.22 | M5: 45817 | N5: 3 | O5: 2919.82 | Q5: ==SUM(R2:R4)/SUM(Q2:Q4) | R5: Средняя цена | S5: 45817 | T5: 2 | U5: 3393.81 | V5: 45586 | W5: 3 | X5: 1785.3 | Y5: 45982 | Z5: 175 | AA5: 72760.43 | AB5: 45026 | AC5: 220000 | AD5: 51127.97 | AE5: 43902 | AF5: 10 | AG5: 614.89 | AH5: 46147 | AI5: 76 | AJ5: 105480.51 | AK5: 46237 | AL5: 13200 | AM5: 99221.22 | AN5: 45750 | AO5: 20 | AP5: 66603.27 | AR5: 128.5 | AS5: Текущая цена | AT5: 44000 | AU5: 30 | AV5: 3476.41 | AW5: 43902 | AX5: 70 | AY5: 20127.56 | AZ5: 44000 | BA5: 20 | BB5: 3860.47 | BC5: 43902 | BD5: 20 | BE5: 15864.93 | BF5: 43833 | BG5: 100 | BH5: 14452.57 | BI5: 46094 | BJ5: 16 | BK5: 1382.69
A6: 45687 | B6: 191 | C6: 102165.9 | D6: 45982 | E6: 300 | F6: 148573.61 | G6: 45750 | H6: 730 | I6: 219346.87 | J6: 45370 | K6: 24 | L6: 159743.64 | M6: 45968 | N6: 46 | O6: 59614.39 | Q6: 2072.5 | R6: Текущая цена | S6: 46049 | T6: 85 | U6: 232666.02 | V6: 45817 | W6: 229 | X6: 141495.72 | Y6: 46233 | Z6: 1108 | AA6: 296851.93 | AB6: 45750 | AC6: 120000 | AD6: 44514.92 | AE6: 43902 | AF6: 280 | AG6: 17217.09 | AH6: 45750 | AI6: 120 | AJ6: 150239.3 | AK6: 46238 | AL6: 1700 | AM6: 12514.75 | AN6: 45968 | AO6: 12 | AP6: 31816.61 | AR6: 2450 | AS6: Остаток | AT6: 44459 | AU6: 90 | AV6: 16312.09 | AW6: 43969 | AX6: 40 | AY6: 13015.01 | AZ6: 44144 | BA6: 110 | BB6: 18556.65 | BC6: 43969 | BD6: 7 | BE6: 5986.35 | BF6: 43902 | BG6: 150 | BH6: 16942.24 | BI6: 45999 | BJ6: 125 | BK6: 9114.45
A7: 45817 | B7: 350 | C7: 148424.48 | D7: 46238 | E7: 176 | F7: 82191.49 | G7: 45817 | H7: 470 | I7: 146156.32 | J7: 45446 | K7: 23 | L7: 132158 | M7: 45995 | N7: 25 | O7: 34551.88 | Q7: 349 | R7: Остаток | S7: 45968 | T7: 92 | U7: 192277.45 | V7: 45982 | W7: 170 | X7: 98603.66 | Y7: 45352 | Z7: 64 | AA7: 45312.74 | AB7: 45968 | AC7: 90000 | AD7: 40581.48 | AE7: 43969 | AF7: 40 | AG7: 2869.98 | AH7: 46147 | AI7: 46 | AJ7: 63896.26 | AK7: 45750 | AL7: 6600 | AM7: 61320.83 | AN7: 45982 | AO7: 2 | AP7: 5442.89 | AR7: ==AR6*(ABS(AR5)-ABS(AR4)) | AS7: Доход | AT7: 45370 | AU7: 450 | AV7: 94084.12 | AW7: 44000 | AX7: 50 | AY7: 16271.27 | AZ7: 44445 | BA7: 120 | BB7: 38803.2 | BC7: 44000 | BD7: 8 | BE7: 6987.24 | BF7: 43969 | BG7: 10 | BH7: 1230.26 | BI7: 46094 | BJ7: 25 | BK7: 2160.57
A8: 45982 | B8: 193 | C8: 79008.04 | D8: 45352 | E8: 67 | F8: 53953.37 | G8: 45968 | H8: 150 | I8: 44602.11 | J8: 45750 | K8: 48 | L8: 288796.59 | M8: 46147 | N8: 126 | O8: 164940.07 | Q8: ==Q7*(ABS(Q6)-ABS(Q5)) | R8: Доход | S8: 45995 | T8: 37 | U8: 78851.3 | V8: 46238 | W8: 4 | X8: 2029.42 | Y8: 45750 | Z8: 158 | AA8: 84189.7 | AB8: 46147 | AC8: 170000 | AD8: 104942.16 | AE8: 43969 | AF8: 30 | AG8: 2152.5 | AI8: ==SUM(AJ2:AJ7)/SUM(AI2:AI7) | AJ8: Средняя цена | AK8: 45968 | AL8: 3400 | AM8: 28943.03 | AN8: 46094 | AO8: 6 | AP8: 14536.07 | AT8: 45443 | AU8: 40 | AV8: 9506.3 | AW8: 45370 | AX8: 410 | AY8: 119305.5 | AZ8: 44746 | BA8: 230 | BB8: 42867.18 | BC8: 45082 | BD8: 4 | BE8: 4158.94 | BF8: 43969 | BG8: 50 | BH8: 6151.26 | BI8: 46163 | BJ8: 30 | BK8: 2704.53
A9: 45750 | B9: 239 | C9: 109867.53 | D9: 45750 | E9: 275 | F9: 155683.03 | G9: 46147 | H9: 159 | I9: 51248.77 | J9: 45968 | K9: 12 | L9: 81356.16 | M9: 46195 | N9: 40 | O9: 48591.08 | S9: 45750 | T9: 81 | U9: 141569.49 | V9: 45968 | W9: 50 | X9: 26396.84 | Y9: 45968 | Z9: 88 | AA9: 33892.88 | AC9: ==SUM(AD2:AD8)/SUM(AC2:AC8) | AD9: Средняя цена | AE9: 43969 | AF9: 10 | AG9: 717.5 | AI9: 1023.8 | AJ9: Текущая цена | AK9: 46147 | AL9: 9000 | AM9: 76369.62 | AN9: 46147 | AO9: 33 | AP9: 76660.3 | AT9: 45750 | AU9: 310 | AV9: 61019.73 | AW9: 46238 | AX9: 40 | AY9: 7512.76 | AZ9: 45258 | BA9: 120 | BB9: 19789.63 | BC9: 45370 | BD9: 61 | BE9: 104752.25 | BF9: 44000 | BG9: 60 | BH9: 8248.52 | BJ9: ==SUM(BK2:BK8)/SUM(BJ2:BJ8) | BK9: Средняя цена
A10: 45817 | B10: 5 | C10: 2117.15 | D10: 45817 | E10: 306 | F10: 160763.14 | G10: 46163 | H10: 612 | I10: 197804.83 | J10: 46132 | K10: 3 | L10: 20940.83 | N10: ==SUM(O2:O9)/SUM(N2:N9) | O10: Средняя цена | S10: 46147 | T10: 162 | U10: 335780.73 | V10: 46163 | W10: 414 | X10: 246883.19 | Y10: 45995 | Z10: 78 | AA10: 32992.47 | AC10: 0.521 | AD10: Текущая цена | AE10: 43969 | AF10: 20 | AG10: 1436 | AI10: 407 | AJ10: Остаток | AL10: ==SUM(AM2:AM9)/SUM(AL2:AL9) | AM10: Средняя цена | AO10: ==SUM(AP2:AP9)/SUM(AO2:AO9) | AP10: Средняя цена | AT10: 45968 | AU10: 120 | AV10: 19450.29 | AW10: 46147 | AX10: 240 | AY10: 52426.05 | AZ10: 45370 | BA10: 700 | BB10: 111232.26 | BC10: 45443 | BD10: 7 | BE10: 12535.6 | BF10: 45370 | BG10: 530 | BH10: 109166.11 | BJ10: 51.285 | BK10: Текущая цена
A11: 45898 | B11: 128 | C11: 59080.32 | D11: 45968 | E11: 116 | F11: 55817.19 | G11: 46223 | H11: 796 | I11: 197824.68 | J11: 46147 | K11: 42 | L11: 283415.08 | N11: 1292.6 | O11: Текущая цена | S11: 46226 | T11: 1 | U11: 1234.11 | W11: ==SUM(X2:X10)/SUM(W2:W10) | X11: Средняя цена | Y11: 46147 | Z11: 348 | AA11: 124804.26 | AC11: 1050000 | AD11: Остаток | AE11: 44000 | AF11: 90 | AG11: 6799.71 | AI11: ==AI10*(ABS(AI9)-ABS(AI8)) | AJ11: Доход | AL11: 6.655 | AM11: Текущая цена | AO11: 1820.5 | AP11: Текущая цена | AU11: ==SUM(AV2:AV10)/SUM(AU2:AU10) | AV11: Средняя цена | AX11: ==SUM(AY2:AY10)/SUM(AX2:AX10) | AY11: Средняя цена | AZ11: 44579 | BA11: 110 | BB11: 33525.91 | BC11: 46238 | BD11: 41 | BE11: 26608.33 | BF11: 45443 | BG11: 70 | BH11: 13630.4 | BJ11: 300 | BK11: Остаток
A12: 45968 | B12: 166 | C12: 65497.4 | D12: 46049 | E12: 85 | F12: 42659.47 | H12: ==SUM(I2:I11)/SUM(H2:H11) | I12: Средняя цена | J12: 46198 | K12: 19 | L12: 96987.21 | N12: 598 | O12: Остаток | T12: ==SUM(U2:U11)/SUM(T2:T11) | U12: Средняя цена | W12: 602.9 | X12: Текущая цена | Y12: 46195 | Z12: 201 | AA12: 54479.77 | AC12: ==AC11*(ABS(AC10)-ABS(AC9)) | AD12: Доход | AE12: 45370 | AF12: 1310 | AG12: 100509.3 | AL12: 53500 | AM12: Остаток | AO12: 189 | AP12: Остаток | AU12: 148.71 | AV12: Текущая цена | AX12: 176.1 | AY12: Текущая цена | AZ12: 44742 | BA12: 130 | BB12: 27562.07 | BC12: 45968 | BD12: 20 | BE12: 17287.55 | BF12: 45446 | BG12: 90 | BH12: 16660.8 | BJ12: ==BJ11*(ABS(BJ10)-ABS(BJ9)) | BK12: Доход
A13: 46049 | B13: 993 | C13: 395818.67 | D13: 46147 | E13: 490 | F13: 251090.95 | H13: 276.71 | I13: Текущая цена | K13: ==SUM(L2:L12)/SUM(K2:K12) | L13: Средняя цена | N13: ==N12*(ABS(N11)-ABS(N10)) | O13: Доход | T13: 1009.4 | U13: Текущая цена | W13: 1117 | X13: Остаток | Z13: ==SUM(AA2:AA12)/SUM(Z2:Z12) | AA13: Средняя цена | AE13: 45443 | AF13: 120 | AG13: 9282 | AL13: ==AL12*(ABS(AL11)-ABS(AL10)) | AM13: Доход | AO13: ==AO12*(ABS(AO11)-ABS(AO10)) | AP13: Доход | AU13: 1270 | AV13: Остаток | AX13: 1050 | AY13: Остаток | AZ13: 44746 | BA13: 10 | BB13: 1863.79 | BC13: 45750 | BD13: 46 | BE13: 51087.13 | BF13: 46238 | BG13: 440 | BH13: 31831.81
A14: 46147 | B14: 765 | C14: 324188.09 | D14: 46198 | E14: 247 | F14: 104826.89 | H14: 4919 | I14: Остаток | K14: 5064 | L14: Текущая цена | T14: 700 | U14: Остаток | W14: ==W13*(ABS(W12)-ABS(W11)) | X14: Доход | Z14: 249.2 | AA14: Текущая цена | AE14: 46233 | AF14: 5650 | AG14: 247541.08 | AU14: ==AU13*(ABS(AU12)-ABS(AU11)) | AV14: Доход | AX14: ==AX13*(ABS(AX12)-ABS(AX11)) | AY14: Доход | AZ14: 45082 | BA14: 30 | BB14: 4882.09 | BD14: ==SUM(BE2:BE13)/SUM(BD2:BD13) | BE14: Средняя цена | BF14: 45968 | BG14: 170 | BH14: 17052.73
A15: 46195 | B15: 493 | C15: 148452.54 | D15: 46226 | E15: 11 | F15: 4610.95 | H15: ==H14*(ABS(H13)-ABS(H12)) | I15: Доход | K15: 207 | L15: Остаток | T15: ==T14*(ABS(T13)-ABS(T12)) | U15: Доход | Z15: 2564 | AA15: Остаток | AE15: 46238 | AF15: 390 | AG15: 17292.54 | AZ15: 45281 | BA15: 20 | BB15: 3233.97 | BD15: 643 | BE15: Текущая цена | BF15: 45750 | BG15: 410 | BH15: 56154.89
A16: 46223 | B16: 600 | C16: 183134.67 | E16: ==SUM(F2:F15)/SUM(E2:E15) | F16: Средняя цена | K16: ==K15*(ABS(K14)-ABS(K13)) | L16: Доход | Z16: ==Z15*(ABS(Z14)-ABS(Z13)) | AA16: Доход | AE16: 46147 | AF16: 3620 | AG16: 203162.82 | AZ16: 45286 | BA16: 10 | BB16: 1616.46 | BD16: 244 | BE16: Остаток | BG16: ==SUM(BH2:BH15)/SUM(BG2:BG15) | BH16: Средняя цена
B17: ==SUM(C2:C16)/SUM(B2:B16) | C17: Средняя цена | E17: 557.8 | F17: Текущая цена | AF17: ==SUM(AG2:AG16)/SUM(AF2:AF16) | AG17: Средняя цена | BA17: ==SUM(BB2:BB16)/SUM(BA2:BA16) | BB17: Средняя цена | BD17: ==BD16*(ABS(BD15)-ABS(BD14)) | BE17: Доход | BG17: 69.54 | BH17: Текущая цена
B18: 361.25 | C18: Текущая цена | E18: 2531 | F18: Остаток | AF18: 40.4 | AG18: Текущая цена | BA18: 99.54 | BB18: Текущая цена | BG18: 2250 | BH18: Остаток
B19: 4430 | C19: Остаток | E19: ==E18*(ABS(E17)-ABS(E16)) | F19: Доход | AF19: 11960 | AG19: Остаток | BA19: 1750 | BB19: Остаток | BG19: ==BG18*(ABS(BG17)-ABS(BG16)) | BH19: Доход
B20: ==B19*(ABS(B18)-ABS(B17)) | C20: Доход | AF20: ==AF19*(ABS(AF18)-ABS(AF17)) | AG20: Доход | BA20: ==BA19*(ABS(BA18)-ABS(BA17)) | BB20: Доход

Sheet Сделки
A1: Дата | B1: Тикер | C1: Название | D1: Операция | E1: Тип | F1: Валюта | G1: Количество | H1: Цена | I1: Сумма | J1: НКД | K1: Комиссия банка | L1: Комиссия ТС | M1: RUR | N1: CNY | O1: Комментарий | P1: Портфель
A2: 43326.083 | B2: input | C2: Зачисление денежных средств | D2: input | E2: input | F2: RUR | G2: 1 | H2: 100000 | I2: 100000 | J2: 0 | K2: 0 | L2: 0 | M2: ==I2+J2+K2+L2 | O2: Первое пополнение | P2: 48S8D
A3: 43327.557 | B3: GAZP | C3: "Газпром" (ПАО) ао | D3: buy | E3: share | F3: RUR | G3: 130 | H3: 140.93 | I3: -18320.9 | J3: 0 | K3: -54.96 | L3: -1.7 | M3: ==I3+J3+K3+L3 | P3: 48S8D
A4: 43327.558 | B4: ROSN | C4: ПАО НК Роснефть | D4: buy | E4: share | F4: RUR | G4: 20 | H4: 428.45 | I4: -8569 | J4: 0 | K4: -25.71 | L4: -0.8 | M4: ==I4+J4+K4+L4 | P4: 48S8D
A5: 43327.559 | B5: MFON | C5: МегаФон ПАО ао | D5: buy | E5: share | F5: RUR | G5: 30 | H5: 628 | I5: -18840 | J5: 0 | K5: -56.52 | L5: -1.74 | M5: ==I5+J5+K5+L5 | P5: 48S8D
A6: 43327.559 | B6: YNDX | C6: PLLC Yandex N.V. class A shs | D6: buy | E6: share | F6: RUR | G6: 9 | H6: 2138 | I6: -19242 | J6: 0 | K6: -57.72 | L6: -1.79 | M6: ==I6+J6+K6+L6 | P6: 48S8D
A7: 43327.559 | B7: SBER | C7: Сбербанк России ПАО ао | D7: buy | E7: share | F7: RUR | G7: 150 | H7: 191.02 | I7: -28653 | J7: 0 | K7: -85.96 | L7: -2.66 | M7: ==I7+J7+K7+L7 | P7: 48S8D
A8: 43332.083 | B8: commission | C8: Оплата депозитарных услуг | D8: commission | E8: commission | F8: RUR | G8: 1 | H8: -149 | I8: -149 | J8: 0 | K8: 0 | L8: 0 | M8: ==I8+J8+K8+L8 | P8: 48S8D
A9: 43363.083 | B9: input | C9: Зачисление денежных средств | D9: input | E9: input | F9: RUR | G9: 1 | H9: 1000 | I9: 1000 | J9: 0 | K9: 0 | L9: 0 | M9: ==I9+J9+K9+L9 | P9: S8S8D
A10: 43367.797 | B10: GAZP | C10: "Газпром" (ПАО) ао | D10: sell | E10: share | F10: RUR | G10: -130 | H10: 158.53 | I10: 20608.9 | J10: 0 | K10: -61.83 | L10: -1.91 | M10: ==I10+J10+K10+L10 | P10: 48S8D
A11: 43367.848 | B11: RU000A0ZZE20 | C11: Сбербанк ПАО БО 001P-16R | D11: buy | E11: bond | F11: RUR | G11: 5 | H11: 96.49 | I11: -4824.5 | J11: -62.65 | K11: -14.47 | L11: -0.49 | M11: ==I11+J11+K11+L11 | P11: 48S8D
A12: 43367.859 | B12: LNTA | C12: Лента ПиЭлСи др | D12: buy | E12: share | F12: RUR | G12: 3 | H12: 252 | I12: -756 | J12: 0 | K12: -2.27 | L12: -0.07 | M12: ==I12+J12+K12+L12 | P12: S8S8D
A13: 43368.083 | B13: commission | C13: Оплата депозитарных услуг | D13: commission | E13: commission | F13: RUR | G13: 1 | H13: -149 | I13: -149 | J13: 0 | K13: 0 | L13: 0 | M13: ==I13+J13+K13+L13 | P13: 48S8D
A14: 43369.529 | B14: AFKS | C14: АФК "Система" ПАО ао | D14: buy | E14: share | F14: RUR | G14: 1000 | H14: 8.92 | I14: -8920 | J14: 0 | K14: -26.76 | L14: -0.82 | M14: ==I14+J14+K14+L14 | P14: 48S8D
... A290: 44746.866 | B290: GAZP | C290: "Газпром" (ПАО) ао | D290: buy | E290: share | F290: RUR | G290: 10 | H290: 186.25 | I290: -1862.5 | J290: 0 | K290: -1.12 | L290: -0.17 | M290: ==I290+J290+K290+L290 | P290: 403UHP4
A291: 44772.555 | B291: yield | C291: Прочий доход | D291: dohod | E291: dohod | F291: RUR | G291: 468.77 | H291: 1 | I291: -468.77 | J291: 0 | K291: 0 | L291: 0 | M291: ==I291+J291+K291+L291 | O291: Корректировка нестыковки с показаниями брокера | P291: 48S8D
A292: 44774.083 | B292: input | C292: Зачисление денежных средств | D292: input | E292: input | F292: RUR | G292: 1 | H292: 100000 | I292: 100000 | J292: 0 | K292: 0 | L292: 0 | M292: ==I292+J292+K292+L292 | P292: 403UHP4
A293: 44774.578 | B293: DIVD | C293: БПИФ ДОХОДЪ Инд дивид акций РФ | D293: buy | E293: etf | F293: RUR | G293: 130 | H293: 762.95077 | I293: -99183.6 | J293: 0 | K293: -59.51 | L293: -9.23 | M293: ==I293+J293+K293+L293 | P293: 403UHP4
A294: 44846.833 | B294: amort | C294: Амортизация СЗКК 03 | D294: amort | E294: amort | F294: RUR | G294: 1 | H294: 729 | I294: 729 | J294: 0 | K294: 0 | L294: 0 | M294: ==I294+J294+K294+L294 | P294: 48S8D
A295: 44897.083 | B295: input | C295: Зачисление денежных средств | D295: input | E295: input | F295: RUR | G295: 1 | H295: 100000 | I295: 100000 | J295: 0 | K295: 0 | L295: 0 | M295: ==I295+J295+K295+L295 | P295: 403UHP4
A296: 44897.785 | B296: DIVD | C296: БПИФ ДОХОДЪ Инд дивид акций РФ | D296: buy | E296: etf | F296: RUR | G296: 132 | H296: 752.71515 | I296: -99358.4 | J296: 0 | K296: -59.62 | L296: -29.8 | M296: ==I296+J296+K296+L296 | P296: 403UHP4
A297: 44933.815 | B297: yield | C297: Прочий доход | D297: dohod | E297: dohod | F297: RUR | G297: 1 | H297: 2000 | I297: 2000 | J297: 0 | K297: 0 | L297: 0 | M297: ==I297+J297+K297+L297 | O297: Кэшбэк за пополнение ИИС | P297: 48S8D
A298: 45026.083 | B298: input | C298: Зачисление денежных средств | D298: input | E298: input | F298: RUR | G298: 1 | H298: 100000 | I298: 100000 | J298: 0 | K298: 0 | L298: 0 | M298: ==I298+J298+K298+L298 | P298: 403UHP4
A299: 45026.763 | B299: PMSBP | C299: "Пермэнергосбыт" ПАО ап | D299: buy | E299: share | F299: RUR | G299: 280 | H299: 177.41429 | I299: -49676 | J299: 0 | K299: -29.8 | L299: -14.9 | M299: ==I299+J299+K299+L299 | P299: 403UHP4
A300: 45026.768 | B300: MRKP | C300: Россети Центр и Приволжье ао | D300: buy | E300: share | F300: RUR | G300: 220000 | H300: 0.23219091 | I300: -51082 | J300: 0 | K300: -30.65 | L300: -15.32 | M300: ==I300+J300+K300+L300 | P300: 403UHP4
A301: 45027.083 | B301: amort | C301: Амортизация по бумаге СЗКК 03 | D301: amort | E301: amort | F301: RUR | G301: 1 | H301: 756 | I301: 756 | J301: 0 | K301: 0 | L301: 0 | M301: ==I301+J301+K301+L301 | P301: 48S8D
A302: 45082.083 | B302: input | C302: Зачисление денежных средств | D302: input | E302: input | F302: RUR | G302: 1 | H302: 100000 | I302: 100000 | J302: 0 | K302: 0 | L302: 0 | M302: ==I302+J302+K302+L302 | P302: 403UHP4
A303: 45082.834 | B303: PHOR | C303: ФосАгро ПАО ао | D303: buy | E303: share | F303: RUR | G303: 13 | H303: 7327.4615 | I303: -95257 | J303: 0 | K303: -57.15 | L303: -28.58 | M303: ==I303+J303+K303+L303 | P303: 403UHP4
A304: 45082.835 | B304: GAZP | C304: "Газпром" (ПАО) ао | D304: buy | E304: share | F304: RUR | G304: 30 | H304: 162.59 | I304: -4877.7 | J304: 0 | K304: -2.93 | L304: -1.46 | M304: ==I304+J304+K304+L304 | P304: 403UHP4
A305: 45082.836 | B305: CHMF | C305: Северсталь (ПАО)ао | D305: buy | E305: share | F305: RUR | G305: 4 | H305: 1038.8 | I305: -4155.2 | J305: 0 | K305: -2.49 | L305: -1.25 | M305: ==I305+J305+K305+L305 | P305: 48S8D
A306: 45162.083 | B306: input | C306: Зачисление денежных средств | D306: input | E306: input | F306: RUR | G306: 1 | H306: 200000 | I306: 200000 | J306: 0 | K306: 0 | L306: 0 | M306: ==I306+J306+K306+L306 | P306: 403UHP4
A307: 45163.742 | B307: PHOR | C307: ФосАгро ПАО ао | D307: buy | E307: share | F307: RUR | G307: 13 | H307: 7540 | I307: -98020 | J307: 0 | K307: -58.81 | L307: -29.41 | M307: ==I307+J307+K307+L307 | P307: 403UHP4
A308: 45163.743 | B308: LKOH | C308: НК ЛУКОЙЛ (ПАО) - ао | D308: buy | E308: share | F308: RUR | G308: 15 | H308: 6551.0333 | I308: -98265.5 | J308: 0 | K308: -58.96 | L308: -29.48 | M308: ==I308+J308+K308+L308 | P308: 403UHP4
A309: 45209.083 | B309: amort | C309: Амортизация по бумаге СЗКК 03 | D309: amort | E309: amort | F309: RUR | G309: 1 | H309: 810 | I309: 810 | J309: 0 | K309: 0 | L309: 0 | M309: ==I309+J309+K309+L309 | P309: 48S8D
... A322: 45286.708 | B322: GAZP | C322: "Газпром" (ПАО) ао | D322: buy | E322: share | F322: RUR | G322: 10 | H322: 161.5 | I322: -1615 | J322: 0 | K322: -0.97 | L322: -0.49 | M322: ==I322+J322+K322+L322 | P322: 403UHP4
A323: 45291.624 | B323: commission | C323: Списание комиссий | D323: commission | E323: commission | F323: RUR | G323: 1 | H323: -147.77 | I323: -147.77 | J323: 0 | K323: 0 | L323: 0 | M323: ==I323+J323+K323+L323 | O323: Корректировка копеек | P323: 403UHP4
A324: 45292.568 | B324: commission | C324: Списание комиссий | D324: commission | E324: commission | F324: RUR | G324: 1 | H324: -59.85 | I324: -59.85 | J324: 0 | K324: 0 | L324: 0 | M324: ==I324+J324+K324+L324 | O324: Корректировка копеек | P324: 48S8D
A325: 45294.083 | B325: nalog | C325: Списание налога за налоговый период | D325: nalog | E325: nalog | F325: RUR | G325: 1 | H325: -23 | I325: -23 | J325: 0 | K325: 0 | L325: 0 | M325: ==I325+J325+K325+L325 | P325: 48S8D
A326: 45303.083 | B326: input | C326: Зачисление денежных средств | D326: input | E326: input | F326: RUR | G326: 1 | H326: 100000 | I326: 100000 | J326: 0 | K326: 0 | L326: 0 | M326: ==I326+J326+K326+L326 | P326: 403UHP4
A327: 45303.615 | B327: CNY | C327: Пользовательская сделка | D327: buy | E327: buy | F327: RUR | G327: 8000 | H327: 12.2395 | I327: -97916 | J327: 0 | K327: -100 | L327: 0 | M327: ==I327+J327+K327+L327 | P327: 403UHP4
A328: 45303.623 | B328: SBERP | C328: Сбербанк России ПАО ап | D328: buy | E328: share | F328: RUR | G328: 10 | H328: 275.71 | I328: -2757.1 | J328: 0 | K328: -1.65 | L328: -0.83 | M328: ==I328+J328+K328+L328 | P328: 403UHP4
A329: 45352.083 | B329: input | C329: Зачисление денежных средств | D329: input | E329: input | F329: RUR | G329: 1 | H329: 100000 | I329: 100000 | J329: 0 | K329: 0 | L329: 0 | M329: ==I329+J329+K329+L329 | P329: 403UHP4
A330: 45352.728 | B330: BELU | C330: НоваБев Групп ПАО ао | D330: buy | E330: share | F330: RUR | G330: 8 | H330: 5659 | I330: -45272 | J330: 0 | K330: -27.16 | L330: -13.58 | M330: ==I330+J330+K330+L330 | P330: 403UHP4
A331: 45352.728 | B331: SIBN | C331: Газпром нефть ПАО ао | D331: buy | E331: share | F331: RUR | G331: 67 | H331: 804.55 | I331: -53904.85 | J331: 0 | K331: -32.35 | L331: -16.17 | M331: ==I331+J331+K331+L331 | P331: 403UHP4
A332: 45352.733 | B332: VTBR | C332: ао ПАО Банк ВТБ | D332: sell | E332: share | F332: RUR | G332: -1050000 | H332: 0.023695 | I332: 24879.75 | J332: 0 | K332: -14.93 | L332: -7.46 | M332: ==I332+J332+K332+L332 | P332: 48S8D
A333: 45352.734 | B333: LKOH | C333: НК ЛУКОЙЛ (ПАО) - ао | D333: buy | E333: share | F333: RUR | G333: 3 | H333: 7403.8333 | I333: -22211.5 | J333: 0 | K333: -13.32 | L333: -6.66 | M333: ==I333+J333+K333+L333 | P333: 48S8D
A334: 45363.801 | B334: LSRG | C334: Группа ЛСР ПАО ао | D334: sell | E334: share | F334: RUR | G334: -64 | H334: 985.37188 | I334: 63063.8 | J334: 0 | K334: -37.84 | L334: -18.92 | M334: ==I334+J334+K334+L334 | P334: 48S8D
A335: 45363.801 | B335: BELU | C335: НоваБев Групп ПАО ао | D335: buy | E335: share | F335: RUR | G335: 11 | H335: 5884.1818 | I335: -64726 | J335: 0 | K335: -38.83 | L335: -19.41 | M335: ==I335+J335+K335+L335 | P335: 48S8D
A336: 45370.083 | B336: input | C336: Зачисление денежных средств | D336: input | E336: input | F336: RUR | G336: 1 | H336: 200000 | I336: 200000 | J336: 0 | K336: 0 | L336: 0 | M336: ==I336+J336+K336+L336 | P336: 403UHP4
... A394: 45688 | B394: commission | C394: Комиссия | D394: commission | E394: commission | F394: RUR | G394: 12 | H394: 12.964167 | I394: -179.23 | J394: 0 | K394: 0 | L394: 0 | M394: ==I394+J394+K394+L394 | P394: 48S8D
A395: 45710.78 | B395: yield | C395: Прочий доход | D395: dohod | E395: dohod | F395: RUR | G395: 315.68 | H395: 1 | I395: 315.68 | J395: 0 | K395: 0 | L395: 0 | M395: ==I395+J395+K395+L395 | O395: Подарочная акция Сбера | P395: 48S8D
A396: 45750 | B396: input | C396: Зачисление денежных средств | D396: input | E396: input | F396: RUR | G396: 1 | H396: 1500000 | I396: 1500000 | J396: 0 | K396: 0 | L396: 0 | M396: ==I396+J396+K396+L396 | P396: 403UHP4
A397: 45750 | B397: input | C397: Зачисление денежных средств | D397: input | E397: input | F397: RUR | G397: 1 | H397: 400000 | I397: 400000 | J397: 0 | K397: 0 | L397: 0 | M397: ==I397+J397+K397+L397 | P397: S20ZXY9
A398: 45750.754 | B398: TRNFP | C398: Транснефть ПАО акц.пр. | D398: buy | E398: share | F398: RUR | G398: 120 | H398: 1250.8683 | I398: -150104.2 | J398: 0 | K398: -90.06 | L398: -45.04 | M398: ==I398+J398+K398+L398 | P398: S20ZXY9
A399: 45750.755 | B399: PLZL | C399: Полюс ПАО ао | D399: buy | E399: share | F399: RUR | G399: 81 | H399: 1746.2 | I399: -141442.2 | J399: 0 | K399: -84.87 | L399: -42.42 | M399: ==I399+J399+K399+L399 | P399: S20ZXY9
A400: 45750.756 | B400: NLMK | C400: ПАО "НЛМК" ао | D400: buy | E400: share | F400: RUR | G400: 410 | H400: 136.84 | I400: -56104.4 | J400: 0 | K400: -33.66 | L400: -16.83 | M400: ==I400+J400+K400+L400 | P400: S20ZXY9
A401: 45750.757 | B401: CHMF | C401: Северсталь (ПАО)ао | D401: buy | E401: share | F401: RUR | G401: 46 | H401: 1109.5913 | I401: -51041.2 | J401: 0 | K401: -30.63 | L401: -15.3 | M401: ==I401+J401+K401+L401 | P401: S20ZXY9
A402: 45750.758 | B402: NMTP | C402: НМТП (ПАО) ао | D402: buy | E402: share | F402: RUR | G402: 6600 | H402: 9.285 | I402: -61281 | J402: 0 | K402: -21.45 | L402: -18.38 | M402: ==I402+J402+K402+L402 | P402: 403UHP4
A403: 45750.759 | B403: RTKMP | C403: Ростелеком (ПАО) ап. | D403: buy | E403: share | F403: RUR | G403: 780 | H403: 55.35 | I403: -43173 | J403: 0 | K403: -15.11 | L403: -12.96 | M403: ==I403+J403+K403+L403 | P403: 403UHP4
A404: 45750.76 | B404: MDMG | C404: МКПАО «МД Медикал Груп» | D404: buy | E404: share | F404: RUR | G404: 138 | H404: 996.53623 | I404: -137522 | J404: 0 | K404: -48.13 | L404: -41.25 | M404: ==I404+J404+K404+L404 | P404: 403UHP4
A405: 45750.76 | B405: PHOR | C405: ФосАгро ПАО ао | D405: buy | E405: share | F405: RUR | G405: 48 | H405: 6012.6875 | I405: -288609 | J405: 0 | K405: -101.01 | L405: -86.58 | M405: ==I405+J405+K405+L405 | P405: 403UHP4
A406: 45750.76 | B406: BELU | C406: НоваБев Групп ПАО ао | D406: buy | E406: share | F406: RUR | G406: 158 | H406: 532.5 | I406: -84135 | J406: 0 | K406: -29.45 | L406: -25.25 | M406: ==I406+J406+K406+L406 | P406: 403UHP4
A407: 45750.761 | B407: X5 | C407: Корпоративный центр ИКС 5 | D407: buy | E407: share | F407: RUR | G407: 20 | H407: 3328 | I407: -66560 | J407: 0 | K407: -23.3 | L407: -19.97 | M407: ==I407+J407+K407+L407 | P407: 403UHP4
... A550: 46238.666 | B550: CHMF | C550: Северсталь (ПАО)ао | D550: buy | E550: share | F550: RUR | G550: 41 | H550: 648.4 | I550: -26584.4 | J550: 0 | K550: -15.95 | L550: -7.98 | M550: ==I550+J550+K550+L550 | P550: 48S8D
A551: 46293.079 | B551: CNYRUB_TOM | C551: CNYRUB_TOM | D551: Остаток | E551: selt | F551: CNY | G551: -8000 | H551: 1 | N551: -8000
L552: Остаток: | M552: ==SUM(M2:M551) | N552: ==SUM(N2:N551)

Sheet Дивиденды
A1: Дата | B1: Портфель | C1: Тикер | D1: Название | E1: Кол. | F1: Валюта | G1: Дивиденд | H1: Цена отсечки | I1: Цена покупки | J1: Налог | K1: Сумма до налога | L1: Сумма после налога | M1: Доходность к цене отсечки | N1: Доходность к цене покупки
A2: 43438 | B2: 48S8D | C2: CHMF | D2: СевСт-ао | E2: 20 | F2: RUR | G2: 44.39 | H2: 964.3 | I2: 1070.8 | J2: 115 | K2: 887.8 | L2: 772.8 | M2: 3.61 | N2: 4.01
A3: 43455 | B3: 48S8D | C3: MGNT | D3: Магнит ао | E3: 3 | F3: RUR | G3: 137.38 | H3: 3537 | I3: 3827.8 | J3: 54 | K3: 412.14 | L3: 358.14 | M3: 3.12 | N3: 3.38
A4: 43474 | B4: S8S8D | C4: TATNP | D4: Татнфт 3ап | E4: 20 | F4: RUR | G4: 22.26 | H4: 506 | I4: 558.22 | J4: 58 | K4: 445.2 | L4: 387.2 | M4: 3.47 | N4: 3.83
A5: 43474 | B5: S8S8D | C5: NLMK | D5: НЛМК ао | E5: 50 | F5: RUR | G5: 6.04 | H5: 153.78 | I5: 157.79 | J5: 39 | K5: 302 | L5: 263 | M5: 3.33 | N5: 3.42
A6: 43591 | B6: S8S8D | C6: NLMK | D6: НЛМК ао | E6: 50 | F6: RUR | G6: 5.8 | H6: 170.36 | I6: 157.79 | J6: 38 | K6: 290 | L6: 252 | M6: 3.19 | N6: 2.96
A7: 43592 | B7: 48S8D | C7: CHMF | D7: СевСт-ао | E7: 20 | F7: RUR | G7: 32.08 | H7: 1034 | I7: 1070.8 | J7: 83 | K7: 641.6 | L7: 558.6 | M7: 2.61 | N7: 2.7
A8: 43619 | B8: 48S8D | C8: MRKU | D8: Россети Ур | E8: 170000 | F8: RUR | G8: 0.003 | H8: 0.1746 | I8: 0.18 | J8: 66 | K8: 510 | L8: 444 | M8: 1.46 | N8: 1.5
A9: 43629 | B9: 48S8D | C9: SBERP | D9: Сбербанк-п | E9: 280 | F9: RUR | G9: 16 | H9: 208.45 | I9: 176.10429 | J9: 374 | K9: 4480 | L9: 3898 | M9: 7.91 | N9: 6.68
A10: 43630 | B10: 48S8D | C10: MGNT | D10: Магнит ао | E10: 8 | F10: RUR | G10: 166.78 | H10: 3650 | I10: 3676.65 | J10: 173 | K10: 1334.24 | L10: 1161.24 | M10: 3.95 | N10: 3.98
A11: 43634 | B11: 48S8D | C11: CHMF | D11: СевСт-ао | E11: 20 | F11: RUR | G11: 35.43 | H11: 1081.4 | I11: 1070.8 | J11: 92 | K11: 708.6 | L11: 616.6 | M11: 2.88 | N11: 2.85
A12: 43635 | B12: S8S8D | C12: NLMK | D12: НЛМК ао | E12: 50 | F12: RUR | G12: 7.34 | H12: 173.16 | I12: 157.79 | J12: 48 | K12: 367 | L12: 319 | M12: 4.04 | N12: 3.68
A13: 43640 | B13: 48S8D | C13: BANEP | D13: Башнефт ап | E13: 15 | F13: RUR | G13: 158.95 | H13: 1665 | I13: 1851.38 | J13: 310 | K13: 2384.25 | L13: 2074.25 | M13: 7.47 | N13: 8.31
... A190: 46308 | B190: 48S8D | C190: SIBN | D190: Газпрнефть | E190: 2531 | F190: RUR | G190: 42.51 | H190: 556 | I190: 550.29636 | J190: 5162 | K190: 107592.81 | L190: 93604.81 | M190: 6.72 | N190: 6.65

Sheet Купоны
A1: Дата | B1: Портфель | C1: Тикер | D1: Название | E1: Номинал | F1: Кол. | G1: Купон | H1: Налог | I1: Сумма до налога | J1: Сумма после налога
A2: 43455 | B2: S8S8D | C2: RU000A0JXU71 | D2: ВЭБ ПБО1Р9 | E2: 1000 | F2: 25 | G2: 43.63 | H2: 0 | I2: 1090.75 | J2: 1090.75
A3: 43516 | B3: S8S8D | C3: SU26217RMFS8 | D3: ОФЗ 26217 | E3: 1000 | F3: 30 | G3: 37.4 | H3: 0 | I3: 1122 | J3: 1122
A4: 43637 | B4: S8S8D | C4: RU000A0JXU71 | D4: ВЭБ ПБО1Р9 | E4: 1000 | F4: 97 | G4: 43.63 | H4: 0 | I4: 4232.11 | J4: 4232.11
A5: 43698 | B5: S8S8D | C5: SU26217RMFS8 | D5: ОФЗ 26217 | E5: 1000 | F5: 30 | G5: 37.4 | H5: 0 | I5: 1122 | J5: 1122
A6: 43818 | B6: S8S8D | C6: RU000A0JXU71 | D6: ВЭБ ПБО1Р9 | E6: 1000 | F6: 115 | G6: 43.63 | H6: 0 | I6: 5017.45 | J6: 5017.45
A7: 43879 | B7: S8S8D | C7: SU26217RMFS8 | D7: ОФЗ 26217 | E7: 1000 | F7: 30 | G7: 37.4 | H7: 0 | I7: 1122 | J7: 1122
A8: 43934 | B8: 48S8D | C8: RU000A1007D9 | D8: СберИОС69 | E8: 0 | F8: 1 | G8: 0.1 | H8: 0 | I8: 0.1 | J8: 0.1
A9: 44147 | B9: 48S8D | C9: RU000A102101 | D9: ЭБИС Б1P03 | E9: 1000 | F9: 10 | G9: 32.41 | H9: 33 | I9: 324.1 | J9: 291.1
A10: 44151 | B10: 48S8D | C10: RU000A1012K4 | D10: СЭЗ 1P1 | E10: 1000 | F10: 10 | G10: 62.33 | H10: 52 | I10: 623.3 | J10: 571.3
A11: 44173 | B11: 48S8D | C11: RU000A1015S0 | D11: ЭТС 1Р01 | E11: 1000 | F11: 10 | G11: 29.92 | H11: 24 | I11: 299.2 | J11: 275.2
A12: 44182 | B12: 48S8D | C12: RU000A0JXU71 | D12: ВЭБ ПБО1Р9 | E12: 1000 | F12: 48 | G12: 43.63 | H12: 0 | I12: 2094.24 | J12: 2094.24
A13: 44201 | B13: 48S8D | C13: RU000A100K64 | D13: АПРИФП БП2 | E13: 1000 | F13: 25 | G13: 37.4 | H13: 122 | I13: 935 | J13: 813
... A64: 45204 | B64: 48S8D | C64: RU000A0JRU20 | D64: СЗКК 03 | E64: 770 | F64: 27 | G64: 53.71 | H64: 189 | I64: 1450.17 | J64: 1261.17

Sheet Возраст
A1: Дата | B1: Портфель | C1: Тикер | D1: Название | E1: Кол. | F1: Y | G1: m | H1: d | I1: Всего дней | J1: Цена покупки с НКД и комиссией | K1: Цена сейчас с НКД | L1: Сумма при продаже | M1: Прибыль | N1: Налог при продаже | O1: Сегодня
A2: 44445 | B2: 48S8D | C2: ROSN | D2: Роснефть | E2: 69 | F2: ==DATEDIF(A2,$O$2,"y") | G2: ==DATEDIF(A2,$O$2,"ym") | H2: ==DATEDIF(A2,$O$2,"md") | I2: 1848 | J2: 553.2 | K2: ==Портфель!G2*Портфель!$R$13 | L2: ==E2*K2 | M2: ==(K2-J2)*E2 | N2: ==MAX(0,M2*0.13) | O2: ==TODAY()
A3: 44613 | B3: 48S8D | C3: ROSN | D3: Роснефть | E3: 59 | F3: ==DATEDIF(A3,$O$2,"y") | G3: ==DATEDIF(A3,$O$2,"ym") | H3: ==DATEDIF(A3,$O$2,"md") | I3: 1680 | J3: 424.54407 | K3: ==Портфель!G2*Портфель!$R$13 | L3: ==E3*K3 | M3: ==(K3-J3)*E3 | N3: ==MAX(0,M3*0.13)
A4: 45370 | B4: 48S8D | C4: ROSN | D4: Роснефть | E4: 163 | F4: ==DATEDIF(A4,$O$2,"y") | G4: ==DATEDIF(A4,$O$2,"ym") | H4: ==DATEDIF(A4,$O$2,"md") | I4: 923 | J4: 567.01405 | K4: ==Портфель!G2*Портфель!$R$13 | L4: ==E4*K4 | M4: ==(K4-J4)*E4 | N4: ==MAX(0,M4*0.13)
A5: 45443 | B5: 48S8D | C5: ROSN | D5: Роснефть | E5: 16 | F5: ==DATEDIF(A5,$O$2,"y") | G5: ==DATEDIF(A5,$O$2,"ym") | H5: ==DATEDIF(A5,$O$2,"md") | I5: 850 | J5: 561.45 | K5: ==Портфель!G2*Портфель!$R$13 | L5: ==E5*K5 | M5: ==(K5-J5)*E5 | N5: ==MAX(0,M5*0.13)
A6: 45687 | B6: 48S8D | C6: ROSN | D6: Роснефть | E6: 191 | F6: ==DATEDIF(A6,$O$2,"y") | G6: ==DATEDIF(A6,$O$2,"ym") | H6: ==DATEDIF(A6,$O$2,"md") | I6: 606 | J6: 534.9 | K6: ==Портфель!G2*Портфель!$R$13 | L6: ==E6*K6 | M6: ==(K6-J6)*E6 | N6: ==MAX(0,M6*0.13)
A7: 45817 | B7: 48S8D | C7: ROSN | D7: Роснефть | E7: 350 | F7: ==DATEDIF(A7,$O$2,"y") | G7: ==DATEDIF(A7,$O$2,"ym") | H7: ==DATEDIF(A7,$O$2,"md") | I7: 476 | J7: 424.06994 | K7: ==Портфель!G2*Портфель!$R$13 | L7: ==E7*K7 | M7: ==(K7-J7)*E7 | N7: ==MAX(0,M7*0.13)
A8: 45982 | B8: 48S8D | C8: ROSN | D8: Роснефть | E8: 193 | F8: ==DATEDIF(A8,$O$2,"y") | G8: ==DATEDIF(A8,$O$2,"ym") | H8: ==DATEDIF(A8,$O$2,"md") | I8: 311 | J8: 409.36808 | K8: ==Портфель!G2*Портфель!$R$13 | L8: ==E8*K8 | M8: ==(K8-J8)*E8 | N8: ==MAX(0,M8*0.13)
A9: 45750 | B9: 403UHP4 | C9: ROSN | D9: Роснефть | E9: 239 | F9: ==DATEDIF(A9,$O$2,"y") | G9: ==DATEDIF(A9,$O$2,"ym") | H9: ==DATEDIF(A9,$O$2,"md") | I9: 543 | J9: 459.69678 | K9: ==Портфель!G2*Портфель!$R$13 | L9: ==E9*K9 | M9: ==(K9-J9)*E9 | N9: ==MAX(0,M9*0.13)
A10: 45817 | B10: 403UHP4 | C10: ROSN | D10: Роснефть | E10: 5 | F10: ==DATEDIF(A10,$O$2,"y") | G10: ==DATEDIF(A10,$O$2,"ym") | H10: ==DATEDIF(A10,$O$2,"md") | I10: 476 | J10: 423.43 | K10: ==Портфель!G2*Портфель!$R$13 | L10: ==E10*K10 | M10: ==(K10-J10)*E10 | N10: ==MAX(0,M10*0.13)
A11: 45898 | B11: 403UHP4 | C11: ROSN | D11: Роснефть | E11: 128 | F11: ==DATEDIF(A11,$O$2,"y") | G11: ==DATEDIF(A11,$O$2,"ym") | H11: ==DATEDIF(A11,$O$2,"md") | I11: 395 | J11: 461.565 | K11: ==Портфель!G2*Портфель!$R$13 | L11: ==E11*K11 | M11: ==(K11-J11)*E11 | N11: ==MAX(0,M11*0.13)
A12: 45968 | B12: 403UHP4 | C12: ROSN | D12: Роснефть | E12: 166 | F12: ==DATEDIF(A12,$O$2,"y") | G12: ==DATEDIF(A12,$O$2,"ym") | H12: ==DATEDIF(A12,$O$2,"md") | I12: 325 | J12: 394.56265 | K12: ==Портфель!G2*Портфель!$R$13 | L12: ==E12*K12 | M12: ==(K12-J12)*E12 | N12: ==MAX(0,M12*0.13)
A13: 46049 | B13: 403UHP4 | C13: ROSN | D13: Роснефть | E13: 993 | F13: ==DATEDIF(A13,$O$2,"y") | G13: ==DATEDIF(A13,$O$2,"ym") | H13: ==DATEDIF(A13,$O$2,"md") | I13: 244 | J13: 398.60893 | K13: ==Портфель!G2*Портфель!$R$13 | L13: ==E13*K13 | M13: ==(K13-J13)*E13 | N13: ==MAX(0,M13*0.13)
A14: 46147 | B14: 403UHP4 | C14: ROSN | D14: Роснефть | E14: 765 | F14: ==DATEDIF(A14,$O$2,"y") | G14: ==DATEDIF(A14,$O$2,"ym") | H14: ==DATEDIF(A14,$O$2,"md") | I14: 146 | J14: 423.77528 | K14: ==Портфель!G2*Портфель!$R$13 | L14: ==E14*K14 | M14: ==(K14-J14)*E14 | N14: ==MAX(0,M14*0.13)
A15: 46195 | B15: 403UHP4 | C15: ROSN | D15: Роснефть | E15: 493 | F15: ==DATEDIF(A15,$O$2,"y") | G15: ==DATEDIF(A15,$O$2,"ym") | H15: ==DATEDIF(A15,$O$2,"md") | I15: 98 | J15: 301.12077 | K15: ==Портфель!G2*Портфель!$R$13 | L15: ==E15*K15 | M15: ==(K15-J15)*E15 | N15: ==MAX(0,M15*0.13)
A16: 46223 | B16: 403UHP4 | C16: ROSN | D16: Роснефть | E16: 600 | F16: ==DATEDIF(A16,$O$2,"y") | G16: ==DATEDIF(A16,$O$2,"ym") | H16: ==DATEDIF(A16,$O$2,"md") | I16: 70 | J16: 305.22445 | K16: ==Портфель!G2*Портфель!$R$13 | L16: ==E16*K16 | M16: ==(K16-J16)*E16 | N16: ==MAX(0,M16*0.13)
A17: 45370 | B17: 48S8D | C17: SIBN | D17: Газпрнефть | E17: 278 | F17: ==DATEDIF(A17,$O$2,"y") | G17: ==DATEDIF(A17,$O$2,"ym") | H17: ==DATEDIF(A17,$O$2,"md") | I17: 923 | J17: 788.04054 | K17: ==Портфель!G3*Портфель!$R$13 | L17: ==E17*K17 | M17: ==(K17-J17)*E17 | N17: ==MAX(0,M17*0.13)
A18: 45443 | B18: 48S8D | C18: SIBN | D18: Газпрнефть | E18: 21 | F18: ==DATEDIF(A18,$O$2,"y") | G18: ==DATEDIF(A18,$O$2,"ym") | H18: ==DATEDIF(A18,$O$2,"md") | I18: 850 | J18: 674.74048 | K18: ==Портфель!G3*Портфель!$R$13 | L18: ==E18*K18 | M18: ==(K18-J18)*E18 | N18: ==MAX(0,M18*0.13)
A19: 45684 | B19: 48S8D | C19: SIBN | D19: Газпрнефть | E19: 4 | F19: ==DATEDIF(A19,$O$2,"y") | G19: ==DATEDIF(A19,$O$2,"ym") | H19: ==DATEDIF(A19,$O$2,"md") | I19: 609 | J19: 603.5125 | K19: ==Портфель!G3*Портфель!$R$13 | L19: ==E19*K19 | M19: ==(K19-J19)*E19 | N19: ==MAX(0,M19*0.13)
A20: 45687 | B20: 48S8D | C20: SIBN | D20: Газпрнефть | E20: 155 | F20: ==DATEDIF(A20,$O$2,"y") | G20: ==DATEDIF(A20,$O$2,"ym") | H20: ==DATEDIF(A20,$O$2,"md") | I20: 606 | J20: 625.65 | K20: ==Портфель!G3*Портфель!$R$13 | L20: ==E20*K20 | M20: ==(K20-J20)*E20 | N20: ==MAX(0,M20*0.13)
A21: 45982 | B21: 48S8D | C21: SIBN | D21: Газпрнефть | E21: 300 | F21: ==DATEDIF(A21,$O$2,"y") | G21: ==DATEDIF(A21,$O$2,"ym") | H21: ==DATEDIF(A21,$O$2,"md") | I21: 311 | J21: 495.24537 | K21: ==Портфель!G3*Портфель!$R$13 | L21: ==E21*K21 | M21: ==(K21-J21)*E21 | N21: ==MAX(0,M21*0.13)
A22: 46238 | B22: 48S8D | C22: SIBN | D22: Газпрнефть | E22: 176 | F22: ==DATEDIF(A22,$O$2,"y") | G22: ==DATEDIF(A22,$O$2,"ym") | H22: ==DATEDIF(A22,$O$2,"md") | I22: 55 | J22: 466.9971 | K22: ==Портфель!G3*Портфель!$R$13 | L22: ==E22*K22 | M22: ==(K22-J22)*E22 | N22: ==MAX(0,M22*0.13)
A23: 45352 | B23: 403UHP4 | C23: SIBN | D23: Газпрнефть | E23: 67 | F23: ==DATEDIF(A23,$O$2,"y") | G23: ==DATEDIF(A23,$O$2,"ym") | H23: ==DATEDIF(A23,$O$2,"md") | I23: 941 | J23: 805.27418 | K23: ==Портфель!G3*Портфель!$R$13 | L23: ==E23*K23 | M23: ==(K23-J23)*E23 | N23: ==MAX(0,M23*0.13)
A24: 45750 | B24: 403UHP4 | C24: SIBN | D24: Газпрнефть | E24: 275 | F24: ==DATEDIF(A24,$O$2,"y") | G24: ==DATEDIF(A24,$O$2,"ym") | H24: ==DATEDIF(A24,$O$2,"md") | I24: 543 | J24: 566.12011 | K24: ==Портфель!G3*Портфель!$R$13 | L24: ==E24*K24 | M24: ==(K24-J24)*E24 | N24: ==MAX(0,M24*0.13)
A25: 45817 | B25: 403UHP4 | C25: SIBN | D25: Газпрнефть | E25: 306 | F25: ==DATEDIF(A25,$O$2,"y") | G25: ==DATEDIF(A25,$O$2,"ym") | H25: ==DATEDIF(A25,$O$2,"md") | I25: 476 | J25: 525.36974 | K25: ==Портфель!G3*Портфель!$R$13 | L25: ==E25*K25 | M25: ==(K25-J25)*E25 | N25: ==MAX(0,M25*0.13)
A26: 45968 | B26: 403UHP4 | C26: SIBN | D26: Газпрнефть | E26: 116 | F26: ==DATEDIF(A26,$O$2,"y") | G26: ==DATEDIF(A26,$O$2,"ym") | H26: ==DATEDIF(A26,$O$2,"md") | I26: 325 | J26: 481.18267 | K26: ==Портфель!G3*Портфель!$R$13 | L26: ==E26*K26 | M26: ==(K26-J26)*E26 | N26: ==MAX(0,M26*0.13)
A27: 46049 | B27: 403UHP4 | C27: SIBN | D27: Газпрнефть | E27: 85 | F27: ==DATEDIF(A27,$O$2,"y") | G27: ==DATEDIF(A27,$O$2,"ym") | H27: ==DATEDIF(A27,$O$2,"md") | I27: 244 | J27: 501.87612 | K27: ==Портфель!G3*Портфель!$R$13 | L27: ==E27*K27 | M27: ==(K27-J27)*E27 | N27: ==MAX(0,M27*0.13)
A28: 46147 | B28: 403UHP4 | C28: SIBN | D28: Газпрнефть | E28: 490 | F28: ==DATEDIF(A28,$O$2,"y") | G28: ==DATEDIF(A28,$O$2,"ym") | H28: ==DATEDIF(A28,$O$2,"md") | I28: 146 | J28: 512.43051 | K28: ==Портфель!G3*Портфель!$R$13 | L28: ==E28*K28 | M28: ==(K28-J28)*E28 | N28: ==MAX(0,M28*0.13)
A29: 46198 | B29: 403UHP4 | C29: SIBN | D29: Газпрнефть | E29: 247 | F29: ==DATEDIF(A29,$O$2,"y") | G29: ==DATEDIF(A29,$O$2,"ym") | H29: ==DATEDIF(A29,$O$2,"md") | I29: 95 | J29: 424.40036 | K29: ==Портфель!G3*Портфель!$R$13 | L29: ==E29*K29 | M29: ==(K29-J29)*E29 | N29: ==MAX(0,M29*0.13)
A30: 46226 | B30: 403UHP4 | C30: SIBN | D30: Газпрнефть | E30: 11 | F30: ==DATEDIF(A30,$O$2,"y") | G30: ==DATEDIF(A30,$O$2,"ym") | H30: ==DATEDIF(A30,$O$2,"md") | I30: 67 | J30: 419.17727 | K30: ==Портфель!G3*Портфель!$R$13 | L30: ==E30*K30 | M30: ==(K30-J30)*E30 | N30: ==MAX(0,M30*0.13)
A31: 45817 | B31: 48S8D | C31: SBER | D31: Сбербанк | E31: 910 | F31: ==DATEDIF(A31,$O$2,"y") | G31: ==DATEDIF(A31,$O$2,"ym") | H31: ==DATEDIF(A31,$O$2,"md") | I31: 476 | J31: 310.71185 | K31: ==Портфель!G4*Портфель!$R$13 | L31: ==E31*K31 | M31: ==(K31-J31)*E31 | N31: ==MAX(0,M31*0.13)
A32: 46226 | B32: 48S8D | C32: SBER | D32: Сбербанк | E32: 1058 | F32: ==DATEDIF(A32,$O$2,"y") | G32: ==DATEDIF(A32,$O$2,"ym") | H32: ==DATEDIF(A32,$O$2,"md") | I32: 67 | J32: 263.35681 | K32: ==Портфель!G4*Портфель!$R$13 | L32: ==E32*K32 | M32: ==(K32-J32)*E32 | N32: ==MAX(0,M32*0.13)
A33: 46227 | B33: 48S8D | C33: SBER | D33: Сбербанк | E33: 11 | F33: ==DATEDIF(A33,$O$2,"y") | G33: ==DATEDIF(A33,$O$2,"ym") | H33: ==DATEDIF(A33,$O$2,"md") | I33: 66 | J33: 263.07636 | K33: ==Портфель!G4*Портфель!$R$13 | L33: ==E33*K33 | M33: ==(K33-J33)*E33 | N33: ==MAX(0,M33*0.13)
A34: 46233 | B34: 48S8D | C34: SBER | D34: Сбербанк | E34: 23 | F34: ==DATEDIF(A34,$O$2,"y") | G34: ==DATEDIF(A34,$O$2,"ym") | H34: ==DATEDIF(A34,$O$2,"md") | I34: 60 | J34: 276.4987 | K34: ==Портфель!G4*Портфель!$R$13 | L34: ==E34*K34 | M34: ==(K34-J34)*E34 | N34: ==MAX(0,M34*0.13)
A35: 45750 | B35: 403UHP4 | C35: SBER | D35: Сбербанк | E35: 730 | F35: ==DATEDIF(A35,$O$2,"y") | G35: ==DATEDIF(A35,$O$2,"ym") | H35: ==DATEDIF(A35,$O$2,"md") | I35: 543 | J35: 300.47516 | K35: ==Портфель!G4*Портфель!$R$13 | L35: ==E35*K35 | M35: ==(K35-J35)*E35 | N35: ==MAX(0,M35*0.13)
A36: 45817 | B36: 403UHP4 | C36: SBER | D36: Сбербанк | E36: 470 | F36: ==DATEDIF(A36,$O$2,"y") | G36: ==DATEDIF(A36,$O$2,"ym") | H36: ==DATEDIF(A36,$O$2,"md") | I36: 476 | J36: 310.97089 | K36: ==Портфель!G4*Портфель!$R$13 | L36: ==E36*K36 | M36: ==(K36-J36)*E36 | N36: ==MAX(0,M36*0.13)
A37: 45968 | B37: 403UHP4 | C37: SBER | D37: Сбербанк | E37: 150 | F37: ==DATEDIF(A37,$O$2,"y") | G37: ==DATEDIF(A37,$O$2,"ym") | H37: ==DATEDIF(A37,$O$2,"md") | I37: 325 | J37: 297.3474 | K37: ==Портфель!G4*Портфель!$R$13 | L37: ==E37*K37 | M37: ==(K37-J37)*E37 | N37: ==MAX(0,M37*0.13)
A38: 46147 | B38: 403UHP4 | C38: SBER | D38: Сбербанк | E38: 159 | F38: ==DATEDIF(A38,$O$2,"y") | G38: ==DATEDIF(A38,$O$2,"ym") | H38: ==DATEDIF(A38,$O$2,"md") | I38: 146 | J38: 322.31931 | K38: ==Портфель!G4*Портфель!$R$13 | L38: ==E38*K38 | M38: ==(K38-J38)*E38 | N38: ==MAX(0,M38*0.13)
A39: 46163 | B39: 403UHP4 | C39: SBER | D39: Сбербанк | E39: 612 | F39: ==DATEDIF(A39,$O$2,"y") | G39: ==DATEDIF(A39,$O$2,"ym") | H39: ==DATEDIF(A39,$O$2,"md") | I39: 130 | J39: 323.21051 | K39: ==Портфель!G4*Портфель!$R$13 | L39: ==E39*K39 | M39: ==(K39-J39)*E39 | N39: ==MAX(0,M39*0.13)
A40: 46223 | B40: 403UHP4 | C40: SBER | D40: Сбербанк | E40: 796 | F40: ==DATEDIF(A40,$O$2,"y") | G40: ==DATEDIF(A40,$O$2,"ym") | H40: ==DATEDIF(A40,$O$2,"md") | I40: 70 | J40: 248.52347 | K40: ==Портфель!G4*Портфель!$R$13 | L40: ==E40*K40 | M40: ==(K40-J40)*E40 | N40: ==MAX(0,M40*0.13)
A41: 45443 | B41: 48S8D | C41: PHOR | D41: ФосАгро ао | E41: 3 | F41: ==DATEDIF(A41,$O$2,"y") | G41: ==DATEDIF(A41,$O$2,"ym") | H41: ==DATEDIF(A41,$O$2,"md") | I41: 850 | J41: 5985.6667 | K41: ==Портфель!G5*Портфель!$R$13 | L41: ==E41*K41 | M41: ==(K41-J41)*E41 | N41: ==MAX(0,M41*0.13)
A42: 46238 | B42: 48S8D | C42: PHOR | D42: ФосАгро ао | E42: 7 | F42: ==DATEDIF(A42,$O$2,"y") | G42: ==DATEDIF(A42,$O$2,"ym") | H42: ==DATEDIF(A42,$O$2,"md") | I42: 55 | J42: 5782.1971 | K42: ==Портфель!G5*Портфель!$R$13 | L42: ==E42*K42 | M42: ==(K42-J42)*E42 | N42: ==MAX(0,M42*0.13)
A43: 45082 | B43: 403UHP4 | C43: PHOR | D43: ФосАгро ао | E43: 13 | F43: ==DATEDIF(A43,$O$2,"y") | G43: ==DATEDIF(A43,$O$2,"ym") | H43: ==DATEDIF(A43,$O$2,"md") | I43: 1211 | J43: 7334.0562 | K43: ==Портфель!G5*Портфель!$R$13 | L43: ==E43*K43 | M43: ==(K43-J43)*E43 | N43: ==MAX(0,M43*0.13)
A44: 45163 | B44: 403UHP4 | C44: PHOR | D44: ФосАгро ао | E44: 13 | F44: ==DATEDIF(A44,$O$2,"y") | G44: ==DATEDIF(A44,$O$2,"ym") | H44: ==DATEDIF(A44,$O$2,"md") | I44: 1130 | J44: 7546.7862 | K44: ==Портфель!G5*Портфель!$R$13 | L44: ==E44*K44 | M44: ==(K44-J44)*E44 | N44: ==MAX(0,M44*0.13)
A45: 45370 | B45: 403UHP4 | C45: PHOR | D45: ФосАгро ао | E45: 24 | F45: ==DATEDIF(A45,$O$2,"y") | G45: ==DATEDIF(A45,$O$2,"ym") | H45: ==DATEDIF(A45,$O$2,"md") | I45: 923 | J45: 6655.985 | K45: ==Портфель!G5*Портфель!$R$13 | L45: ==E45*K45 | M45: ==(K45-J45)*E45 | N45: ==MAX(0,M45*0.13)
A46: 45446 | B46: 403UHP4 | C46: PHOR | D46: ФосАгро ао | E46: 23 | F46: ==DATEDIF(A46,$O$2,"y") | G46: ==DATEDIF(A46,$O$2,"ym") | H46: ==DATEDIF(A46,$O$2,"md") | I46: 847 | J46: 5746 | K46: ==Портфель!G5*Портфель!$R$13 | L46: ==E46*K46 | M46: ==(K46-J46)*E46 | N46: ==MAX(0,M46*0.13)
A47: 45750 | B47: 403UHP4 | C47: PHOR | D47: ФосАгро ао | E47: 48 | F47: ==DATEDIF(A47,$O$2,"y") | G47: ==DATEDIF(A47,$O$2,"ym") | H47: ==DATEDIF(A47,$O$2,"md") | I47: 543 | J47: 6016.5956 | K47: ==Портфель!G5*Портфель!$R$13 | L47: ==E47*K47 | M47: ==(K47-J47)*E47 | N47: ==MAX(0,M47*0.13)
A48: 45968 | B48: 403UHP4 | C48: PHOR | D48: ФосАгро ао | E48: 12 | F48: ==DATEDIF(A48,$O$2,"y") | G48: ==DATEDIF(A48,$O$2,"ym") | H48: ==DATEDIF(A48,$O$2,"md") | I48: 325 | J48: 6779.68 | K48: ==Портфель!G5*Портфель!$R$13 | L48: ==E48*K48 | M48: ==(K48-J48)*E48 | N48: ==MAX(0,M48*0.13)
A49: 46132 | B49: 403UHP4 | C49: PHOR | D49: ФосАгро ао | E49: 3 | F49: ==DATEDIF(A49,$O$2,"y") | G49: ==DATEDIF(A49,$O$2,"ym") | H49: ==DATEDIF(A49,$O$2,"md") | I49: 161 | J49: 6980.2767 | K49: ==Портфель!G5*Портфель!$R$13 | L49: ==E49*K49 | M49: ==(K49-J49)*E49 | N49: ==MAX(0,M49*0.13)
A50: 46147 | B50: 403UHP4 | C50: PHOR | D50: ФосАгро ао | E50: 42 | F50: ==DATEDIF(A50,$O$2,"y") | G50: ==DATEDIF(A50,$O$2,"ym") | H50: ==DATEDIF(A50,$O$2,"md") | I50: 146 | J50: 6747.9781 | K50: ==Портфель!G5*Портфель!$R$13 | L50: ==E50*K50 | M50: ==(K50-J50)*E50 | N50: ==MAX(0,M50*0.13)
A51: 46198 | B51: 403UHP4 | C51: PHOR | D51: ФосАгро ао | E51: 19 | F51: ==DATEDIF(A51,$O$2,"y") | G51: ==DATEDIF(A51,$O$2,"ym") | H51: ==DATEDIF(A51,$O$2,"md") | I51: 95 | J51: 5104.59 | K51: ==Портфель!G5*Портфель!$R$13 | L51: ==E51*K51 | M51: ==(K51-J51)*E51 | N51: ==MAX(0,M51*0.13)
A52: 45681 | B52: 48S8D | C52: MDMG | D52: MDMG-ао | E52: 201 | F52: ==DATEDIF(A52,$O$2,"y") | G52: ==DATEDIF(A52,$O$2,"ym") | H52: ==DATEDIF(A52,$O$2,"md") | I52: 612 | J52: 983.19502 | K52: ==Портфель!G6*Портфель!$R$13 | L52: ==E52*K52 | M52: ==(K52-J52)*E52 | N52: ==MAX(0,M52*0.13)
A53: 46238 | B53: 48S8D | C53: MDMG | D53: MDMG-ао | E53: 19 | F53: ==DATEDIF(A53,$O$2,"y") | G53: ==DATEDIF(A53,$O$2,"ym") | H53: ==DATEDIF(A53,$O$2,"md") | I53: 55 | J53: 1332.8989 | K53: ==Портфель!G6*Портфель!$R$13 | L53: ==E53*K53 | M53: ==(K53-J53)*E53 | N53: ==MAX(0,M53*0.13)
A54: 45750 | B54: 403UHP4 | C54: MDMG | D54: MDMG-ао | E54: 138 | F54: ==DATEDIF(A54,$O$2,"y") | G54: ==DATEDIF(A54,$O$2,"ym") | H54: ==DATEDIF(A54,$O$2,"md") | I54: 543 | J54: 997.18391 | K54: ==Портфель!G6*Портфель!$R$13 | L54: ==E54*K54 | M54: ==(K54-J54)*E54 | N54: ==MAX(0,M54*0.13)
A55: 45817 | B55: 403UHP4 | C55: MDMG | D55: MDMG-ао | E55: 3 | F55: ==DATEDIF(A55,$O$2,"y") | G55: ==DATEDIF(A55,$O$2,"ym") | H55: ==DATEDIF(A55,$O$2,"md") | I55: 476 | J55: 973.27333 | K55: ==Портфель!G6*Портфель!$R$13 | L55: ==E55*K55 | M55: ==(K55-J55)*E55 | N55: ==MAX(0,M55*0.13)
A56: 45968 | B56: 403UHP4 | C56: MDMG | D56: MDMG-ао | E56: 46 | F56: ==DATEDIF(A56,$O$2,"y") | G56: ==DATEDIF(A56,$O$2,"ym") | H56: ==DATEDIF(A56,$O$2,"md") | I56: 325 | J56: 1295.965 | K56: ==Портфель!G6*Портфель!$R$13 | L56: ==E56*K56 | M56: ==(K56-J56)*E56 | N56: ==MAX(0,M56*0.13)
A57: 45995 | B57: 403UHP4 | C57: MDMG | D57: MDMG-ао | E57: 25 | F57: ==DATEDIF(A57,$O$2,"y") | G57: ==DATEDIF(A57,$O$2,"ym") | H57: ==DATEDIF(A57,$O$2,"md") | I57: 298 | J57: 1382.0752 | K57: ==Портфель!G6*Портфель!$R$13 | L57: ==E57*K57 | M57: ==(K57-J57)*E57 | N57: ==MAX(0,M57*0.13)
A58: 46147 | B58: 403UHP4 | C58: MDMG | D58: MDMG-ао | E58: 126 | F58: ==DATEDIF(A58,$O$2,"y") | G58: ==DATEDIF(A58,$O$2,"ym") | H58: ==DATEDIF(A58,$O$2,"md") | I58: 146 | J58: 1309.0482 | K58: ==Портфель!G6*Портфель!$R$13 | L58: ==E58*K58 | M58: ==(K58-J58)*E58 | N58: ==MAX(0,M58*0.13)
A59: 46195 | B59: 403UHP4 | C59: MDMG | D59: MDMG-ао | E59: 40 | F59: ==DATEDIF(A59,$O$2,"y") | G59: ==DATEDIF(A59,$O$2,"ym") | H59: ==DATEDIF(A59,$O$2,"md") | I59: 98 | J59: 1214.777 | K59: ==Портфель!G6*Портфель!$R$13 | L59: ==E59*K59 | M59: ==(K59-J59)*E59 | N59: ==MAX(0,M59*0.13)
A60: 46238 | B60: 48S8D | C60: DOMRF | D60: ДОМ.РФ | E60: 11 | F60: ==DATEDIF(A60,$O$2,"y") | G60: ==DATEDIF(A60,$O$2,"ym") | H60: ==DATEDIF(A60,$O$2,"md") | I60: 55 | J60: 2222.2982 | K60: ==Портфель!G7*Портфель!$R$13 | L60: ==E60*K60 | M60: ==(K60-J60)*E60 | N60: ==MAX(0,M60*0.13)
A61: 45982 | B61: 403UHP4 | C61: DOMRF | D61: ДОМ.РФ | E61: 259 | F61: ==DATEDIF(A61,$O$2,"y") | G61: ==DATEDIF(A61,$O$2,"ym") | H61: ==DATEDIF(A61,$O$2,"md") | I61: 311 | J61: 1726.937 | K61: ==Портфель!G7*Портфель!$R$13 | L61: ==E61*K61 | M61: ==(K61-J61)*E61 | N61: ==MAX(0,M61*0.13)
A62: 46147 | B62: 403UHP4 | C62: DOMRF | D62: ДОМ.РФ | E62: 79 | F62: ==DATEDIF(A62,$O$2,"y") | G62: ==DATEDIF(A62,$O$2,"ym") | H62: ==DATEDIF(A62,$O$2,"md") | I62: 146 | J62: 2222.261 | K62: ==Портфель!G7*Портфель!$R$13 | L62: ==E62*K62 | M62: ==(K62-J62)*E62 | N62: ==MAX(0,M62*0.13)
A63: 45281 | B63: 48S8D | C63: PLZL | D63: Полюс | E63: 90 | F63: ==DATEDIF(A63,$O$2,"y") | G63: ==DATEDIF(A63,$O$2,"ym") | H63: ==DATEDIF(A63,$O$2,"md") | I63: 1012 | J63: 1049.9649 | K63: ==Портфель!G8*Портфель!$R$13 | L63: ==E63*K63 | M63: ==(K63-J63)*E63 | N63: ==MAX(0,M63*0.13)
A64: 45286 | B64: 48S8D | C64: PLZL | D64: Полюс | E64: 10 | F64: ==DATEDIF(A64,$O$2,"y") | G64: ==DATEDIF(A64,$O$2,"ym") | H64: ==DATEDIF(A64,$O$2,"md") | I64: 1007 | J64: 1060.904 | K64: ==Портфель!G8*Портфель!$R$13 | L64: ==E64*K64 | M64: ==(K64-J64)*E64 | N64: ==MAX(0,M64*0.13)
A65: 45370 | B65: 48S8D | C65: PLZL | D65: Полюс | E65: 140 | F65: ==DATEDIF(A65,$O$2,"y") | G65: ==DATEDIF(A65,$O$2,"ym") | H65: ==DATEDIF(A65,$O$2,"md") | I65: 923 | J65: 1153.0991 | K65: ==Портфель!G8*Портфель!$R$13 | L65: ==E65*K65 | M65: ==(K65-J65)*E65 | N65: ==MAX(0,M65*0.13)
A66: 45817 | B66: 48S8D | C66: PLZL | D66: Полюс | E66: 2 | F66: ==DATEDIF(A66,$O$2,"y") | G66: ==DATEDIF(A66,$O$2,"ym") | H66: ==DATEDIF(A66,$O$2,"md") | I66: 476 | J66: 1696.905 | K66: ==Портфель!G8*Портфель!$R$13 | L66: ==E66*K66 | M66: ==(K66-J66)*E66 | N66: ==MAX(0,M66*0.13)
A67: 46049 | B67: 48S8D | C67: PLZL | D67: Полюс | E67: 85 | F67: ==DATEDIF(A67,$O$2,"y") | G67: ==DATEDIF(A67,$O$2,"ym") | H67: ==DATEDIF(A67,$O$2,"md") | I67: 244 | J67: 2737.2473 | K67: ==Портфель!G8*Портфель!$R$13 | L67: ==E67*K67 | M67: ==(K67-J67)*E67 | N67: ==MAX(0,M67*0.13)
A68: 45968 | B68: 403UHP4 | C68: PLZL | D68: Полюс | E68: 92 | F68: ==DATEDIF(A68,$O$2,"y") | G68: ==DATEDIF(A68,$O$2,"ym") | H68: ==DATEDIF(A68,$O$2,"md") | I68: 325 | J68: 2089.9723 | K68: ==Портфель!G8*Портфель!$R$13 | L68: ==E68*K68 | M68: ==(K68-J68)*E68 | N68: ==MAX(0,M68*0.13)
A69: 45995 | B69: 403UHP4 | C69: PLZL | D69: Полюс | E69: 37 | F69: ==DATEDIF(A69,$O$2,"y") | G69: ==DATEDIF(A69,$O$2,"ym") | H69: ==DATEDIF(A69,$O$2,"md") | I69: 298 | J69: 2131.1162 | K69: ==Портфель!G8*Портфель!$R$13 | L69: ==E69*K69 | M69: ==(K69-J69)*E69 | N69: ==MAX(0,M69*0.13)
A70: 45750 | B70: S20ZXY9 | C70: PLZL | D70: Полюс | E70: 81 | F70: ==DATEDIF(A70,$O$2,"y") | G70: ==DATEDIF(A70,$O$2,"ym") | H70: ==DATEDIF(A70,$O$2,"md") | I70: 543 | J70: 1747.7715 | K70: ==Портфель!G8*Портфель!$R$13 | L70: ==E70*K70 | M70: ==(K70-J70)*E70 | N70: ==MAX(0,M70*0.13)
A71: 46147 | B71: S20ZXY9 | C71: PLZL | D71: Полюс | E71: 162 | F71: ==DATEDIF(A71,$O$2,"y") | G71: ==DATEDIF(A71,$O$2,"ym") | H71: ==DATEDIF(A71,$O$2,"md") | I71: 146 | J71: 2072.7206 | K71: ==Портфель!G8*Портфель!$R$13 | L71: ==E71*K71 | M71: ==(K71-J71)*E71 | N71: ==MAX(0,M71*0.13)
A72: 46226 | B72: S20ZXY9 | C72: PLZL | D72: Полюс | E72: 1 | F72: ==DATEDIF(A72,$O$2,"y") | G72: ==DATEDIF(A72,$O$2,"ym") | H72: ==DATEDIF(A72,$O$2,"md") | I72: 67 | J72: 1234.11 | K72: ==Портфель!G8*Портфель!$R$13 | L72: ==E72*K72 | M72: ==(K72-J72)*E72 | N72: ==MAX(0,M72*0.13)
A73: 44445 | B73: 48S8D | C73: TATNP | D73: Татнфт 3ап | E73: 84 | F73: ==DATEDIF(A73,$O$2,"y") | G73: ==DATEDIF(A73,$O$2,"ym") | H73: ==DATEDIF(A73,$O$2,"md") | I73: 1848 | J73: 455.8 | K73: ==Портфель!G9*Портфель!$R$13 | L73: ==E73*K73 | M73: ==(K73-J73)*E73 | N73: ==MAX(0,M73*0.13)
A74: 45370 | B74: 48S8D | C74: TATNP | D74: Татнфт 3ап | E74: 150 | F74: ==DATEDIF(A74,$O$2,"y") | G74: ==DATEDIF(A74,$O$2,"ym") | H74: ==DATEDIF(A74,$O$2,"md") | I74: 923 | J74: 710.46147 | K74: ==Портфель!G9*Портфель!$R$13 | L74: ==E74*K74 | M74: ==(K74-J74)*E74 | N74: ==MAX(0,M74*0.13)
A75: 45443 | B75: 48S8D | C75: TATNP | D75: Татнфт 3ап | E75: 13 | F75: ==DATEDIF(A75,$O$2,"y") | G75: ==DATEDIF(A75,$O$2,"ym") | H75: ==DATEDIF(A75,$O$2,"md") | I75: 850 | J75: 687.1 | K75: ==Портфель!G9*Портфель!$R$13 | L75: ==E75*K75 | M75: ==(K75-J75)*E75 | N75: ==MAX(0,M75*0.13)
A76: 45586 | B76: 48S8D | C76: TATNP | D76: Татнфт 3ап | E76: 3 | F76: ==DATEDIF(A76,$O$2,"y") | G76: ==DATEDIF(A76,$O$2,"ym") | H76: ==DATEDIF(A76,$O$2,"md") | I76: 707 | J76: 595.1 | K76: ==Портфель!G9*Портфель!$R$13 | L76: ==E76*K76 | M76: ==(K76-J76)*E76 | N76: ==MAX(0,M76*0.13)
A77: 45817 | B77: 48S8D | C77: TATNP | D77: Татнфт 3ап | E77: 229 | F77: ==DATEDIF(A77,$O$2,"y") | G77: ==DATEDIF(A77,$O$2,"ym") | H77: ==DATEDIF(A77,$O$2,"md") | I77: 476 | J77: 617.88524 | K77: ==Портфель!G9*Портфель!$R$13 | L77: ==E77*K77 | M77: ==(K77-J77)*E77 | N77: ==MAX(0,M77*0.13)
A78: 45982 | B78: 48S8D | C78: TATNP | D78: Татнфт 3ап | E78: 170 | F78: ==DATEDIF(A78,$O$2,"y") | G78: ==DATEDIF(A78,$O$2,"ym") | H78: ==DATEDIF(A78,$O$2,"md") | I78: 311 | J78: 580.02153 | K78: ==Портфель!G9*Портфель!$R$13 | L78: ==E78*K78 | M78: ==(K78-J78)*E78 | N78: ==MAX(0,M78*0.13)
A79: 46238 | B79: 48S8D | C79: TATNP | D79: Татнфт 3ап | E79: 4 | F79: ==DATEDIF(A79,$O$2,"y") | G79: ==DATEDIF(A79,$O$2,"ym") | H79: ==DATEDIF(A79,$O$2,"md") | I79: 55 | J79: 507.355 | K79: ==Портфель!G9*Портфель!$R$13 | L79: ==E79*K79 | M79: ==(K79-J79)*E79 | N79: ==MAX(0,M79*0.13)
A80: 45968 | B80: 403UHP4 | C80: TATNP | D80: Татнфт 3ап | E80: 50 | F80: ==DATEDIF(A80,$O$2,"y") | G80: ==DATEDIF(A80,$O$2,"ym") | H80: ==DATEDIF(A80,$O$2,"md") | I80: 325 | J80: 527.9368 | K80: ==Портфель!G9*Портфель!$R$13 | L80: ==E80*K80 | M80: ==(K80-J80)*E80 | N80: ==MAX(0,M80*0.13)
A81: 46163 | B81: 403UHP4 | C81: TATNP | D81: Татнфт 3ап | E81: 414 | F81: ==DATEDIF(A81,$O$2,"y") | G81: ==DATEDIF(A81,$O$2,"ym") | H81: ==DATEDIF(A81,$O$2,"md") | I81: 130 | J81: 596.33621 | K81: ==Портфель!G9*Портфель!$R$13 | L81: ==E81*K81 | M81: ==(K81-J81)*E81 | N81: ==MAX(0,M81*0.13)
A82: 45363 | B82: 48S8D | C82: BELU | D82: НоваБев ао | E82: 88 | F82: ==DATEDIF(A82,$O$2,"y") | G82: ==DATEDIF(A82,$O$2,"ym") | H82: ==DATEDIF(A82,$O$2,"md") | I82: 930 | J82: 736.18455 | K82: ==Портфель!G10*Портфель!$R$13 | L82: ==E82*K82 | M82: ==(K82-J82)*E82 | N82: ==MAX(0,M82*0.13)
A83: 45370 | B83: 48S8D | C83: BELU | D83: НоваБев ао | E83: 224 | F83: ==DATEDIF(A83,$O$2,"y") | G83: ==DATEDIF(A83,$O$2,"ym") | H83: ==DATEDIF(A83,$O$2,"md") | I83: 923 | J83: 737.60411 | K83: ==Портфель!G10*Портфель!$R$13 | L83: ==E83*K83 | M83: ==(K83-J83)*E83 | N83: ==MAX(0,M83*0.13)
A84: 45443 | B84: 48S8D | C84: BELU | D84: НоваБев ао | E84: 32 | F84: ==DATEDIF(A84,$O$2,"y") | G84: ==DATEDIF(A84,$O$2,"ym") | H84: ==DATEDIF(A84,$O$2,"md") | I84: 850 | J84: 702.75 | K84: ==Портфель!G10*Портфель!$R$13 | L84: ==E84*K84 | M84: ==(K84-J84)*E84 | N84: ==MAX(0,M84*0.13)
A85: 45982 | B85: 48S8D | C85: BELU | D85: НоваБев ао | E85: 175 | F85: ==DATEDIF(A85,$O$2,"y") | G85: ==DATEDIF(A85,$O$2,"ym") | H85: ==DATEDIF(A85,$O$2,"md") | I85: 311 | J85: 415.77389 | K85: ==Портфель!G10*Портфель!$R$13 | L85: ==E85*K85 | M85: ==(K85-J85)*E85 | N85: ==MAX(0,M85*0.13)
A86: 46233 | B86: 48S8D | C86: BELU | D86: НоваБев ао | E86: 1108 | F86: ==DATEDIF(A86,$O$2,"y") | G86: ==DATEDIF(A86,$O$2,"ym") | H86: ==DATEDIF(A86,$O$2,"md") | I86: 60 | J86: 267.9169 | K86: ==Портфель!G10*Портфель!$R$13 | L86: ==E86*K86 | M86: ==(K86-J86)*E86 | N86: ==MAX(0,M86*0.13)
A87: 45352 | B87: 403UHP4 | C87: BELU | D87: НоваБев ао | E87: 64 | F87: ==DATEDIF(A87,$O$2,"y") | G87: ==DATEDIF(A87,$O$2,"ym") | H87: ==DATEDIF(A87,$O$2,"md") | I87: 941 | J87: 708.01156 | K87: ==Портфель!G10*Портфель!$R$13 | L87: ==E87*K87 | M87: ==(K87-J87)*E87 | N87: ==MAX(0,M87*0.13)
A88: 45750 | B88: 403UHP4 | C88: BELU | D88: НоваБев ао | E88: 158 | F88: ==DATEDIF(A88,$O$2,"y") | G88: ==DATEDIF(A88,$O$2,"ym") | H88: ==DATEDIF(A88,$O$2,"md") | I88: 543 | J88: 532.8462 | K88: ==Портфель!G10*Портфель!$R$13 | L88: ==E88*K88 | M88: ==(K88-J88)*E88 | N88: ==MAX(0,M88*0.13)
A89: 45968 | B89: 403UHP4 | C89: BELU | D89: НоваБев ао | E89: 88 | F89: ==DATEDIF(A89,$O$2,"y") | G89: ==DATEDIF(A89,$O$2,"ym") | H89: ==DATEDIF(A89,$O$2,"md") | I89: 325 | J89: 385.14636 | K89: ==Портфель!G10*Портфель!$R$13 | L89: ==E89*K89 | M89: ==(K89-J89)*E89 | N89: ==MAX(0,M89*0.13)
A90: 45995 | B90: 403UHP4 | C90: BELU | D90: НоваБев ао | E90: 78 | F90: ==DATEDIF(A90,$O$2,"y") | G90: ==DATEDIF(A90,$O$2,"ym") | H90: ==DATEDIF(A90,$O$2,"md") | I90: 298 | J90: 422.98038 | K90: ==Портфель!G10*Портфель!$R$13 | L90: ==E90*K90 | M90: ==(K90-J90)*E90 | N90: ==MAX(0,M90*0.13)
A91: 46147 | B91: 403UHP4 | C91: BELU | D91: НоваБев ао | E91: 348 | F91: ==DATEDIF(A91,$O$2,"y") | G91: ==DATEDIF(A91,$O$2,"ym") | H91: ==DATEDIF(A91,$O$2,"md") | I91: 146 | J91: 358.63293 | K91: ==Портфель!G10*Портфель!$R$13 | L91: ==E91*K91 | M91: ==(K91-J91)*E91 | N91: ==MAX(0,M91*0.13)
A92: 46195 | B92: 403UHP4 | C92: BELU | D92: НоваБев ао | E92: 201 | F92: ==DATEDIF(A92,$O$2,"y") | G92: ==DATEDIF(A92,$O$2,"ym") | H92: ==DATEDIF(A92,$O$2,"md") | I92: 98 | J92: 271.04363 | K92: ==Портфель!G10*Портфель!$R$13 | L92: ==E92*K92 | M92: ==(K92-J92)*E92 | N92: ==MAX(0,M92*0.13)
A93: 45406 | B93: 48S8D | C93: MRKP | D93: РСетиЦП ао | E93: 130000 | F93: ==DATEDIF(A93,$O$2,"y") | G93: ==DATEDIF(A93,$O$2,"ym") | H93: ==DATEDIF(A93,$O$2,"md") | I93: 887 | J93: 0.36090146 | K93: ==Портфель!G11*Портфель!$R$13 | L93: ==E93*K93 | M93: ==(K93-J93)*E93 | N93: ==MAX(0,M93*0.13)
A94: 46233 | B94: 48S8D | C94: MRKP | D94: РСетиЦП ао | E94: 290000 | F94: ==DATEDIF(A94,$O$2,"y") | G94: ==DATEDIF(A94,$O$2,"ym") | H94: ==DATEDIF(A94,$O$2,"md") | I94: 60 | J94: 0.52459924 | K94: ==Портфель!G11*Портфель!$R$13 | L94: ==E94*K94 | M94: ==(K94-J94)*E94 | N94: ==MAX(0,M94*0.13)
A95: 46238 | B95: 48S8D | C95: MRKP | D95: РСетиЦП ао | E95: 30000 | F95: ==DATEDIF(A95,$O$2,"y") | G95: ==DATEDIF(A95,$O$2,"ym") | H95: ==DATEDIF(A95,$O$2,"md") | I95: 55 | J95: 0.52327033 | K95: ==Портфель!G11*Портфель!$R$13 | L95: ==E95*K95 | M95: ==(K95-J95)*E95 | N95: ==MAX(0,M95*0.13)
A96: 45026 | B96: 403UHP4 | C96: MRKP | D96: РСетиЦП ао | E96: 220000 | F96: ==DATEDIF(A96,$O$2,"y") | G96: ==DATEDIF(A96,$O$2,"ym") | H96: ==DATEDIF(A96,$O$2,"md") | I96: 1267 | J96: 0.23239986 | K96: ==Портфель!G11*Портфель!$R$13 | L96: ==E96*K96 | M96: ==(K96-J96)*E96 | N96: ==MAX(0,M96*0.13)
A97: 45750 | B97: 403UHP4 | C97: MRKP | D97: РСетиЦП ао | E97: 120000 | F97: ==DATEDIF(A97,$O$2,"y") | G97: ==DATEDIF(A97,$O$2,"ym") | H97: ==DATEDIF(A97,$O$2,"md") | I97: 543 | J97: 0.37095767 | K97: ==Портфель!G11*Портфель!$R$13 | L97: ==E97*K97 | M97: ==(K97-J97)*E97 | N97: ==MAX(0,M97*0.13)
A98: 45968 | B98: 403UHP4 | C98: MRKP | D98: РСетиЦП ао | E98: 90000 | F98: ==DATEDIF(A98,$O$2,"y") | G98: ==DATEDIF(A98,$O$2,"ym") | H98: ==DATEDIF(A98,$O$2,"md") | I98: 325 | J98: 0.45090533 | K98: ==Портфель!G11*Портфель!$R$13 | L98: ==E98*K98 | M98: ==(K98-J98)*E98 | N98: ==MAX(0,M98*0.13)
A99: 46147 | B99: 403UHP4 | C99: MRKP | D99: РСетиЦП ао | E99: 170000 | F99: ==DATEDIF(A99,$O$2,"y") | G99: ==DATEDIF(A99,$O$2,"ym") | H99: ==DATEDIF(A99,$O$2,"md") | I99: 146 | J99: 0.61730682 | K99: ==Портфель!G11*Портфель!$R$13 | L99: ==E99*K99 | M99: ==(K99-J99)*E99 | N99: ==MAX(0,M99*0.13)
A100: 43649 | B100: 48S8D | C100: RTKMP | D100: Ростел -ап | E100: 300 | F100: ==DATEDIF(A100,$O$2,"y") | G100: ==DATEDIF(A100,$O$2,"ym") | H100: ==DATEDIF(A100,$O$2,"md") | I100: 2645 | J100: 63.445633 | K100: ==Портфель!G12*Портфель!$R$13 | L100: ==E100*K100 | M100: ==(K100-J100)*E100 | N100: ==MAX(0,M100*0.13)
...

Sheet FIFO
A1: Тикер | B1: Название | C1: Покупка | D1: Продажа | E1: Цена покупки | F1: Цена продажи | G1: Кол. | H1: Результат | I1: Доходность сделки | J1: Срок | K1: Доходность годовых
A2: GAZP | B2: ГАЗПРОМ ао | C2: 43327 | D2: 43367 | E2: 141.3658 | F2: 158.0397 | G2: 130 | H2: ==(F2-E2)*G2 | I2: ==(F2-E2)/E2 | J2: ==MAX(1,DATEDIF(C2,D2,"d")-1) | K2: ==I2*365/J2
A3: ROSN | B3: Роснефть | C3: 43327 | D3: 43376 | E3: 429.7755 | F3: 504.9835 | G3: 20 | H3: ==(F3-E3)*G3 | I3: ==(F3-E3)/E3 | J3: ==MAX(1,DATEDIF(C3,D3,"d")-1) | K3: ==I3*365/J3
A4: MFON | B4: МегаФон ао | C4: 43327 | D4: 43461 | E4: 629.942 | F4: 636.525 | G4: 30 | H4: ==(F4-E4)*G4 | I4: ==(F4-E4)/E4 | J4: ==MAX(1,DATEDIF(C4,D4,"d")-1) | K4: ==I4*365/J4
A5: YNDX | B5: Yandex clA | C5: 43327 | D5: 43390 | E5: 2144.6122 | F5: 2302.8556 | G5: 9 | H5: ==(F5-E5)*G5 | I5: ==(F5-E5)/E5 | J5: ==MAX(1,DATEDIF(C5,D5,"d")-1) | K5: ==I5*365/J5
A6: YNDX | B6: Yandex clA | C6: 43392 | D6: 43563 | E6: 2078.409 | F6: 2295.079 | G6: 10 | H6: ==(F6-E6)*G6 | I6: ==(F6-E6)/E6 | J6: ==MAX(1,DATEDIF(C6,D6,"d")-1) | K6: ==I6*365/J6
A7: SBER | B7: Сбербанк | C7: 43327 | D7: 43481 | E7: 191.6108 | F7: 200.9813 | G7: 150 | H7: ==(F7-E7)*G7 | I7: ==(F7-E7)/E7 | J7: ==MAX(1,DATEDIF(C7,D7,"d")-1) | K7: ==I7*365/J7
A8: RU000A0ZZE20 | B8: СберБ Б16R | C8: 43367 | D8: 43481 | E8: 980.422 | F8: 1008.362 | G8: 5 | H8: ==(F8-E8)*G8 | I8: ==(F8-E8)/E8 | J8: ==MAX(1,DATEDIF(C8,D8,"d")-1) | K8: ==I8*365/J8
A9: AFKS | B9: Система ао | C9: 43369 | D9: 43564 | E9: 8.9476 | F9: 9.1859 | G9: 1000 | H9: ==(F9-E9)*G9 | I9: ==(F9-E9)/E9 | J9: ==MAX(1,DATEDIF(C9,D9,"d")-1) | K9: ==I9*365/J9
A10: MGNT | B10: Магнит ао | C10: 43370 | D10: 43752 | E10: 3827.8 | F10: 3182.1263 | G10: 3 | H10: ==(F10-E10)*G10 | I10: ==(F10-E10)/E10 | J10: ==MAX(1,DATEDIF(C10,D10,"d")-1) | K10: ==I10*365/J10
A11: MGNT | B11: Магнит ао | C11: 43461 | D11: 43752 | E11: 3509.82 | F11: 3182.1263 | G11: 2 | H11: ==(F11-E11)*G11 | I11: ==(F11-E11)/E11 | J11: ==MAX(1,DATEDIF(C11,D11,"d")-1) | K11: ==I11*365/J11
A12: MGNT | B12: Магнит ао | C12: 43564 | D12: 43752 | E12: 3636.7133 | F12: 3182.1263 | G12: 3 | H12: ==(F12-E12)*G12 | I12: ==(F12-E12)/E12 | J12: ==MAX(1,DATEDIF(C12,D12,"d")-1) | K12: ==I12*365/J12
A13: MGNT | B13: Магнит ао | C13: 44613 | D13: 46094 | E13: 4552.6525 | F13: 3206.0567 | G13: 4 | H13: ==(F13-E13)*G13 | I13: ==(F13-E13)/E13 | J13: ==MAX(1,DATEDIF(C13,D13,"d")-1) | K13: ==I13*365/J13
... A195: FXCN | B195: FXCN ETF | C195: 44239 | D195: 44431 | E195: 4781.312 | F195: 3073.715 | G195: 10 | H195: ==(F195-E195)*G195 | I195: ==(F195-E195)/E195 | J195: ==MAX(1,DATEDIF(C195,D195,"d")-1) | K195: ==I195*365/J195
